Workbook
Name ________________________________RMR1: #N/A
Name ________________________________RMR1: IF('Slab Culvert Drawing'!Values_Entered,[0]!Header_Row+'Slab Culvert Drawing'!Number_of_Payments,[0]!Header_Row)
Name ________________________________RMR1: #N/A
Name _______________________________RMR1: #N/A
Name _____________________________RMR1: #N/A
Name ___________________________RMR1: #N/A
Name _________________________RMR1: #N/A
Name ________________________IRC40: [1]MRATES!$M$12
Name ________________________IRC40: [2]MRATES!$M$12
Name ________________________IRC40: [1]MRATES!$M$12
Name ________________________RMR1: #N/A
Name _______________________IRC12: [1]MRATES!$M$9
Name _______________________IRC12: [2]MRATES!$M$9
Name _______________________IRC12: [1]MRATES!$M$9
Name _______________________IRC19: [1]MRATES!$M$10
Name _______________________IRC19: [2]MRATES!$M$10
Name _______________________IRC19: [1]MRATES!$M$10
Name _______________________IRC25: [1]MRATES!$M$11
Name _______________________IRC25: [2]MRATES!$M$11
Name _______________________IRC25: [1]MRATES!$M$11
Name _______________________IRC40: [3]MRATES!$M$12
Name _______________________IRC5: [1]MRATES!$M$7
Name _______________________IRC5: [2]MRATES!$M$7
Name _______________________IRC5: [1]MRATES!$M$7
Name _______________________IRC50: [1]MRATES!$M$13
Name _______________________IRC50: [2]MRATES!$M$13
Name _______________________IRC50: [1]MRATES!$M$13
Name _______________________IRC9: [1]MRATES!$M$8
Name _______________________IRC9: [2]MRATES!$M$8
Name _______________________IRC9: [1]MRATES!$M$8
Name _______________________RMR1: #N/A
Name _______________________SS10: [1]MRATES!$J$7
Name _______________________SS10: [2]MRATES!$J$7
Name _______________________SS10: [1]MRATES!$J$7
Name _______________________SS12: [1]MRATES!$J$8
Name _______________________SS12: [2]MRATES!$J$8
Name _______________________SS12: [1]MRATES!$J$8
Name _______________________SS20: [1]MRATES!$J$9
Name _______________________SS20: [2]MRATES!$J$9
Name _______________________SS20: [1]MRATES!$J$9
Name _______________________SS25: [1]MRATES!$J$10
Name _______________________SS25: [2]MRATES!$J$10
Name _______________________SS25: [1]MRATES!$J$10
Name _______________________SS40: [1]MRATES!$J$11
Name _______________________SS40: [2]MRATES!$J$11
Name _______________________SS40: [1]MRATES!$J$11
Name _______________________SS6: [1]MRATES!$J$6
Name _______________________SS6: [2]MRATES!$J$6
Name _______________________SS6: [1]MRATES!$J$6
Name ______________________IRC12: [3]MRATES!$M$9
Name ______________________IRC19: [3]MRATES!$M$10
Name ______________________IRC25: [3]MRATES!$M$11
Name ______________________IRC5: [3]MRATES!$M$7
Name ______________________IRC50: [3]MRATES!$M$13
Name ______________________IRC60: [1]MRATES!$M$14
Name ______________________IRC60: [2]MRATES!$M$14
Name ______________________IRC60: [1]MRATES!$M$14
Name ______________________IRC9: [3]MRATES!$M$8
Name ______________________RMR1: #N/A
Name ______________________SS10: [3]MRATES!$J$7

Sheet 0000000000000

Sheet 1000000000000

Sheet Cover
B18: ROADS & BUILDINGS DEPARTMENT
B20: Name of work : | D20: Construction of Helipad with Cement concrete for the visit of Hon'ble Chief Minister of Andhra pradesh Sri Nara Chandrababu Naidu Garu on the occasion of "Pattadar Pass Book- distribution" Programme at Siddantham village of Penugonda mandal (Achanta constituency)in West Godavari District on 8.6.2026.
C28: Estimate Amount : | G28: =Abstract!G18/100000 -> 7.8 | I28: Lakhs
B32: Assembly Constituency : Achanta
B34: Parliament Constituency : Narsapuram
B38: (R&B) Section : Penugonda
B40: (R&B) Sub-Division : Tanuku
B42: (R&B) Division : Bhimavaram
B44: (R&B) Circle : Eluru
B46: WEST GODAVARI DISTRICT

Sheet Specification
B1: Specification Report to accompany the estimate “Construction of Helipad with Cement concrete for the visit of Hon'ble Chief Minister of Andhra pradesh Sri Nara Chandrababu Naidu Garu on the occasion of "Pattadar Pass Book- distribution" Programme at Siddantham village of Penugonda mandal (Achanta constituency)in West Godavari District on 8.6.2026.”
E2: Estimate Amount :- | H2: =Abstract!G18/100000 -> 7.8 | I2: Lakhs
B3: Authority :-
B4: Instructions of the Higher Authorities in view of visit of Hon'ble Chief minister of Andhra Pradesh Sri Nara Chandrababu Naidu at Siddantham of Penugonda Mandal in West Godavari District on Dt 8.6.2026 on Pass Book Distribution programme . The Collector &Disrtict Magistrate,W.G.Dt was instructed vide proceedings e- File No. 1976814/Cord/Proto/2025 Dt.3.06.2026of the Collector & DistructMgistrate,West GodavariDistrict, Bhimavaram. For arrangements of construction of Helipad for Landing Helicopter at Siddantham village of Penugonda Mandal of Achanta Assembly constituency. | K4: The Siddantham - Juttiga road (SH215) is an important State Highway in the West Godavari District. This road connects NH216A with State Highways Martair - Prakkilanka road (SH022) and Kanuru - Lankalakoderu Road (SH228). This road connects number of villeages like Penugonda, Kakileru, Kanteru, Karthavapadu, Podalada and Juttiga. The agricultural produces from the surrounding villages are transported to the nearest market places by this road. The road stretch in the village limits has an built up area along the road causes stagnation of rain water during every rainy season on the road causes damage to the road. Hence, it is essential to provide CC pavement in the village limits. This road was damaged with deep sunken portions and pot holes due to recent cyclonic rains. The public was facing much inconcenience while plying on this road due to damaged condition of the road. The traffic intensity on this road is very high. This road was last renewed during the year 2011-12.
B5: Necessity:-
B6: Accordingly the Estimate is prepared as per the instructions of the Higher Authorities for construction of Helipad arrangements on private layout at Siddantham with CC Helipad as per instructions of the higher Authorities for security of the landing of chapper..
B7: Hence an estimate is prepared with the following Provisions.
C8: Provisions:-
B9: 1 | C9: Scarifying the existing B.T surface to a depth of 50 mm by Mechanical means and disposal of scarified material with all leads and lifts upto 1000 Mtrs as per MoRT&H (5th Revision) Specn. No.305.4.3
B10: 2 | C10: Providing, Laying, Spreading and compacting graded HBG crushed stone aggregate to Wet Mix macadem specification (5th Revision) as per Table 400-13, including cost of all materials and including premixing the material with water at OMC in Mechanical mix plant carriage of mixed material by tipper to site, laying in uniform layers with paver in base courses on well prepared surface and compacting with Vibratory roller to acheive the desired density etc., as directed by the Engineer-in-Charge and as per MoRT&H specification 406 (5th revision) for finished item of work.
B11: 3 | C11: Providing and applying prime coat with bitumen emulsion (SS1) Bulk using emulsion pressure distributor on prepared surface of granular base including clearing of road surface and spraying emulsion at the rate of 0.70 kg/sqm using emulsion pressure distributor for finished item of work etc., complete as per MoRT&H Specification 502 (5th revision) and as directed by the Engineer-in-charge
B12: 4 | C12: Providing and applying tack coat with bitumen VG-10 (Bulk) using Bitumen pressure distributor at the rate of 0.25 kgs per sqm on the prepared Granular surface treated with primer cleaned with mechanical broom for finished item of work as per MoRT&H Specification 503 (5th revision) and as directed by the Engineer-in-Charge.
B13: 1 | C13: =Estimate!B53 -> Forming Subgrade with borrowed useful selected soils having MDD of not less than 1.75 gm/cc and CBR not less than 10%, from outside road boundary by mechanical means up to SDR with all leads and lifts including pre-watering of soil at borrow area, removal of top soil, excavation of soils at borrowed area, conveyance of soil, depositing the soil on the embankment, spreading soil, breaking clods, sectioning, grading and consolidation with 8 to 10 Tonnes Vibratory Road Roller @ OMC to meet requirement of table 300-2 of MoRT&H, including all hire and operational charges of T&P, complete for finished item of work as per MoRT&H (5th Revision) Specification Clause No. 305
B14: 2 | C14: =Estimate!B98 -> Construction of Granular sub-base by providing HBG material confirming to Grading - V of MoRT&H Table 400-1 including cost and conveyance of all materials to work site and spreading in uniform layers with motor grader or by approved means, on prepared surface mixing by mix in place method with Rotavator / approved means at OMC and compacting with vibratory roller to achieve the desired density etc., complete for finished item of work as per MoRT&H Specification 401 (5th revision) and as directed by the Engineer-in-charge.
B15: 1 | C15: =Estimate!B104 -> Vibrated reinforced cement concrete M 25 grade using 20mm & 10mm HBG crushed stone aggregate (Coarse aggregate conforming to table 1000-1 and fine aggregate conforming to table 1000-2) including cost, conveyance of all materials to site and labour charges, centering, machine mixing, laying, vibrating, curing etc., including all other incidental and operational charges of all T&P etc., complete for finished item of work as per Approved drawing but excluding cost of steel and its fabrication charges as per MoRT&H specification 1500, 1600, 1700 & 2704 (5th Revision) and as directed by the Engineer-in-Charge
B16: 2 | C16: =Estimate!B109 -> Painting with best approved white cement two coats including cost and conveyance of all materials and labour charges, cost of brushes etc., complete for finished item of work.
B17: 5 | C17: Forming embankment with borrowed useful earth from outside road boundary by mechanical means upto SDR with all leads and lifts including pre-watering of soil at borrow area, removal of top soil, excavation of soils at borrowed area, conveyance of soil, depositing the soil on the embankment, spreading soil, breaking clods, sectioning, grading and consolidation with 8 to 10 Tonnes Vibratory Road Roller @ OMC to meet requirement of table 300-2 of MoRT&H, including all hire and operational charges of T&P, complete for finished item of work as per MoRT&H specification 305 (5th revision) (Payment will be made based on level for finished item of work).
B18: 3 | C18: =Estimate!B117 -> Hire chargesd of front end loader for clearing Debris and levelling ground including oils and all other incidental charges etc as directed by the engineer -in -charge
B19: 11 | C19: Providing B.T. patch work for pot holes using 20mm HBG machine crushed metal with required quantity of 10 to 12mm size HBG key chips and 80/100 grade 72 kgs /1 cum of work for filling the pot holes including removal of loose material in the pot holes, trimming the edges to provideform vertical faces, cleaning the surface, applying tack coat with hot bitumen, filling the pot holes compacting with power road roller of 8 to 10 T and finishing including cost and conveyance of materials T&P charges and all labour charges for all operations etc., complete for finished item of work as directed by the Engineer-In-Charge.
B20: 4 | C20: =Estimate!B120 -> Hire charges of water tanker for wartering the helipad ground and alround Helipad including oils, and all other incidental charges etc complete as directed by the Engineer - in - Charge .
B21: 13 | C21: Forming embankment with Side earth by mechanical means upto SDR including pre-watering of soil, removal of top soil, excavation of soils, depositing the soils on the embankment, spreading soil, breaking clods, sectioning, grading and consolidation with 8 to 10 Tonnes Vibratory Road Roller @ OMC to meet requirement of table 300-2 of MoRT&H, including all hire and operational charges of T&P, complete for finished item of work as per MoRT&H specification 305 (5th revision) (Payment will be made based on level for finished item of work).
B22: 8 | C22: Earthwork excavation in soils upto SDR by mechanical means including trimming bottom and side slopes in accordance with requirements of lines, grades and cross sections etc., complete for finished item of work for trench cutting as per MoRT&H specification 301 (5th Revision) and as directed by the Engineer-in-Charge
B23: 5 | C23: =Estimate!B124 -> Hire charges of vibratory roller 8-10 Tonnes, conveyance of Machinery to work site and all other incidental charges etc complete as directed by the Engineer - in - Charge .
B24: 7 | C24: Providing Dry lean cement concrete Sub- base over a prepared sub-grade with coarse and fine aggregate conforming to IS: 383, the size of coarse aggregate not exceeding 25 mm, aggregate cement ratio not to exceed 15:1, aggregate gradation after blending to be as per table 600-1, cement content not to be less than 150 kg/ cum, optimum moisture content to be determined during trial length construction, concrete strength not to be less than 10 Mpa at 7 days, mixed in a concrete mixer 0.28/0.4 cum capacity with weigh batcher, laid with a paver / manual means, compacting with 8-10 tonnes vibratory roller, finishing and curing complete for finished item of work as per MoRT&H specification 601 (5th Revision) and as directed by the Engineer-in-Charge for base coarse below CC Pavement.
B25: 8 | C25: Construction of un-reinforced, dowel jointed, plain cement concrete pavement over a prepared sub base with 43 grade cement @ 400 kg per cum, coarse and fine aggregate conforming to IS 383, maximum size of coarse aggregate not exceeding 25 mm and confirming to clause 602.2.6.4 mixed in concrete mixer 0.28/0.4 cum capacity with weigh batcher as per approved mix design, laid with a fixed form paver / manual means, spread, compacted and finished in a continuous operation including provision of contraction, expansion, construction and longitudinal joints, joint filler, separation membrane, sealant primer, joint sealant, debonding strip, dowel bar, tie rod, admixtures as approved, curing compound, finishing to lines and grades as per drawing complete for finished item of work as per MoRT&H specification 602 (5th Revision) and as directed by the Engineer-in-Charge
B26: 9 | C26: Forming shoulders with borrowed useful seclected earth having MDD of not less than 1.75 gms/cc from outside road boundary by mechnical means with all leads and lifts including pre-watering of soil at borrow area, removal of top soil, excavation of soils at borrowed area, conveyance of soil, depositing the soils on the embankment, spreading soils, breaking clods, sectioning and consolidation with vibratory road roller @ OMC to meet requirement of table 300-2 of MORT&H including all hire and operational charges of T&P, complete for finished item of work as per MORT&H specification 305 (5th revision) (Payment will be made based on levels for finished item of work)
B27: 25 | C27: Vibrated reinforced cement concrete M 30 grade using 20mm & 10mm HBG crushed stone aggregate (Coarse aggregate conforming to table 1000-1 and fine aggregate conforming to table 1000-2) including cost, conveyance of all materials to site and labour charges, centering, machine mixing, laying, vibrating, curing etc., including all other incidental and operational charges of all T&P etc., complete for finished item of work as per drawing BD/1-69( A) but excluding cost of steel and its fabrication charges as per MoRT&H specification 1500, 1600, 1700 & 2702 (5th Revision) and as directed by the Engineer-in-Charge for wearing coat over Deck slab.
B28: 26 | C28: Slab Culvert Provisions:-
B29: 27 | C29: Dismantling of existing structures like culverts, bridges, retaining walls and other structures comprising of masonry, cement, concrete, wood work, steel work, including T&P and scaffolding wherever necessary sorting the dismantled material, disposal of unserviceable materials and stacking the materials with all lifts and lead of 1000 m ( By Mechanical means in Cement concrete grade M-15 & M-20) as per MoRTH specification 202, 2.4 II (A) (5th revision)
B30: 28 | C30: Earthwork excavation in soils upto SDR by mechanical means for foundations of structures as per drawing and technical specification including setting out, construction of shoring and bracing, removal of stumps and other deleterious matter, dressing sides of bottom, back filling the excavation earth to the extent required etc., complete for finished item of work, excluding seigniorage charges, as per MoRT&H specification 304 (5th Revision) and as directed by the Engineer-in-Charge
B31: 29 | C31: Sand filling in foundation including cost and conveyence of all materials to site and watering, tamping etc., complete for finshed item of work as per MoRT&H specification 304 (5th Revision) and as directed by the Engineer-in-Charge.
B32: 30 | C32: Providing Vibrated Cement Concrete (1:3:6) mix using 40mm size HBG crushed stone aggregate and fine aggregate conforming to table 1000-2 of MoRT&H including cost, conveyance of all materials to site and labour charges, centering, machine mixing, laying, Vibrating, curing etc., including all other incidental and operational charges of all T&P etc., complete for finished item of work as per MoRT&H specification 1500, 1700, 2100 (5th Revision) and as directed by the Engineer-in-Charge for Base Course
B33: 31 | C33: Vibrated reinforced cement concrete M 20 grade using 20mm & 10mm HBG crushed stone aggregate (Coarse aggregate conforming to table 1000-1 and fine aggregate conforming to table 1000-2) including cost, conveyance of all materials to site and labour charges, centering, machine mixing, laying, vibrating, curing etc., including other incidental hire and operational charges of all T&P as per approved drawings and as directed during execution but excluding cost of steel and its fabrication charges for finished item as per MoRT&H specification 1500, 1600, 1700 & 2100 (5th revision ) and as directed by the Engineer-in-Charge for for Raft Foundations
B34: 32 | C34: Vibrated cement concrete M 15 Grade Concrete using 40mm, 20mm and 10mm size HBG crushed stone aggregate (Coarse aggregate conforming to table 1000-1 and fine aggregate conforming to table 1000-2) including cost and conveyance of all materials to site and all labour charges for machine mixing, laying in position, Compacting, Vibrating and curing including all other incidental and all other operational charges of T&P required etc., complete as per MoRT&H Specification 1500, 1700, 2200 (5th Revision) for Sub structure.
B35: 33 | C35: Vibrated reinforced cement concrete M 20 grade using 20mm & 10mm HBG crushed stone aggregate (Coarse aggregate conforming to table 1000-1 and fine aggregate conforming to table 1000-2) including cost, conveyance of all materials to site and labour charges, centering, machine mixing, laying, vibrating, curing etc., including other incidental hire and operational charges of all T&P as per approved drawings and as directed during execution but excluding cost of steel and its fabrication charges for finished item as per MoRT&H specification 1500, 1600, 1700 & 2200 (5th revision) and as directed by the Engineer-in-Charge for Bed blocks & Backing walls
... B45: 43 | C45: Supplying and fixing of CI Drainage spouts complete as per MoRT&H specification No. 2705 (5th Revision) and as per drawing Sd/205
C46: Pipe Culverts Provisions:-
B47: 11 | C47: Earthwork excavation in soils upto SDR by mechanical means for foundations of structures as per drawing and technical specification including setting out, construction of shoring and bracing, removal of stumps and other deleterious matter, dressing sides of bottom, back filling the excavation earth to the extent required etc., complete for finished item of work, excluding seigniorage charges, as per MoRT&H specification 304 (5th Revision) and as directed by the Engineer-in-Charge
B48: 12 | C48: Sand filling in foundation including cost and conveyence of all materials to site and watering, tamping etc., complete for finshed item of work as per MoRT&H specification 304 (5th Revision) and as directed by the Engineer-in-Charge.
B49: 13 | C49: Vibrated cement concrete M 15 Grade Concrete using 40mm, 20mm and 10mm size HBG crushed stone aggregate (Coarse aggregate conforming to table 1000-1 and fine aggregate conforming to table 1000-2) including cost and conveyance of all materials to site and all labour charges for machine mixing, laying in position, Compacting, Vibrating and curing including all other incidental and all other operational charges of T&P required etc., complete as per MoRT&H Specification 1500, 1700, 2100 (5th Revision) for Foundations
B50: 14 | C50: Vibrated cement concrete M 15 Grade Concrete using 40mm, 20mm and 10mm size HBG crushed stone aggregate (Coarse aggregate conforming to table 1000-1 and fine aggregate conforming to table 1000-2) including cost and conveyance of all materials to site and all labour charges for machine mixing, laying in position, Compacting, Vibrating and curing including all other incidental and all other operational charges of T&P required etc., complete as per MoRT&H Specification 1500, 1700, 2200 (5th Revision) for Body Walls
B51: 15 | C51: Filling in between body walls with gravel including cost and conveyance of all materials to site etc., complete as per Clause 710.1.4 of IRC : 78 and as per MoRT&H Specification No. 2200 & 2907 (5th Revision) and as per Drawing and technical specifications for finished item of work.
B52: 16 | C52: Providing, laying Reinforced cement concrete Hume pipes of 450 mm Dia., NP-4 class for pipe culverts including cost and conveyance of Pipes etc., complete and Labour charges for laying, jointing of 450 mm dia. R.C.C Hume pipes in position including lifting, aligning, lowering and hoisting etc., as per drawing and as per MoRT&H Specification 2900, 2905 and 2906 (5th Revision) and IRC Special Publication No: 13 and as directed by the Engineer-in-Charge for finished item of work.
B53: 17 | C53: Providing, laying Reinforced cement concrete Hume pipes of 900 mm Dia., NP-4 class for pipe culverts including cost and conveyance of Pipes etc., complete and Labour charges for laying, jointing of 900 mm dia. R.C.C Hume pipes in position including lifting, aligning, lowering and hoisting etc., as per drawing and as per MoRT&H Specification 2900, 2905 and 2906 (5th Revision) and IRC Special Publication No: 13 and as directed by the Engineer-in-Charge for finished item of work.
C54: RSI Provisions:-
B55: 10 | C55: Supplying of hot applied thermoplastic road marking compound, 2.5mm thick including reflectorising glass beads @ 250gms with Reflectorising Glass Beads on Bituminous Surface at 250 gms per sqm area, thickness of 2.5mm is exclusive of surface applied glass bead as per IRC: 35, the material should be of BERGER Company/ BERGER Equivalent/ Equivalent brand and must comply with the following: a) White index for the product should be in the range of 60-70 when measured against standard reference. The applied panel 7/8 number must be submitted for checking up the white index in the department lab. In case the department approves the white index of any vendor, the department engineer may carryout random checking of the applied products at site against the approved panel. In case of any major deviation, beyond acceptance limit, department reserve the right to cancel or reject the total supplied consignment of the said material and will compell the vendor has to replace the full consignment by the desired material as per approved panel at his own cost and additional demurrages may be claimed due to loss of man days (as per the rules of the department). b) Luminance factor of the material should be in the range of 80-85% at 45 degree centigrade as per AASTHOM 249. c) Crack resistance: The applied panel cured for 7 days under ambient condition and then should be tested as per BS3262, Part-1, 1989 and should pass at the range of '0' degree centigrade to '-10' degree centigrade D) Adhesion : Strong E) Softening point: 102 degree centigrade F) Dried film finish : Smooth and uniform G) Night Vision: High as directed by the Engineer-in-Charge and confirming to IS: 164-1961 (1st revision reaffirmed in 1986) and clause conforming to IRC 35-1997
B56: 11 | C56: Supplying & Fixing of Molded Shanks Raised Pavement Markers made of polycarbonate and ABS moulded body and reflective panels with micro prismatic lens capable of providing total internal reflection of the light entering the lens face and shall support a load of 16000 kg tested in accordance to ASTM D 4280 Type H and complying to Specifications of Category A of MORTH Circular No RW/NH/33023/10-97 – DO III Dt 11.06. 1997. The height, width and length shall not exceed 50 mm, 100 mm and 100 mm and with minimum reflective area of 13 Sqcm on each side and the slope to the base shall be 35 +/- 5 degree. The strength of detachment of the integrated cylindrical shanks, (of diameter not less than 19 +/- 2 mm and height not less than 30+/- 2 mm) from the body is to be a minimum value of 700 Kgs. Fixing will be by drilling holes on the road for the twin shanks to go inside, without nails and using epoxy resin based adhesive as per manufacturer’s recommendation and complete as directed by the engineer.
B57: 12 | C57: Providing and fixing Cautionary / Warning sign boards size 900 mm equilateral triangle made out of Type - XI of ASTMD 4956-09 wide angle cube cornered micro Prismatic Retro reflective sheeting and confirming to IRC 67:2012 for full background of White colour and letters/logos done by screen printing in Black colour, boarders by screen printing in Red colour and fixed over 4MM Aluminium Composite Material sheet having minimum 0.5 mm thick Aluminium skin on both sides with back side painted grey colour and fixed over back support frame of M.S angle 25x25x3mm all round and fixing with 35x35x4mm and mounted on a MS angle post of size 75x75x6mm with clear height of not less than 2.1 m from the ground level to the bottom of the board. The signpost should be painted with one coat of red oxide paint and 2 coats of synthetic enamel paint Black and White colour with bands of 30cm of height. The signpost shall be firmly fixed with MS base angle 35x35x4 mm in to the ground by M-15 Concrete foundation of size 450x450x600mm including cost and conveyance of all materials ,equipment, machinery and labour with all leads and lift, loading chages necessary for satisfactory completion of the work as directed by Engineer -in-Charge.
B58: 13 | C58: Providing and fixing Village name board size 900x450 mm made out of Type - IV of ASTMD 4956-09 High Intensity Prismatic Prismatic Retro reflective sheeting and confirming to IRC 67:2012 for full background of Green Colour & White Letters and fixed over 3MM Alluminium Composite Material sheet having minimum 0.30 mm thick Aluminium skin on both sides with back side painted grey colour and fixed over back support frame of M.S angle 25x25x3mm all round and fixing with 35x35x4mm and mounted on a MS angle post of size 75x75x6mm with clear height of not less than 2.1 m from the ground level to the bottom of the board. The signpost should be painted with one coat of red oxide paint and 2 coats of synthetic enamel paint Black and White colour with bands of 30cm of height. The signpost shall be firmly fixed with MS base angle 35x35x4 mm in to the ground by M-15 Concrete foundation of size 450x450x600mm including cost and conveyance of all materials, equipment, machinery and labour with all leads and lift, loading charges necessary for satisfactory completion of the work as directed by Engineer -in-Charge.
B59: 14 | C59: Supply and installation of Hazard Markers/Delinators using M.S angle of size 55x55x6 mm and 120 cm high above ground level painted with two coats of black & white strips of 15cm wide with first quality synthetic enamel paint over one coat of appropriate primer of approved brand, colour, with 30cm x 90cm Type- XI of ASTMD 4956-09 wide angle cube concerned micro prismatic Retro Reflective sheeting of Yellow yellow colour and confirming to IRC 67:2012 fixed over 3mm aluminum composite material having minimum 0.30mm thick Aluminium skin on both sides with standard supports consisting of alternately black and yellow strips, in screen printing slopoing downward at an angle of 45 degrees towards the side of the obstruction on which the traffic is to pass and buried into the ground in a trench of size 30cm x 30cm and 50cm depth filled with CC M-20 including cost and conveyhance of all materials, equipment,machinery and labour with all leads and lifts, loading and unloading charges necessaryu for successful completion of the work on any road in division as directed by the Engineer-in-charge and conforming to IRC 67-2012 & MoRT&H specification No 805 and approved drawings etc., complete for finished item of work.
B60: 15 | C60: Providing & fixing junctin boards of size 1500 x 1200 mm made out of Type - XI of ASTMD 4956-09 wide angle cube cornered micro Prismatic Retro reflective sheeting and confirming to IRC 67:2012 for full background of Green Colour & White Letters and fixed over 4MM Alluminium Composite Material sheet having minimum 0.5 mm thick Aluminium skin on both sides with back side painted grey colour and fixed over back support frame of M.S angle 25x25x3mm all round and fixing with 35x35x4mm and mounted on a MS angle post of size 75x75x6mm with clear height of not less than 2.1 m from the ground level to the bottom of the board. The signpost should be painted with one coat of red oxide paint and 2 coats of synthetic enamel paint Black and White colour with bands of 30cm of height. The signpost shall be firmly fixed with MS base angle 35x35x4 mm in to the ground by M-15 Concrete foundation of size 450x450x600mm including cost and conveyance of all materials, equipment, machinery and labour with all leads and lift, loading charges necessary for satisfactory completion of the work as directed by Engineer -in-Charge.
B61: 6 | C61: Hire charges of Generator set 125 KVA to work site for night time lighting for all other incidental charges etc complete as directed by the Engineer - in - Charge .
C62: Ls Provisions
B63: 3 | C63: Provision for Seignorage Charges
B64: 17 | C64: Provision for Price Adjustment
B65: 4 | C65: Provision for Corpus fund of NAC @ 0.1%
B66: 5 | C66: Provision for GST @ 18%
B67: 20 | C67: Provision for Qulaity Control Charges
B68: 21 | C68: Provision for CD Works
B69: 22 | C69: Provision for Shifting of Electrical Poles
B70: 23 | C70: Provision for Avagahana Sadassu
B71: 6 | C71: Provision for Unforceen items & Rounding off
B73: The estimate is prepared based on approved SOR 2025-26. The work will be carried out as per standard specifications and relevent circulars issued from time to time.
D77: Assistant Engineer (R&B) | H77: Deputy Executive Engineer (R&B)
D78: (R&B) Section - Penugonda | H78: (R&B) Sub Division - Tanuku
D83: Executive Engineer (R&B)
D84: (R&B) Division - Bhimavaram

Sheet Abstract
B1: GENERAL ABSTRACT
B3: Name of Work :- | C3: =Cover!D20 -> Construction of Helipad with Cement concrete for the visit of Hon'ble Chief Minister of Andhra pradesh Sri Nara Chandrababu Naidu Garu on the occasion of "Pattadar Pass Book- distribution" Programme at Siddantham village of Penugonda mandal (Achanta constituency)in West Godavari District on 8.6.2026.
B5: S. No | C5: Description | G5: Amount in Rs.
B6: 1 | C6: Road wok | G6: =Estimate!L152 -> 637864 | I6: 7157621 | J6: =G6-I6 -> -6519757
C7: Sub Total ECV | G7: =SUM(G6:G6) -> 637864 | I7: 8043355 | J7: =G7-I7 -> -7405491
C8: Part - B:- Ls Provisions
B9: 3 | C9: Provision for Seignorage Charges | G9: =Seigniorage!C52 -> 17588
B10: 4 | C10: Provision for Price Adjustment | G10: 0 | H10: =G7*3% -> 19135.92
B11: 5 | C11: Provision for Corpus fund of NAC @ 0.1% | G11: =ROUND((G7+G9+G10)*0.1%,0) -> 655
B12: 6 | C12: Provision for GST @ 18% | G12: =ROUND((G7+G9+G10+G11)*18%,0) -> 118099
B13: 7 | C13: Provision for Qulaity Control Charges | G13: 0
B14: 8 | C14: Provision for CD Works | G14: 0
B15: 9 | C15: Provision for Shifting of Electrical Poles | G15: 0
B16: 10 | C16: Provision for Avagahana Sadassu | G16: 0
B17: 11 | C17: Unforceen items & Rounding off | G17: 5794
C18: Grand Total | G18: =SUM(G7:G17) -> 780000 | H18: =775000-G18 -> -5000
C23: Assistant Engineer (R&B) | F23: Deputy Executive Engineer (R&B)
C24: (R&B) Section - Penugonda | F24: (R&B) Sub Division - Tanuku
C29: Executive Engineer (R&B)
C30: (R&B) Division - Bhimavaram

Sheet Road Work Detailed
A1: DETAILED CUM ABSTRACT ESTIMATE
A3: Name of Work :- | C3: =Cover!D20 -> Construction of Helipad with Cement concrete for the visit of Hon'ble Chief Minister of Andhra pradesh Sri Nara Chandrababu Naidu Garu on the occasion of "Pattadar Pass Book- distribution" Programme at Siddantham village of Penugonda mandal (Achanta constituency)in West Godavari District on 8.6.2026.
A6: S. No | B6: Description of item | D6: No | G6: Length | H6: Breadth | I6: Depth | J6: Quantity | K6: Rate / Unit | L6: Amunt
A8: 1 | B8: 2 | D8: 3 | G8: 4 | H8: 5 | I8: 6 | J8: 7 | K8: 8 | L8: 9
A10: 1 | B10: Scarifying the existing B.T surface to a depth of 50 mm by Mechanical means and disposal of scarified material with all leads and lifts upto 1000 Mtrs as per MoRT&H (5th Revision) Specn. No.305.4.3
B12: Km | C12: 10.600 to 12.244 | D12: 1 | E12: x | G12: =12244-10600 -> 1644 | H12: 3.66 | J12: =D12*F12*G12*H12 -> 0
B13: KLK Road Junction Approach | D13: 1 | E13: x | G13: 126 | H13: 3.66 | J13: =D13*F13*G13*H13 -> 0 | N13: 1.77
G14: =SUM(G12:G13) -> 1770 | J14: =SUM(J12:J13) -> 0
N15: =12.244-10.6 -> 1.644 | O15: =N13-N15 -> 0.126
I16: Say | J16: =ROUNDUP(J14,0) -> 0 | K16: =' Road data'!J175 -> 10.3 | L16: =ROUND(J16*K16,0) -> 0
J17: Sqm | K17: / 1 Sqm
A19: 2 | B19: Providing, Laying, Spreading and compacting graded HBG crushed stone aggregate to Wet Mix macadem specification (5th Revision) as per Table 400-13, including cost of all materials and including premixing the material with water at OMC in Mechanical mix plant carriage of mixed material by tipper to site, laying in uniform layers with paver in base courses on well prepared surface and compacting with Vibratory roller to acheive the desired density etc., as directed by the Engineer-in-Charge and as per MoRT&H specification 406 (5th revision) for finished item of work. | N19: =12.244+0.126 -> 12.37 | O19: =N19+0.832 -> 13.202 | P19: =13.076-0.832 -> 12.244
B21: Km | C21: 10.600 to 12.244 | D21: 1 | E21: x | G21: =12244-10600 -> 1644 | H21: 3.96 | I21: 0.15 | J21: =D21*F21*G21*H21*I21 -> 0
B22: KLK Road Junction Approach | D22: 1 | E22: x | G22: 126 | H22: 3.96 | I22: 0.15 | J22: =D22*F22*G22*H22*I22 -> 0 | M22: =+H21+0.3 -> 4.26
G23: =SUM(G21:G22) -> 1770 | J23: =SUM(J21:J22) -> 0
I25: Say | J25: =ROUNDUP(J23,0) -> 0 | K25: =' Road data'!J207 -> 3063 | L25: =ROUND(J25*K25,0) -> 0
J26: Cum | K26: / 1 Cum | N26: 2 | O26: 20 | P26: =5.5-3.75 -> 1.75 | Q26: =N26*O26*P26 -> 70 | R26: =Q26*0.15 -> 10.5
A28: 3 | B28: Providing and applying prime coat with bitumen emulsion (SS1) Bulk using emulsion pressure distributor on prepared surface of granular base including clearing of road surface and spraying emulsion at the rate of 0.70 kg/sqm using emulsion pressure distributor for finished item of work etc., complete as per MoRT&H Specification 502 (5th revision) and as directed by the Engineer-in-charge
B30: Km | C30: 10.600 to 12.244 | D30: 1 | E30: x | G30: =12244-10600 -> 1644 | H30: 3.66 | J30: =D30*F30*G30*H30 -> 0
B31: KLK Road Junction Approach | D31: 1 | E31: x | G31: 126 | H31: 3.66 | J31: =D31*F31*G31*H31 -> 0
G32: =SUM(G30:G31) -> 1770 | J32: =SUM(J30:J31) -> 0
I34: Say | J34: =ROUNDUP(J32,0) -> 0 | K34: =' Road data'!J231 -> 65.6 | L34: =ROUND(J34*K34,0) -> 0
J35: Sqm | K35: / 1 Sqm
A37: 4 | B37: Providing and applying tack coat with bitumen VG-10 (Bulk) using Bitumen pressure distributor at the rate of 0.25 kgs per sqm on the prepared Granular surface treated with primer cleaned with mechanical broom for finished item of work as per MoRT&H Specification 503 (5th revision) and as directed by the Engineer-in-Charge.
B38: For BM Layer
B39: Km | C39: 10.600 to 12.244 | D39: 1 | E39: x | G39: =12244-10600 -> 1644 | H39: 3.66 | J39: =D39*F39*G39*H39 -> 0
B40: KLK Road Junction Approach | D40: 1 | E40: x | G40: 126 | H40: 3.66 | J40: =D40*F40*G40*H40 -> 0
B41: Service Roads
G42: =SUM(G39:G40) -> 1770 | J42: =SUM(J39:J41) -> 0
I44: Say | J44: =ROUNDUP(J42,0) -> 0 | K44: =' Road data'!J279 -> 23.9 | L44: =ROUND(J44*K44,0) -> 0
J45: Sqm | K45: / 1 Sqm
A46: 4 | B46: Forming shoulders with borrowed useful seclected earth having MDD of not less than 1.75 gms/cc from outside road boundary by mechnical means with all leads and lifts including pre-watering of soil at borrow area, removal of top soil, excavation of soils at borrowed area, conveyance of soil, depositing the soils on the embankment, spreading soils, breaking clods, sectioning and consolidation with vibratory road roller @ OMC to meet requirement of table 300-2 of MORT&H including all hire and operational charges of T&P, complete for finished item of work as per MORT&H specification 305 (5th revision)
B48: For helipad base | D48: 1 | E48: x | F48: 1 | G48: 26 | H48: 26 | I48: 0.35 | J48: =D48*F48*G48*H48*I48 -> 236.6
J49: =SUM(J48:J48) -> 236.6
I51: Say | J51: 0 | K51: =' Road data'!J1515 -> 921 | L51: =ROUND(J51*K51,0) -> 0
J52: Cum | K52: / 1 Cum
A54: 9 | B54: Forming embankment with borrowed useful earth from outside road boundary by mechanical means upto SDR with all leads and lifts including pre-watering of soil at borrow area, removal of top soil, excavation of soils at borrowed area, conveyance of soil, depositing the soil on the embankment, spreading soil, breaking clods, sectioning, grading and consolidation with 8 to 10 Tonnes Vibratory Road Roller @ OMC to meet requirement of table 300-2 of MoRT&H, including all hire and operational charges of T&P, complete for finished item of work as per MoRT&H specification 305 (5th revision) (Payment will be made based on level for finished item of work).
B56: For Helipad | D56: 1 | E56: x | F56: 1 | G56: 26 | H56: 26 | I56: 0.3 | J56: =D56*F56*G56*H56*I56 -> 202.8
J57: =SUM(J56:J56) -> 202.8 | N57: 3.200 to 5.000 | O57: 2 | P57: x | Q57: 1 | R57: 830 | S57: 1/2*(1.5*3)
I58: Say | J58: =ROUND(J57,0) -> 203 | K58: =' Road data'!J49 -> 322 | L58: =ROUND(J58*K58,0) -> 65366
J59: Cum | K59: / 1 Cum
A61: 5 | B61: Providing B.T patch work using 1.20 cum of 40 mm IRC size HBG metal to get compacted quantity of 1 cum precoated with bitumen (VG-10) 80/100 grade using total quantity of 42 kgs including tack coat, cost and conveyance of all materials and labour charges for cleaning the existing surface, appliying tack coat with hot bitumen, spreading 40 to 45 mm HBG metal, sectioning and rolling with power roller 8 to 10 tones and spreading 9.50 to 11.20mm HBG machine crushed chips at the rate of 0.13cum per 1 Cum of metal as key stone and consolidation with 8 -10 T Power road roller spreading tack coat with hot bitumen and hire charges of T&P etc., compleate for finished work as per standared specification APSS No 1510.
B63: Pot holes, Sunken portions, Broken edges | J63: 68
J64: =SUM(J63:J63) -> 68
I66: Say | J66: =ROUND(J64,0) -> 68 | K66: =' Road data'!J1814 -> 7634 | L66: =ROUND(J66*K66,0) -> 519112
J67: Cum | K67: / 1 Cum
A69: 11 | B69: Providing B.T. patch work for pot holes using 20mm HBG machine crushed metal with required quantity of 10 to 12mm size HBG key chips and 80/100 grade 72 kgs /1 cum of work for filling the pot holes including removal of loose material in the pot holes, trimming the edges to provideform vertical faces, cleaning the surface, applying tack coat with hot bitumen, filling the pot holes compacting with power road roller of 8 to 10 T and finishing including cost and conveyance of materials T&P charges and all labour charges for all operations etc., complete for finished item of work as directed by the Engineer-In-Charge.
B71: Pot holes of thickness less than 40mm
J72: =SUM(J71:J71) -> 0
I74: Say | J74: =ROUND(J72,0) -> 0 | K74: =' Road data'!J1832 -> 10484 | L74: =ROUND(J74*K74,0) -> 0
J75: Cum | K75: / 1 Cum
B77: CC Road :-
A78: 6 | B78: Scarifying the existing B.T surface to a depth of 50 mm by Mechanical means and disposal of scarified material with all leads and lifts upto 1000 Mtrs as per MoRT&H (5th Revision) Specn. No.305.4.3
B80: Km | C80: 1.630 to 2.200 | D80: 1 | E80: x | F80: 1 | G80: =2200-1630 -> 570 | H80: 7 | J80: =D80*F80*G80*H80 -> 3990
B81: Km | C81: 2.915 to 3.100 | D81: 1 | E81: x | F81: 1 | G81: =3100-2915 -> 185 | H81: 7 | J81: =D81*F81*G81*H81 -> 1295 | M81: =2200-1630 -> 570
B82: Km | C82: 4.210 to 4.400 | D82: 1 | E82: x | F82: 1 | G82: =4400-4210 -> 190 | H82: 7 | J82: =D82*F82*G82*H82 -> 1330 | M82: =3100-2915 -> 185
B83: Km | C83: 5.100 to 5.170 | D83: 1 | E83: x | F83: 1 | G83: =5170-5100 -> 70 | H83: 7 | J83: =D83*F83*G83*H83 -> 490
B84: Km | C84: 6.000 to 7.140 | D84: 1 | E84: x | F84: 1 | G84: 1140 | H84: 7 | J84: =D84*F84*G84*H84 -> 7980
G85: =SUM(G80:G84) -> 2155 | J85: =SUM(J80:J84) -> 15085
I87: Say | J87: 0 | K87: =' Road data'!J175 -> 10.3 | L87: =ROUND(J87*K87,0) -> 0
J88: Sqm | K88: / 1 Sqm
A90: 7 | B90: Earthwork excavation in soils upto SDR by mechanical means including trimming bottom and side slopes in accordance with requirements of lines, grades and cross sections etc., complete for finished item of work for trench cutting as per MoRT&H specification 301 (5th Revision) and as directed by the Engineer-in-Charge
M91: =0.875*2+3.75 -> 5.5
B92: Km | C92: 17.300 to 17.800 | D92: 2 | E92: x | G92: 500 | H92: 0.875 | I92: 0.1 | J92: =D92*F92*G92*H92*I92 -> 0 | N92: =5.5-3.66 -> 1.84
G93: =SUM(G92:G92) -> 500 | J93: =SUM(J92:J92) -> 0 | M93: =5.5-3.75 -> 1.75 | N93: =+N92/2 -> 0.92
M94: =M93/2 -> 0.875
I95: Say | J95: =ROUND(J93,0) -> 0 | K95: =' Road data'!J79 -> 0 | L95: =ROUND(J95*K95,0) -> 0
J96: Cum | K96: / 1 Cum
A98: 7 | B98: Construction of Granular sub-base by providing HBG material confirming to Grading - V of MoRT&H Table 400-1 including cost and conveyance of all materials to work site and spreading in uniform layers with motor grader or by approved means, on prepared surface mixing by mix in place method with Rotavator / approved means at OMC and compacting with vibratory roller to achieve the desired density etc., complete for finished item of work as per MoRT&H Specification 401 (5th revision) and as directed by the Engineer-in-charge.
B99: For Helipad | D99: 1 | E99: x | F99: 1 | G99: 26 | H99: 26 | I99: 0.15 | J99: =D99*F99*G99*H99*I99 -> 101.4
J100: =SUM(J99:J99) -> 101.4
I101: Say | J101: =ROUND(J100,0) -> 101 | K101: =' Road data'!J155 -> 2818 | L101: =ROUND(J101*K101,0) -> 284618
J102: Cum | K102: / 1 Cum
A104: 8 | B104: Vibrated reinforced cement concrete M 25 grade using 20mm & 10mm HBG crushed stone aggregate (Coarse aggregate conforming to table 1000-1 and fine aggregate conforming to table 1000-2) including cost, conveyance of all materials to site and labour charges, centering, machine mixing, laying, vibrating, curing etc., including all other incidental and operational charges of all T&P etc., complete for finished item of work as per Approved drawing but excluding cost of steel and its fabrication charges as per MoRT&H specification 1500, 1600, 1700 & 2704 (5th Revision) and as directed by the Engineer-in-Charge
B106: For Helipad | D106: 1 | E106: x | F106: 1 | G106: 26 | H106: 26 | I106: 0.15 | J106: =D106*F106*G106*H106*I106 -> 101.4
G107: =SUM(G106:G106) -> 26 | J107: =SUM(J106:J106) -> 101.4
I109: Say | J109: =ROUND(J107,0) -> 101 | K109: =' Road data'!J1078 -> 6737 | L109: =ROUND(J109*K109,0) -> 680437
J110: Cum | K110: / 1 Cum
A112: 9 | B112: Construction of un-reinforced, dowel jointed, plain cement concrete pavement over a prepared sub base with 43 grade cement @ 400 kg per cum, coarse and fine aggregate conforming to IS 383, maximum size of coarse aggregate not exceeding 25 mm and confirming to clause 602.2.6.4 mixed in concrete mixer 0.28/0.4 cum capacity with weigh batcher as per approved mix design, laid with a fixed form paver / manual means, spread, compacted and finished in a continuous operation including provision of contraction, expansion, construction and longitudinal joints, joint filler, separation membrane, sealant primer, joint sealant, debonding strip, dowel bar, tie rod, admixtures as approved, curing compound, finishing to lines and grades as per drawing complete for finished item of work as per MoRT&H specification 602 (5th Revision) and as directed by the Engineer-in-Charge
B114: Km | C114: 1.630 to 2.200 | D114: 1 | E114: x | F114: 1 | G114: =2200-1630 -> 570 | H114: 7 | I114: 0.25 | J114: =D114*F114*G114*H114*I114 -> 997.5 | U114: 5.5 | V114: 0.2 | W114: =Q114*S114*T114*U114*V114 -> 0
B115: Km | C115: 2.915 to 3.100 | D115: 1 | E115: x | F115: 1 | G115: =3100-2915 -> 185 | H115: 7 | I115: 0.25 | J115: =D115*F115*G115*H115*I115 -> 323.75
B116: Km | C116: 4.210 to 4.400 | D116: 1 | E116: x | F116: 1 | G116: =4400-4210 -> 190 | H116: 7 | I116: 0.25 | J116: =D116*F116*G116*H116*I116 -> 332.5
B117: Km | C117: 5.100 to 5.170 | D117: 1 | E117: x | F117: 1 | G117: =5170-5100 -> 70 | H117: 7 | I117: 0.25 | J117: =D117*F117*G117*H117*I117 -> 122.5
B118: Km | C118: 6.000 to 7.140 | D118: 1 | E118: x | F118: 1 | G118: 1140 | H118: 7 | I118: 0.25 | J118: =D118*F118*G118*H118*I118 -> 1995
B119: Service Roads | J119: 60
G120: =SUM(G114:G118) -> 2155 | J120: =SUM(J114:J119) -> 3831.25
I122: Say | J122: =ROUND(J120,0) -> 3831 | K122: =' Road data'!J593 -> 7263 | L122: =ROUND(J122*K122,0) -> 27824553
J123: Cum | K123: / 1 Cum
A125: 10 | B125: Forming shoulders with borrowed useful seclected earth having MDD of not less than 1.75 gms/cc from outside road boundary by mechnical means with all leads and lifts including pre-watering of soil at borrow area, removal of top soil, excavation of soils at borrowed area, conveyance of soil, depositing the soils on the embankment, spreading soils, breaking clods, sectioning and consolidation with vibratory road roller @ OMC to meet requirement of table 300-2 of MORT&H including all hire and operational charges of T&P, complete for finished item of work as per MORT&H specification 305 (5th revision) (Payment will be made based on levels for finished item of work)
B127: Km | C127: 1.630 to 2.200 | D127: 2 | E127: x | F127: 1 | G127: =2200-1630 -> 570 | H127: 1 | I127: 0.3 | J127: =D127*F127*G127*H127*I127 -> 342
B128: Km | C128: 2.915 to 3.100 | D128: 2 | E128: x | F128: 1 | G128: =3100-2915 -> 185 | H128: 1 | I128: 0.3 | J128: =D128*F128*G128*H128*I128 -> 111
B129: Km | C129: 4.210 to 4.400 | D129: 2 | E129: x | F129: 1 | G129: =4400-4210 -> 190 | H129: 1 | I129: 0.3 | J129: =D129*F129*G129*H129*I129 -> 114
B130: Km | C130: 5.100 to 5.170 | D130: 2 | E130: x | F130: 1 | G130: =5170-5100 -> 70 | H130: 1 | I130: 0.3 | J130: =D130*F130*G130*H130*I130 -> 42
B131: Km | C131: 6.000 to 7.140 | D131: 2 | E131: x | F131: 1 | G131: =7140-6000 -> 1140 | H131: 1 | I131: 0.3 | J131: =D131*F131*G131*H131*I131 -> 684
G132: =SUM(G127:G131) -> 2155 | J132: =SUM(J127:J131) -> 1293
I134: Say | J134: =ROUND(J132,0) -> 1293 | K134: =' Road data'!J1515 -> 921 | L134: =ROUND(J134*K134,0) -> 1190853
J135: Cum | K135: / 1 Cum
A137: 17 | B137: Vibrated reinforced cement concrete M 30 grade using 20mm & 10mm HBG crushed stone aggregate (Coarse aggregate conforming to table 1000-1 and fine aggregate conforming to table 1000-2) including cost, conveyance of all materials to site and labour charges, centering, machine mixing, laying, vibrating, curing etc., including all other incidental and operational charges of all T&P etc., complete for finished item of work as per drawing BD/1-69( A) but excluding cost of steel and its fabrication charges as per MoRT&H specification 1500, 1600, 1700 & 2702 (5th Revision) and as directed by the Engineer-in-Charge for wearing coat over Deck slab.
B139: Wearing Coat over Bridge in Km 7/5 | E139: x | F139: 1 | G139: 32.5 | H139: 4.25 | I139: 0.075 | J139: =D139*F139*G139*H139*I139 -> 0
G140: =SUM(G139:G139) -> 32.5 | J140: =SUM(J139:J139) -> 0
...

Sheet Estimate
A1: DETAILED CUM ABSTRACT ESTIMATE
A3: Name of Work :- | C3: =Cover!D20 -> Construction of Helipad with Cement concrete for the visit of Hon'ble Chief Minister of Andhra pradesh Sri Nara Chandrababu Naidu Garu on the occasion of "Pattadar Pass Book- distribution" Programme at Siddantham village of Penugonda mandal (Achanta constituency)in West Godavari District on 8.6.2026.
P4: A) Preparation of Helipad Base
A5: S. No | B5: Description of item | D5: No | G5: Length | H5: Breadth | I5: Depth | J5: Quantity | K5: Rate / Unit | L5: Amunt | P5: B) Construction of Helipad with CC and leveling the ground
P6: C) Providing barricading for the visit of Hon'ble Chief Minister of Andhra pradesh on 8.6.2026 to participate for the occasion of PattadarPass Book
A7: 1 | B7: 2 | D7: 3 | G7: 4 | H7: 5 | I7: 6 | J7: 7 | K7: 8 | L7: 9
A9: 1 | B9: Scarifying the existing B.T surface to a depth of 50 mm by Mechanical means and disposal of scarified material with all leads and lifts upto 1000 Mtrs as per MoRT&H (5th Revision) Specn. No.305.4.3
B11: Km | C11: 10.600 to 12.244 | D11: 1 | E11: x | G11: =12244-10600 -> 1644 | H11: 3.66 | J11: =D11*F11*G11*H11 -> 0
B12: KLK Road Junction Approach | D12: 1 | E12: x | G12: 126 | H12: 3.66 | J12: =D12*F12*G12*H12 -> 0
G13: =SUM(G11:G12) -> 1770 | J13: =SUM(J11:J12) -> 0
I15: Say | J15: =ROUNDUP(J13,0) -> 0 | K15: =' Road data'!J175 -> 10.3 | L15: =ROUND(J15*K15,0) -> 0
J16: Sqm | K16: / 1 Sqm
A18: 2 | B18: Providing, Laying, Spreading and compacting graded HBG crushed stone aggregate to Wet Mix macadem specification (5th Revision) as per Table 400-13, including cost of all materials and including premixing the material with water at OMC in Mechanical mix plant carriage of mixed material by tipper to site, laying in uniform layers with paver in base courses on well prepared surface and compacting with Vibratory roller to acheive the desired density etc., as directed by the Engineer-in-Charge and as per MoRT&H specification 406 (5th revision) for finished item of work.
B20: Km | C20: 10.600 to 12.244 | D20: 1 | E20: x | G20: =12244-10600 -> 1644 | H20: 3.96 | I20: 0.15 | J20: =D20*F20*G20*H20*I20 -> 0
B21: KLK Road Junction Approach | D21: 1 | E21: x | G21: 126 | H21: 3.96 | I21: 0.15 | J21: =D21*F21*G21*H21*I21 -> 0 | M21: =+H20+0.3 -> 4.26
G22: =SUM(G20:G21) -> 1770 | J22: =SUM(J20:J21) -> 0
I24: Say | J24: =ROUNDUP(J22,0) -> 0 | K24: =' Road data'!J207 -> 3063 | L24: =ROUND(J24*K24,0) -> 0
J25: Cum | K25: / 1 Cum
A27: 3 | B27: Providing and applying prime coat with bitumen emulsion (SS1) Bulk using emulsion pressure distributor on prepared surface of granular base including clearing of road surface and spraying emulsion at the rate of 0.70 kg/sqm using emulsion pressure distributor for finished item of work etc., complete as per MoRT&H Specification 502 (5th revision) and as directed by the Engineer-in-charge
B29: Km | C29: 10.600 to 12.244 | D29: 1 | E29: x | G29: =12244-10600 -> 1644 | H29: 3.66 | J29: =D29*F29*G29*H29 -> 0
B30: KLK Road Junction Approach | D30: 1 | E30: x | G30: 126 | H30: 3.66 | J30: =D30*F30*G30*H30 -> 0
G31: =SUM(G29:G30) -> 1770 | J31: =SUM(J29:J30) -> 0
I33: Say | J33: =ROUNDUP(J31,0) -> 0 | K33: =' Road data'!J231 -> 65.6 | L33: =ROUND(J33*K33,0) -> 0
J34: Sqm | K34: / 1 Sqm
A36: 4 | B36: Providing and applying tack coat with bitumen VG-10 (Bulk) using Bitumen pressure distributor at the rate of 0.25 kgs per sqm on the prepared Granular surface treated with primer cleaned with mechanical broom for finished item of work as per MoRT&H Specification 503 (5th revision) and as directed by the Engineer-in-Charge.
B37: For BM Layer
B38: Km | C38: 10.600 to 12.244 | D38: 1 | E38: x | G38: =12244-10600 -> 1644 | H38: 3.66 | J38: =D38*F38*G38*H38 -> 0
B39: KLK Road Junction Approach | D39: 1 | E39: x | G39: 126 | H39: 3.66 | J39: =D39*F39*G39*H39 -> 0
B40: Service Roads
G41: =SUM(G38:G39) -> 1770 | J41: =SUM(J38:J40) -> 0
I43: Say | J43: =ROUNDUP(J41,0) -> 0 | K43: =' Road data'!J279 -> 23.9 | L43: =ROUND(J43*K43,0) -> 0
J44: Sqm | K44: / 1 Sqm
A45: 4 | B45: Forming shoulders with borrowed useful seclected earth having MDD of not less than 1.75 gms/cc from outside road boundary by mechnical means with all leads and lifts including pre-watering of soil at borrow area, removal of top soil, excavation of soils at borrowed area, conveyance of soil, depositing the soils on the embankment, spreading soils, breaking clods, sectioning and consolidation with vibratory road roller @ OMC to meet requirement of table 300-2 of MORT&H including all hire and operational charges of T&P, complete for finished item of work as per MORT&H specification 305 (5th revision)
B47: For helipad base | D47: 1 | E47: x | F47: 1 | G47: 26 | H47: 26 | I47: 0.35 | J47: =D47*F47*G47*H47*I47 -> 236.6
J48: =SUM(J47:J47) -> 236.6
I50: Say | J50: 0 | K50: =' Road data'!J1515 -> 921 | L50: =ROUND(J50*K50,0) -> 0
J51: Cum | K51: / 1 Cum
A53: 1 | B53: Forming Subgrade with borrowed useful selected soils having MDD of not less than 1.75 gm/cc and CBR not less than 10%, from outside road boundary by mechanical means up to SDR with all leads and lifts including pre-watering of soil at borrow area, removal of top soil, excavation of soils at borrowed area, conveyance of soil, depositing the soil on the embankment, spreading soil, breaking clods, sectioning, grading and consolidation with 8 to 10 Tonnes Vibratory Road Roller @ OMC to meet requirement of table 300-2 of MoRT&H, including all hire and operational charges of T&P, complete for finished item of work as per MoRT&H (5th Revision) Specification Clause No. 305
B54: For Helipad | D54: 1 | E54: x | F54: 1 | G54: 26 | H54: 26 | I54: 0.3 | J54: =D54*F54*G54*H54*I54 -> 202.8
C55: approach road | D55: 1 | F55: 1 | G55: 18 | H55: 7 | I55: 0.15 | J55: =D55*F55*G55*H55*I55 -> 18.9
J57: =SUM(J54:J55) -> 221.7
I58: Say | J58: 0 | K58: =' Road data'!J75 -> 984 | L58: =ROUND(J58*K58,0) -> 0 | N58: =L58 -> 0
J59: Cum | K59: / 1 Cum | N59: =L102 -> 0
N60: =SUM(N58:N59) -> 0
A61: 5 | B61: Providing B.T patch work using 1.20 cum of 40 mm IRC size HBG metal to get compacted quantity of 1 cum precoated with bitumen (VG-10) 80/100 grade using total quantity of 42 kgs including tack coat, cost and conveyance of all materials and labour charges for cleaning the existing surface, appliying tack coat with hot bitumen, spreading 40 to 45 mm HBG metal, sectioning and rolling with power roller 8 to 10 tones and spreading 9.50 to 11.20mm HBG machine crushed chips at the rate of 0.13cum per 1 Cum of metal as key stone and consolidation with 8 -10 T Power road roller spreading tack coat with hot bitumen and hire charges of T&P etc., compleate for finished work as per standared specification APSS No 1510.
B63: Pot holes, Sunken portions, Broken edges | J63: 68
J64: =SUM(J63:J63) -> 68
I66: Say | J66: 0 | K66: =' Road data'!J1814 -> 7634 | L66: =ROUND(J66*K66,0) -> 0
J67: Cum | K67: / 1 Cum
A69: 11 | B69: Providing B.T. patch work for pot holes using 20mm HBG machine crushed metal with required quantity of 10 to 12mm size HBG key chips and 80/100 grade 72 kgs /1 cum of work for filling the pot holes including removal of loose material in the pot holes, trimming the edges to provideform vertical faces, cleaning the surface, applying tack coat with hot bitumen, filling the pot holes compacting with power road roller of 8 to 10 T and finishing including cost and conveyance of materials T&P charges and all labour charges for all operations etc., complete for finished item of work as directed by the Engineer-In-Charge.
B71: Pot holes of thickness less than 40mm
J72: =SUM(J71:J71) -> 0
I74: Say | J74: =ROUND(J72,0) -> 0 | K74: =' Road data'!J1832 -> 10484 | L74: =ROUND(J74*K74,0) -> 0
J75: Cum | K75: / 1 Cum
B77: CC Road :-
A78: 6 | B78: Scarifying the existing B.T surface to a depth of 50 mm by Mechanical means and disposal of scarified material with all leads and lifts upto 1000 Mtrs as per MoRT&H (5th Revision) Specn. No.305.4.3
B80: Km | C80: 1.630 to 2.200 | D80: 1 | E80: x | F80: 1 | G80: =2200-1630 -> 570 | H80: 7 | J80: =D80*F80*G80*H80 -> 3990
B81: Km | C81: 2.915 to 3.100 | D81: 1 | E81: x | F81: 1 | G81: =3100-2915 -> 185 | H81: 7 | J81: =D81*F81*G81*H81 -> 1295 | M81: =2200-1630 -> 570
B82: Km | C82: 4.210 to 4.400 | D82: 1 | E82: x | F82: 1 | G82: =4400-4210 -> 190 | H82: 7 | J82: =D82*F82*G82*H82 -> 1330 | M82: =3100-2915 -> 185
B83: Km | C83: 5.100 to 5.170 | D83: 1 | E83: x | F83: 1 | G83: =5170-5100 -> 70 | H83: 7 | J83: =D83*F83*G83*H83 -> 490
B84: Km | C84: 6.000 to 7.140 | D84: 1 | E84: x | F84: 1 | G84: 1140 | H84: 7 | J84: =D84*F84*G84*H84 -> 7980
G85: =SUM(G80:G84) -> 2155 | J85: =SUM(J80:J84) -> 15085
I87: Say | J87: 0 | K87: =' Road data'!J175 -> 10.3 | L87: =ROUND(J87*K87,0) -> 0
J88: Sqm | K88: / 1 Sqm
A90: 7 | B90: Earthwork excavation in soils upto SDR by mechanical means including trimming bottom and side slopes in accordance with requirements of lines, grades and cross sections etc., complete for finished item of work for trench cutting as per MoRT&H specification 301 (5th Revision) and as directed by the Engineer-in-Charge
M91: =0.875*2+3.75 -> 5.5
B92: Km | C92: 17.300 to 17.800 | D92: 2 | E92: x | G92: 500 | H92: 0.875 | I92: 0.1 | J92: =D92*F92*G92*H92*I92 -> 0
G93: =SUM(G92:G92) -> 500 | J93: =SUM(J92:J92) -> 0 | M93: =5.5-3.75 -> 1.75
M94: =M93/2 -> 0.875
I95: Say | J95: =ROUND(J93,0) -> 0 | K95: =' Road data'!J79 -> 0 | L95: =ROUND(J95*K95,0) -> 0
J96: Cum | K96: / 1 Cum
A98: 2 | B98: Construction of Granular sub-base by providing HBG material confirming to Grading - V of MoRT&H Table 400-1 including cost and conveyance of all materials to work site and spreading in uniform layers with motor grader or by approved means, on prepared surface mixing by mix in place method with Rotavator / approved means at OMC and compacting with vibratory roller to achieve the desired density etc., complete for finished item of work as per MoRT&H Specification 401 (5th revision) and as directed by the Engineer-in-charge. | N98: =N60*20% -> 0
B99: For Helipad | D99: 1 | E99: x | F99: 1 | G99: 26 | H99: 26 | I99: 0.15 | J99: =D99*F99*G99*H99*I99 -> 101.4 | N99: =SUM(N60:N98) -> 0
C100: approach road | D100: 1 | F100: 1 | G100: 18 | H100: 7 | I100: 0.15 | J100: =D100*F100*G100*H100*I100 -> 18.9
J101: =SUM(J99:J100) -> 120.3
I102: Say | J102: 0 | K102: =' Road data'!J155 -> 2818 | L102: =ROUND(J102*K102,0) -> 0
J103: Cum | K103: / 1 Cum
A104: 1 | B104: Vibrated reinforced cement concrete M 25 grade using 20mm & 10mm HBG crushed stone aggregate (Coarse aggregate conforming to table 1000-1 and fine aggregate conforming to table 1000-2) including cost, conveyance of all materials to site and labour charges, centering, machine mixing, laying, vibrating, curing etc., including all other incidental and operational charges of all T&P etc., complete for finished item of work as per Approved drawing but excluding cost of steel and its fabrication charges as per MoRT&H specification 1500, 1600, 1700 & 2704 (5th Revision) and as directed by the Engineer-in-Charge
B105: For Helipad | D105: 1 | E105: x | F105: 1 | G105: 25 | H105: 25 | I105: 0.15 | J105: =D105*F105*G105*H105*I105 -> 93.75
G106: =SUM(G105:G105) -> 25 | J106: =SUM(J105:J105) -> 93.75
I107: Say | J107: =ROUND(J106,0) -> 94 | K107: =' Road data'!J1078 -> 6737 | L107: =ROUND(J107*K107,0) -> 633278 | N107: =L107 -> 633278
J108: Cum | K108: / 1 Cum | N108: 407476
A109: 2 | B109: Painting with best approved white cement two coats including cost and conveyance of all materials and labour charges, cost of brushes etc., complete for finished item of work. | N109: =#REF!*50% -> #REF!
C110: for ' H ' Mark | D110: 2 | E110: x | F110: 1 | G110: 3 | H110: 0.4 | J110: =H110*G110*F110*D110 -> 2.4 | V110: 0.2 | W110: =Q110*S110*T110*U110*V110 -> 0
D111: 1 | E111: x | F111: 1 | G111: 1 | H111: 0.4 | J111: =H111*G111*F111*D111 -> 0.4
C112: For 10M Square | D112: 4 | E112: x | F112: 1 | G112: 10 | H112: 0.3 | J112: =H112*G112*F112*D112 -> 12
C113: For 25M Square | D113: 4 | E113: x | F113: 1 | G113: 25 | H113: 0.3 | J113: =H113*G113*F113*D113 -> 30
G114: =SUM(G110:G113) -> 39 | J114: =SUM(J110:J113) -> 44.8
I115: Say | J115: =ROUND(J114,0) -> 45 | K115: =' Road data'!J1456 -> 101.9 | L115: =ROUND(J115*K115,0) -> 4586
J116: Cum | K116: / 1 Cum
A117: 3 | B117: Hire chargesd of front end loader for clearing Debris and levelling ground including oils and all other incidental charges etc as directed by the engineer -in -charge
B118: At Helipad site (2 Days) | D118: 2 | E118: x | F118: 2 | G118: 10 | J118: 0 | K118: =Sheet1!G54 -> 2043 | L118: =ROUND(J118*K118,0) -> 0
J119: Hr | K119: / 1 Hr
A120: 4 | B120: Hire charges of water tanker for wartering the helipad ground and alround Helipad including oils, and all other incidental charges etc complete as directed by the Engineer - in - Charge .
B121: At Helipad site (3Days) | D121: 3 | E121: x | F121: 4 | G121: 10 | J121: 0 | K121: =Sheet1!G58 -> 822 | L121: =ROUND(J121*K121,0) -> 0
J122: Hr | K122: / 1 Hr
A124: 5 | B124: Hire charges of vibratory roller 8-10 Tonnes, conveyance of Machinery to work site and all other incidental charges etc complete as directed by the Engineer - in - Charge .
B125: At Helipad site (3 Days) | D125: 3 | E125: x | F125: 2 | G125: 8 | J125: 0 | K125: =Sheet1!G56 -> 3488.54 | L125: =ROUND(J125*K125,0) -> 0
J126: Hr | K126: / 1 Hr
A128: 6 | B128: Hire charges of Generator set 125 KVA to work site for night time lighting for all other incidental charges etc complete as directed by the Engineer - in - Charge .
...

Sheet RSI
A1: Name of Work :- | D1: =Cover!D20 -> Construction of Helipad with Cement concrete for the visit of Hon'ble Chief Minister of Andhra pradesh Sri Nara Chandrababu Naidu Garu on the occasion of "Pattadar Pass Book- distribution" Programme at Siddantham village of Penugonda mandal (Achanta constituency)in West Godavari District on 8.6.2026.
A2: DETAILED CUM ABSTRACT ESTIMATE for RSI
A3: Sl No | B3: Description of item | E3: No | I3: Measurements | L3: Qty | M3: Rate / Unit | N3: Amount
I4: L | J4: B | K4: D
A5: 1 | B5: Supplying of hot applied thermoplastic road marking compound, 2.5mm thick including reflectorising glass beads @ 250gms with Reflectorising Glass Beads on Bituminous Surface at 250 gms per sqm area, thickness of 2.5mm is exclusive of surface applied glass bead as per IRC: 35, the material should be of BERGER Company/ BERGER Equivalent/ Equivalent brand and must comply with the following: a) White index for the product should be in the range of 60-70 when measured against standard reference. The applied panel 7/8 number must be submitted for checking up the white index in the department lab. In case the department approves the white index of any vendor, the department engineer may carryout random checking of the applied products at site against the approved panel. In case of any major deviation, beyond acceptance limit, department reserve the right to cancel or reject the total supplied consignment of the said material and will compell the vendor has to replace the full consignment by the desired material as per approved panel at his own cost and additional demurrages may be claimed due to loss of man days (as per the rules of the department). b) Luminance factor of the material should be in the range of 80-85% at 45 degree centigrade as per AASTHOM 249. c) Crack resistance: The applied panel cured for 7 days under ambient condition and then should be tested as per BS3262, Part-1, 1989 and should pass at the range of '0' degree centigrade to '-10' degree centigrade D) Adhesion : Strong E) Softening point: 102 degree centigrade F) Dried film finish : Smooth and uniform G) Night Vision: High as directed by the Engineer-in-Charge and confirming to IS: 164-1961 (1st revision reaffirmed in 1986) and clause conforming to IRC 35-1997
O6: =3570/7.5 -> 476
B7: Centre Line | E7: 1 | F7: x | G7: 476 | H7: 3 | I7: 0.1 | L7: =E7*G7*H7*I7 -> 142.8
B8: Edge Lines | E8: 2 | F8: x | G8: 1 | H8: 3570 | I8: 0.1 | L8: =E8*G8*H8*I8 -> 714
B9: Zebra Crossings | E9: 4 | F9: x | G9: 7*3 | H9: 3 | I9: 0.5 | L9: =E9*H9*I9*7*3 -> 126 | O9: =7.24*2*2 -> 28.96
B10: Curves | F10: x | G10: 2 | H10: 50 | I10: 0.1 | L10: =E10*G10*H10*I10 -> 0
K11: Total | L11: =SUM(L7:L10) -> 982.8
K13: Say | L13: =ROUND(L11,0) -> 983 | M13: 601 | N13: =ROUND(L13*M13,0) -> 590783
L14: Sqm | M14: / 1 Sqm
A16: 2 | B16: Supplying & Fixing of Molded Shanks Raised Pavement Markers made of polycarbonate and ABS moulded body and reflective panels with micro prismatic lens capable of providing total internal reflection of the light entering the lens face and shall support a load of 16000 kg tested in accordance to ASTM D 4280 Type H and complying to Specifications of Category A of MORTH Circular No RW/NH/33023/10-97 – DO III Dt 11.06. 1997. The height, width and length shall not exceed 50 mm, 100 mm and 100 mm and with minimum reflective area of 13 Sqcm on each side and the slope to the base shall be 35 +/- 5 degree. The strength of detachment of the integrated cylindrical shanks, (of diameter not less than 19 +/- 2 mm and height not less than 30+/- 2 mm) from the body is to be a minimum value of 700 Kgs. Fixing will be by drilling holes on the road for the twin shanks to go inside, without nails and using epoxy resin based adhesive as per manufacturer’s recommendation and complete as directed by the engineer.
B18: Centre Line | E18: 1 | F18: x | G18: 1 | H18: =G7 -> 476 | L18: =E18*G18*H18 -> 476
B19: Edge Lines | E19: 2 | F19: x | G19: 1 | H19: =H18 -> 476 | L19: =E19*G19*H19 -> 952 | O19: =2825/7.5 -> 376.66667
B20: =B9 -> Zebra Crossings | E20: =E9 -> 4 | F20: x | G20: 7 | H20: 4 | L20: =E20*G20*H20 -> 112
B21: Curves | E21: =E10 -> 0 | F21: x | G21: 2 | H21: 7 | L21: =E21*G21*H21 -> 0
K22: Say | L22: =SUM(L18:L21) -> 1540 | M22: 388 | N22: =ROUND(L22*M22,0) -> 597520
L23: No | M23: / 1 No
A25: 3 | B25: Providing and fixing Cautionary / Warning sign boards size 900 mm equilateral triangle made out of Type - XI of ASTMD 4956-09 wide angle cube cornered micro Prismatic Retro reflective sheeting and confirming to IRC 67:2012 for full background of White colour and letters/logos done by screen printing in Black colour, boarders by screen printing in Red colour and fixed over 4MM Aluminium Composite Material sheet having minimum 0.5 mm thick Aluminium skin on both sides with back side painted grey colour and fixed over back support frame of M.S angle 25x25x3mm all round and fixing with 35x35x4mm and mounted on a MS angle post of size 75x75x6mm with clear height of not less than 2.1 m from the ground level to the bottom of the board. The signpost should be painted with one coat of red oxide paint and 2 coats of synthetic enamel paint Black and White colour with bands of 30cm of height. The signpost shall be firmly fixed with MS base angle 35x35x4 mm in to the ground by M-15 Concrete foundation of size 450x450x600mm including cost and conveyance of all materials ,equipment, machinery and labour with all leads and lift, loading chages necessary for satisfactory completion of the work as directed by Engineer -in-Charge.
B26: at Curves, speed breakers, schools, Junction of two roads, Narrow culverts, Dip.etc
D27: 4 | E27: x | F27: 2 | G27: x | H27: 2 | L27: =D27*F27*H27 -> 16
K29: Say | L29: =L27 -> 16 | M29: 7496 | N29: =ROUND(L29*M29,0) -> 119936
L30: No | M30: / 1 No
A32: 4 | B32: Providing and fixing Village name board size 900x450 mm made out of Type - IV of ASTMD 4956-09 High Intensity Prismatic Prismatic Retro reflective sheeting and confirming to IRC 67:2012 for full background of Green Colour & White Letters and fixed over 3MM Alluminium Composite Material sheet having minimum 0.30 mm thick Aluminium skin on both sides with back side painted grey colour and fixed over back support frame of M.S angle 25x25x3mm all round and fixing with 35x35x4mm and mounted on a MS angle post of size 75x75x6mm with clear height of not less than 2.1 m from the ground level to the bottom of the board. The signpost should be painted with one coat of red oxide paint and 2 coats of synthetic enamel paint Black and White colour with bands of 30cm of height. The signpost shall be firmly fixed with MS base angle 35x35x4 mm in to the ground by M-15 Concrete foundation of size 450x450x600mm including cost and conveyance of all materials, equipment, machinery and labour with all leads and lift, loading charges necessary for satisfactory completion of the work as directed by Engineer -in-Charge.
E34: 5 | F34: x | G34: 2 | L34: =E34*G34 -> 10
K36: Say | L36: =L34 -> 10 | M36: 7119 | N36: =ROUND(L36*M36,0) -> 71190
L37: No | M37: / 1 No
A39: 5 | B39: Supply and installation of Hazard Markers/Delinators using M.S angle of size 55x55x6 mm and 120 cm high above ground level painted with two coats of black & white strips of 15cm wide with first quality synthetic enamel paint over one coat of appropriate primer of approved brand, colour, with 30cm x 90cm Type- XI of ASTMD 4956-09 wide angle cube concerned micro prismatic Retro Reflective sheeting of Yellow yellow colour and confirming to IRC 67:2012 fixed over 3mm aluminum composite material having minimum 0.30mm thick Aluminium skin on both sides with standard supports consisting of alternately black and yellow strips, in screen printing slopoing downward at an angle of 45 degrees towards the side of the obstruction on which the traffic is to pass and buried into the ground in a trench of size 30cm x 30cm and 50cm depth filled with CC M-20 including cost and conveyhance of all materials, equipment,machinery and labour with all leads and lifts, loading and unloading charges necessaryu for successful completion of the work on any road in division as directed by the Engineer-in-charge and conforming to IRC 67-2012 & MoRT&H specification No 805 and approved drawings etc., complete for finished item of work.
B41: At bridges | D41: 2 | E41: x | F41: 1 | G41: x | H41: 2 | L41: =D41*H41 -> 4
K43: Say | L43: =L41 -> 4 | M43: 4623 | N43: =ROUND(L43*M43,0) -> 18492
L44: No | M44: / 1 No
A46: 6 | B46: Providing & fixing junctin boards of size 1500 x 1200 mm made out of Type - XI of ASTMD 4956-09 wide angle cube cornered micro Prismatic Retro reflective sheeting and confirming to IRC 67:2012 for full background of Green Colour & White Letters and fixed over 4MM Alluminium Composite Material sheet having minimum 0.5 mm thick Aluminium skin on both sides with back side painted grey colour and fixed over back support frame of M.S angle 25x25x3mm all round and fixing with 35x35x4mm and mounted on a MS angle post of size 75x75x6mm with clear height of not less than 2.1 m from the ground level to the bottom of the board. The signpost should be painted with one coat of red oxide paint and 2 coats of synthetic enamel paint Black and White colour with bands of 30cm of height. The signpost shall be firmly fixed with MS base angle 35x35x4 mm in to the ground by M-15 Concrete foundation of size 450x450x600mm including cost and conveyance of all materials, equipment, machinery and labour with all leads and lift, loading charges necessary for satisfactory completion of the work as directed by Engineer -in-Charge.
L48: 6 | M48: 30492 | N48: =ROUND(L48*M48,0) -> 182952
L49: No | M49: / 1 No
L51: Total | N51: =SUM(N13:N48) -> 1580873
L52: for 1 Km | N52: =N51/10 -> 158087.3
M53: say /Km | N53: 175000
C58: Assistant Executive Engineer (R&B) | L58: Deputy Executive Engineer (R&B)
C59: (R&B) Section - Penugonda | L59: (R&B) Sub Division - Tanuku
C64: Executive Engineer (R&B) | L64: Superintending Engineer (R&B)
C65: (R&B) Division - Bhimavaram | L65: (R&B) Circle - Eluru

Sheet Seigniorage
A1: Seigniorage Charges Statement
A3: Name of Work :- | B3: =Cover!D20 -> Construction of Helipad with Cement concrete for the visit of Hon'ble Chief Minister of Andhra pradesh Sri Nara Chandrababu Naidu Garu on the occasion of "Pattadar Pass Book- distribution" Programme at Siddantham village of Penugonda mandal (Achanta constituency)in West Godavari District on 8.6.2026.
A4: S. No. | B4: Description of item | C4: Quantity in Cum | D4: loose quantity per cum | E4: Seigniorage Charges per unit | F4: Amount in Rs.
B5: Road work
A6: 1 | B6: WMM | C6: ='Road Work Detailed'!J25 -> 0 | D6: 1.32 | E6: =105*1.5 -> 157.5 | F6: =C6*D6*E6 -> 0
A7: 1 | B7: BM | C7: 0 | D7: 1.416 | E7: =105*1.5 -> 157.5 | F7: =C7*D7*E7 -> 0
A8: 2 | B8: BC | C8: 0 | D8: 1.49 | E8: =105*1.5 -> 157.5 | F8: =C8*D8*E8 -> 0
A9: 3 | B9: Shoulders | C9: 0 | D9: 1 | E9: 82.5 | F9: =C9*D9*E9 -> 0
A10: 4 | B10: Sub Grade | C10: 0 | D10: 1 | E10: 100 | F10: =C10*D10*E10 -> 0
A11: 4 | B11: BT Patchwork 40mm | C11: 0 | D11: 1.33 | E11: =105*1.5 -> 157.5 | F11: =C11*D11*E11 -> 0
A12: 7 | B12: BT Patchwork 20mm | C12: ='Road Work Detailed'!J74 -> 0 | D12: 1.33 | E12: =105*1.5 -> 157.5 | F12: =C12*D12*E12 -> 0
A13: 6 | B13: Earthwork Excavation | C13: ='Road Work Detailed'!J95 -> 0 | D13: 1 | E13: =105*1.5 -> 157.5 | F13: =C13*D13*E13 -> 0
A14: 5 | B14: GSB | C14: 0 | D14: 1.28 | E14: =105*1.5 -> 157.5 | F14: =C14*D14*E14 -> 0
A15: 6 | B15: M25 | C15: =Estimate!J107 -> 94 | D15: 0.9 | E15: =105*1.5 -> 157.5 | F15: =C15*D15*E15 -> 13324.5
A16: 7 | B16: PQC | C16: 0 | D16: 0.9 | E16: =105*1.5 -> 157.5 | F16: =C16*D16*E16 -> 0
A17: 8 | B17: Shoulders | C17: 0 | D17: 1 | E17: 82.5 | F17: =C17*D17*E17 -> 0
B18: Pipe Culverts
A19: 9 | B19: Earth Work Excavation | D19: 1 | E19: 45 | F19: =C19*D19*E19 -> 0
A20: 10 | B20: Sand Filling | D20: 1.2 | E20: 100 | F20: =C20*D20*E20 -> 0
A21: 11 | B21: VCC M15 for Foundations | D21: 0.9 | E21: 90 | F21: =C21*D21*E21 -> 0
D22: 0.45 | E22: 100 | F22: =C22*D22*E22 -> 0
A23: 12 | B23: VCC M15 for Body Walls | D23: 0.9 | E23: 90 | F23: =C23*D23*E23 -> 0
D24: 0.45 | E24: 100 | F24: =C24*D24*E24 -> 0
A25: 13 | B25: Filling inbetween Body Walls | D25: 1.2 | E25: 45 | F25: =C25*D25*E25 -> 0
B26: Slab Culverts
A27: 9 | B27: Earth Work Excavation | D27: 1 | E27: 45 | F27: =C27*D27*E27 -> 0
A28: 10 | B28: Sand Filling | D28: 1.2 | E28: 100 | F28: =C28*D28*E28 -> 0
A29: 11 | B29: VCC (1:3:6) Base Course | D29: 0.9 | E29: 90 | F29: =C29*D29*E29 -> 0
D30: 0.45 | E30: 100 | F30: =C30*D30*E30 -> 0
A31: 12 | B31: VRCC M20 for Raft | D31: 0.9 | E31: 90 | F31: =C31*D31*E31 -> 0
D32: 0.45 | E32: 100 | F32: =C32*D32*E32 -> 0
A33: 13 | B33: VCC M15 Footing | D33: 0.9 | E33: 90 | F33: =C33*D33*E33 -> 0
D34: 0.45 | E34: 100 | F34: =C34*D34*E34 -> 0
A35: 13 | B35: VCC M15 Sub Structure | D35: 0.9 | E35: 90 | F35: =C35*D35*E35 -> 0
D36: 0.45 | E36: 100 | F36: =C36*D36*E36 -> 0
A37: 14 | B37: VRCC M20 for Bed blocks | D37: 0.9 | E37: 90 | F37: =C37*D37*E37 -> 0
D38: 0.45 | E38: 100 | F38: =C38*D38*E38 -> 0
A39: 15 | B39: VRCC M20 for Deck Slab | D39: 0.9 | E39: 90 | F39: =C39*D39*E39 -> 0
D40: 0.45 | E40: 100 | F40: =C40*D40*E40 -> 0
A41: 16 | B41: VRCC M30 for Wearing Coat | D41: 0.9 | E41: 90 | F41: =C41*D41*E41 -> 0
D42: 0.45 | E42: 100 | F42: =C42*D42*E42 -> 0
A43: 17 | B43: Back Filling | D43: 1.2 | E43: 45 | F43: =C43*D43*E43 -> 0
A44: 18 | B44: Filter Media | D44: 1.2 | E44: 90 | F44: =C44*D44*E44 -> 0
E46: Total Rs. | F46: =SUM(F6:F44) -> 13324.5
A47: A | B47: Seigniorage Fee | C47: =F46 -> 13324.5
A48: B | B48: DMF @ 30% | C48: =C47*30% -> 3997.35
A49: C | B49: Merit @ 2% | C49: =C47*2% -> 266.49
B50: Total | C50: =SUM(C47:C49) -> 17588.34
B52: Say Rs. | C52: =ROUND(C50,0) -> 17588
B58: Assistant Engineer (R&B) | E58: Deputy Executive Engineer (R&B)
B59: (R&B) Section - Penugonda | E59: (R&B) Sub Division - Tanuku
B64: Executive Engineer (R&B)
B65: (R&B) Division - Bhimavaram

Sheet Lead
A1: Lead Statement
A3: Name of Work :- | B3: =Cover!D20 -> Construction of Helipad with Cement concrete for the visit of Hon'ble Chief Minister of Andhra pradesh Sri Nara Chandrababu Naidu Garu on the occasion of "Pattadar Pass Book- distribution" Programme at Siddantham village of Penugonda mandal (Achanta constituency)in West Godavari District on 8.6.2026.
A5: 1 | B5: HBG Metal from Katheru Quarry
B7: CT | J7: - | K7: 1
B8: Extra CT | J8: - | K8: 0.1
B9: Bolleddupalem Road (PR Road) | J9: - | K9: 2 | O9: 2
B10: Raghavapuram - Gokavaram Road | F10: Km | G10: 0 | H10: to | I10: 2.2 | J10: - | K10: =I10-G10 -> 2.2 | O10: 2.2
B11: Korukonda - Seethanagaram Road | F11: Km | G11: 0 | H11: to | I11: 7.4 | J11: - | K11: =I11-G11 -> 7.4 | O11: 7.4
B12: via Nagampalli
B13: RMBH Road | F13: Km | G13: 5.6 | H13: to | I13: 19.6 | J13: - | K13: =I13-G13 -> 14 | O13: 14
B14: Bypass Road IV th Bridge | F14: Km | G14: 0 | H14: to | I14: 5.4 | J14: - | K14: =I14-G14 -> 5.4
B15: EGK Bridge | F15: Km | G15: 82.4 | H15: to | I15: 83.121 | J15: - | K15: =I15-G15 -> 0.721
B16: AGRB Road | F16: Km | G16: 10.23 | H16: to | I16: 0 | J16: - | K16: =G16-I16 -> 10.23
B17: PWD Road | F17: Km | G17: 0.79 | H17: to | I17: 0 | J17: - | K17: =G17-I17 -> 0.79
B18: VN Road | F18: Km | G18: 0 | H18: to | I18: 4.2 | J18: - | K18: =I18-G18 -> 4.2 | M18: =1.17-K18 -> -3.03
B19: D Muppavaram Road | F19: Km | G19: 1.91 | H19: to | I19: 4.62 | J19: - | K19: =I19-G19 -> 2.71
B20: MP Road | F20: Km | G20: 30.1 | H20: to | I20: 4 | J20: - | K20: =G20-I20 -> 26.1
B21: SJ Road | F21: Km | G21: 8 | H21: to | I21: 1.45 | J21: - | K21: =G21-I21 -> 6.55
B22: Layout road | J22: - | K22: 0.25 | M22: =5.654/2 -> 2.827
I23: Total | J23: - | K23: =SUM(K7:K22) -> 83.651 | L23: Kms
I25: Weighted Average Lead | J25: :- | K25: =ROUND(K23,0) -> 84 | L25: Kms
A27: 1 | B27: HBG Metal from I. Pangidi Quarry Km 72/4 of EGK Road
B28: CT | J28: - | K28: 0.5
B29: Extra CT | J29: - | K29: 0.05
B30: EGK Road | F30: Km | G30: 72.4 | H30: to | I30: 74.3 | J30: - | K30: =I30-G30 -> 1.9
B31: MP Road | F31: Km | G31: 48.3 | H31: to | I31: 4 | J31: - | K31: =G31-I31 -> 44.3
B32: SJ Road | F32: Km | G32: 8 | H32: to | I32: 1.45 | J32: - | K32: =G32-I32 -> 6.55
B33: Layout road | J33: - | K33: 0.25
I34: Total | J34: - | K34: =SUM(K28:K33) -> 53.55 | L34: Kms
I35: Weighted Average Lead | J35: :- | K35: =ROUND(K34,0) -> 54 | L35: Kms
A36: 2 | B36: Gravel from Arugolanu Quarry
B37: ZP Road | F37: Km | G37: 0 | H37: to | I37: 3 | J37: - | K37: =I37-G37 -> 3
B38: PN Road | F38: Km | G38: 2.8 | H38: to | I38: 0 | J38: - | K38: =G38-I38 -> 2.8
B39: VV Road | F39: Km | G39: 119.5 | H39: to | I39: 139.77 | J39: - | K39: =I39-G39 -> 20.27 | M39: =59-31.93 -> 27.07
B40: MP Road | F40: Km | G40: 14.396 | H40: to | I40: 4 | J40: - | K40: =G40-I40 -> 10.396
B41: SJ Road | F41: Km | G41: 8 | H41: to | I41: 1.45 | J41: - | K41: =G41-I41 -> 6.55
B42: Layout road | J42: - | K42: 0.25
I43: Total | J43: - | K43: =SUM(K37:K42) -> 43.266 | L43: Kms
I44: Weighted Average Lead | J44: :- | K44: =ROUND(K43,0) -> 43 | L44: Kms
A45: 4 | B45: Sand at Siddantham
B46: CT | J46: - | K46: 2
B47: Extra CT | J47: - | K47: 0.2
B48: SJ Road | F48: Km | G48: 1.42 | H48: to | I48: 0 | J48: - | K48: =G48-I48 -> 1.42
B49: Layout road | J49: - | K49: 0.25
I50: Total | J50: - | K50: =SUM(K46:K49) -> 3.87 | L50: Kms
I51: Weighted Average Lead | J51: :- | K51: =ROUND(K50,0) -> 4 | L51: Kms
A53: 5 | B53: Bitumen from Vizag
B55: Vijaywada - Visakhapatnam Road | F55: Km | G55: 362 | H55: to | I55: 151.1 | J55: - | K55: =G55-I55 -> 210.9
B56: S Link Road | F56: Km | G56: 1.76 | H56: to | I56: 0 | J56: - | K56: =G56-I56 -> 1.76
B57: Working Reach (8-0)/2 | J57: - | K57: =((8-0)/2) -> 4
I58: Total | J58: - | K58: =SUM(K55:K57) -> 216.66 | L58: Kms
I60: Weighted Average Lead | J60: :- | K60: =ROUND(K58,0) -> 217 | L60: Kms
A62: 6 | B62: Bitumen from Chennai
B64: Chennai to Vijayawada | J64: - | K64: 425.8
B65: Vijaywada - Visakhapatnam Road | F65: Km | G65: 0 | H65: to | I65: 139.77 | J65: - | K65: =I65-G65 -> 139.77
B66: MP Road | F66: Km | G66: 14.396 | H66: to | I66: 4 | J66: - | K66: =G66-I66 -> 10.396
B67: Working Reach (8-0)/2 | J67: - | K67: =((8-0)/2) -> 4
I68: Total | J68: - | K68: =SUM(K64:K67) -> 579.966 | L68: Kms
I70: Weighted Average Lead | J70: :- | K70: =ROUND(K68,0) -> 580 | L70: Kms
A72: 7 | B72: Hume Pipes from Km 114.400 of Vijayawada - Visakhapatnam Road
B74: Vijaywada - Visakhapatnam Road | F74: Km | G74: 114.4 | H74: to | I74: 125.54 | J74: - | K74: =I74-G74 -> 11.14
B75: Working Reach (7.50-0.00)/2 | J75: - | K75: =((7.5-0)/2) -> 3.75
I76: Total | J76: - | K76: =SUM(K74:K75) -> 14.89 | L76: Kms
I78: Weighted Average Lead | J78: :- | K78: =ROUND(K76,0) -> 15 | L78: Kms
C84: Assistant Engineer (R&B) | I84: Deputy Executive Engineer (R&B)
C85: (R&B) Section - Penugonda | I85: (R&B) Sub Division - Tanuku
C90: Executive Engineer (R&B)
C91: (R&B) Division - Bhimavaram

Sheet RMR Katheru
B1: ROAD METAL RATES (SoR 2025-26)
B2: Name of Work :- | D2: =Cover!D20 -> Construction of Helipad with Cement concrete for the visit of Hon'ble Chief Minister of Andhra pradesh Sri Nara Chandrababu Naidu Garu on the occasion of "Pattadar Pass Book- distribution" Programme at Siddantham village of Penugonda mandal (Achanta constituency)in West Godavari District on 8.6.2026.
B3: Sl. No | C3: Description of Material | D3: Source of Supply | E3: Lead in Kms | F3: Conveyance | G3: Initial cost | H3: Blasting charges | I3: Machine crushing charges | J3: Toal Cost per Cum
C4: A) FOR ROAD WORKS
B5: 1 | C5: 60 to 63 mm IRC and MoRTH HBG metal | D5: Katheru | E5: =Lead!K25 -> 84 | F5: =INDEX(Sheet1!$B$3:$D$152,MATCH(E5,Sheet1!$B$3:$B$152,0),3) -> 1137.05 | G5: =Sheet1!G4 -> 509 | H5: =Sheet1!$G$40 -> 70 | J5: =SUM(F5:I5) -> 1716.05
B6: 2 | C6: 40 to 45 mm IRC and MoRTH HBG metal | D6: "" | E6: =E5 -> 84 | F6: =INDEX(Sheet1!$B$3:$D$152,MATCH(E6,Sheet1!$B$3:$B$152,0),3) -> 1137.05 | G6: =Sheet1!G6 -> 745 | H6: =Sheet1!$G$40 -> 70 | J6: =SUM(F6:I6) -> 1952.05
B7: 3 | C7: SS Revetment work 300mm | D7: "" | E7: =E6 -> 84 | F7: =INDEX(Sheet1!$B$3:$D$152,MATCH(E7,Sheet1!$B$3:$B$152,0),3) -> 1137.05 | G7: =Sheet1!G11 -> 206 | H7: =Sheet1!$G$41 -> 70 | J7: =SUM(F7:I7) -> 1413.05
B8: 3 | C8: Quarry spall (Field picked metal) Av. Of rate 25mm & 40mm | D8: "" | E8: =E7 -> 84 | F8: =INDEX(Sheet1!$B$3:$D$152,MATCH(E8,Sheet1!$B$3:$B$152,0),3) -> 1137.05 | G8: =Sheet1!G16 -> 47.15 | J8: =SUM(F8:I8) -> 1184.2
B9: 5 | C9: 150 mm soling stone HBG metal | D9: "" | E9: =E8 -> 84 | F9: =INDEX(Sheet1!$B$3:$D$152,MATCH(E9,Sheet1!$B$3:$B$152,0),3) -> 1137.05 | G9: =Sheet1!G17 -> 105 | H9: =Sheet1!$G$40 -> 70 | J9: =SUM(F9:I9) -> 1312.05
B10: 6 | C10: Jeddy Stone 450 mm to 600 mm thick | D10: "" | E10: =E9 -> 84 | F10: =INDEX(Sheet1!$B$3:$D$152,MATCH(E10,Sheet1!$B$3:$B$152,0),3) -> 1137.05 | G10: =Sheet1!G15 -> 223 | H10: 70 | J10: =SUM(F10:I10) -> 1430.05
B11: 4 | C11: 50 to 55 mm IRC and MoRTH HBG metal | D11: "" | E11: =E10 -> 84 | F11: =INDEX(Sheet1!$B$3:$D$152,MATCH(E11,Sheet1!$B$3:$B$152,0),3) -> 1137.05 | G11: =Sheet1!G5 -> 555 | H11: =Sheet1!$G$40 -> 70 | I11: =ROUND(G11/4,2) -> 138.75 | J11: =SUM(F11:I11) -> 1900.8
B12: 5 | C12: 40 to 45 mm IRC and MoRTH HBG M/C metal | D12: "" | E12: =E11 -> 84 | F12: =INDEX(Sheet1!$B$3:$D$152,MATCH(E12,Sheet1!$B$3:$B$152,0),3) -> 1137.05 | G12: =Sheet1!G18 -> 745 | H12: =Sheet1!$G$40 -> 70 | I12: =ROUND(G12/4,2) -> 186.25 | J12: =SUM(F12:I12) -> 2138.3
B13: 6 | C13: 25 to 27 mm IRC and MoRTH HBG M/C metal | D13: "" | E13: =E12 -> 84 | F13: =INDEX(Sheet1!$B$3:$D$152,MATCH(E13,Sheet1!$B$3:$B$152,0),3) -> 1137.05 | G13: =Sheet1!G19 -> 1163 | H13: =Sheet1!$G$40 -> 70 | I13: =ROUND(G13/4,2) -> 290.75 | J13: =SUM(F13:I13) -> 2660.8
B14: 7 | C14: 19 to 22 mm IRC and MoRTH HBG M/C metal | D14: "" | E14: =E13 -> 84 | F14: =INDEX(Sheet1!$B$3:$D$152,MATCH(E14,Sheet1!$B$3:$B$152,0),3) -> 1137.05 | G14: =Sheet1!G20 -> 1170 | H14: =Sheet1!$G$40 -> 70 | I14: =ROUND(G14/4,2) -> 292.5 | J14: =SUM(F14:I14) -> 2669.55
B15: 8 | C15: 12 to 14 mm IRC and MoRTH HBG M/C metal | D15: "" | E15: =E14 -> 84 | F15: =INDEX(Sheet1!$B$3:$D$152,MATCH(E15,Sheet1!$B$3:$B$152,0),3) -> 1137.05 | G15: =Sheet1!G21 -> 951 | H15: =Sheet1!$G$40 -> 70 | I15: =ROUND(G15/4,2) -> 237.75 | J15: =SUM(F15:I15) -> 2395.8
B16: 9 | C16: 9.5 to 11.20 mm IRC and MoRTH HBG M/C metal | D16: "" | E16: =E15 -> 84 | F16: =INDEX(Sheet1!$B$3:$D$152,MATCH(E16,Sheet1!$B$3:$B$152,0),3) -> 1137.05 | G16: =Sheet1!G22 -> 840 | H16: =Sheet1!$G$40 -> 70 | I16: =ROUND(G16/4,2) -> 210 | J16: =SUM(F16:I16) -> 2257.05
B17: 10 | C17: 5 to 7 mm IRC and MoRTH HBG M/C metal | D17: "" | E17: =E16 -> 84 | F17: =INDEX(Sheet1!$B$3:$D$152,MATCH(E17,Sheet1!$B$3:$B$152,0),3) -> 1137.05 | G17: =Sheet1!G23 -> 716 | H17: =Sheet1!$G$40 -> 70 | I17: =ROUND(G17/4,2) -> 179 | J17: =SUM(F17:I17) -> 2102.05
B18: 11 | C18: 2.36 to 5 mm IRC and MoRTH HBG M/C metal | D18: "" | E18: =E17 -> 84 | F18: =INDEX(Sheet1!$B$3:$D$152,MATCH(E18,Sheet1!$B$3:$B$152,0),3) -> 1137.05 | G18: =Sheet1!G24 -> 487 | H18: =Sheet1!$G$40 -> 70 | I18: =ROUND(G18/4,2) -> 121.75 | J18: =SUM(F18:I18) -> 1815.8
B19: 12 | C19: HBG Stone chips 2.36mm and below | D19: "" | E19: =E18 -> 84 | F19: =INDEX(Sheet1!$B$3:$D$152,MATCH(E19,Sheet1!$B$3:$B$152,0),3) -> 1137.05 | G19: =Sheet1!G25 -> 466 | J19: =SUM(F19:I19) -> 1603.05
B20: 13 | C20: Filler material | D20: "" | E20: =E19 -> 84 | F20: =INDEX(Sheet1!$B$3:$D$152,MATCH(E20,Sheet1!$B$3:$B$152,0),3) -> 1137.05 | G20: =Sheet1!G7 -> 99 | J20: =SUM(F20:I20) -> 1236.05
C24: Assistant Executive Engineer (R&B) | H24: Deputy Executive Engineer (R&B)
C25: (R&B) Section - Penugonda | H25: (R&B) Sub Division - Tanuku
C30: Executive Engineer (R&B) | H30: Superintending Engineer (R&B)
C31: (R&B) Division - Bhimavaram | H31: (R&B) Circle - Eluru

Sheet BTR
B2: COST OF BITUMEN / MT WITH LEADS
A4: Name of Work :- | C4: =Cover!D20 -> Construction of Helipad with Cement concrete for the visit of Hon'ble Chief Minister of Andhra pradesh Sri Nara Chandrababu Naidu Garu on the occasion of "Pattadar Pass Book- distribution" Programme at Siddantham village of Penugonda mandal (Achanta constituency)in West Godavari District on 8.6.2026.
B7: Ref :- | C7: For Emulsion (Bulk), HINCOL Price List with effect from | H7: Dt.16.05.2026 | P7: Dt.01.09.2021
C8: For Bulk Bitumen VG-30 & VG-10, HPCL Price List With effect from | H8: Dt.16.05.2026
C9: For Emulsion (Bulk), IOCL Price List with effect from | H9: Dt.16.05.2026
C10: For Bulk Bitumen VG-30 & VG-10, IOCL Price List With effect from | H10: Dt.16.05.2026
F12: Bulk VG-30 Grade | G12: Emulsion (SS1) | H12: Bulk VG-10 Grade | N12: Bulk VG-30 Grade | O12: Emulsion (SS1) | P12: Bulk VG-10 Grade
F13: Vizag | G13: Vizag | H13: Vizag | N13: IOCL Chennai | O13: IOCL Chennai | P13: IOCL Chennai
B15: Basic Price | F15: 76140 | G15: 77800 | H15: 72870 | J15: Basic Price | N15: 37360 | O15: 44630 | P15: 36560
B18: Lead from Vizag | J18: Lead from Chennai
D19: =Lead!K60 -> 217 | E19: Kms | F19: =ROUND(2*D19,0)*D21 -> 868 | G19: =ROUND(2*D19,0)*D21 -> 868 | H19: =G19 -> 868 | L19: ='1 Lead'!F14 -> 0 | M19: Kms | N19: =ROUND(2*L19,0)*L21 -> 0 | O19: =ROUND(2*L19,0)*L21 -> 0 | P19: =O19 -> 0
B20: Lead charges for Bulk @ | J20: Lead charges for Bulk @
D21: 2 | E21: per KM | L21: 1.75 | M21: per KM
F23: =F15+F19 -> 77008 | G23: =G15+G19 -> 78668 | H23: =H15+H19 -> 73738 | N23: =#REF!+N19 -> #REF! | O23: =O15+O19 -> 44630 | P23: =P15+P19 -> 36560
F26: Bulk VG-30 Grade | G26: Emulsion (SS1) | H26: Bulk VG-10 Grade
F27: IOCL Chennai | G27: IOCL Chennai | H27: IOCL Chennai
B29: Basic Price | F29: 74922 | G29: 76157 | H29: 75652
B32: Lead from Chennai
D33: =Lead!K70 -> 580 | E33: Kms | F33: =ROUND(2*D33,0)*D35 -> 2320 | G33: =ROUND(2*D33,0)*D35 -> 2320 | H33: =G33 -> 2320
B34: Lead charges for Bulk @
D35: =D21 -> 2 | E35: per KM
F37: =SUM(F28:F36) -> 77242 | G37: =SUM(G28:G36) -> 78477 | H37: =SUM(H28:H36) -> 77972
B39: Lowest Price | F39: =F23 -> 77008 | G39: =G37 -> 78477 | H39: =H23 -> 73738
C44: Assistant Executive Engineer (R&B) | G44: Deputy Executive Engineer (R&B)
C45: (R&B) Section - Penugonda | G45: (R&B) Sub Division - Tanuku
C50: Executive Engineer (R&B) | G50: Superintending Engineer (R&B)
C51: (R&B) Division - Bhimavaram | G51: (R&B) Circle - Eluru

Sheet RMR
B1: ROAD METAL RATES (SoR 2025-26)
B2: Name of Work :- | D2: =Cover!D20 -> Construction of Helipad with Cement concrete for the visit of Hon'ble Chief Minister of Andhra pradesh Sri Nara Chandrababu Naidu Garu on the occasion of "Pattadar Pass Book- distribution" Programme at Siddantham village of Penugonda mandal (Achanta constituency)in West Godavari District on 8.6.2026.
B3: Sl. No | C3: Description of Material | D3: Source of Supply | E3: Lead in Kms | F3: Conveyance | G3: Initial cost | H3: Blasting charges | I3: Machine crushing charges | J3: Toal Cost per Cum
C4: A) FOR ROAD WORKS
B5: 1 | C5: 60 to 63 mm IRC and MoRTH HBG metal | D5: I. Pangidi | E5: =Lead!K35 -> 54 | F5: =INDEX(Sheet1!$B$3:$D$152,MATCH(E5,Sheet1!$B$3:$B$152,0),3) -> 766.25 | G5: =Sheet1!G4 -> 509 | H5: =Sheet1!$G$40 -> 70 | J5: =SUM(F5:I5) -> 1345.25
B6: 2 | C6: 40 to 45 mm IRC and MoRTH HBG metal | D6: "" | E6: =E5 -> 54 | F6: =INDEX(Sheet1!$B$3:$D$152,MATCH(E6,Sheet1!$B$3:$B$152,0),3) -> 766.25 | G6: =Sheet1!G6 -> 745 | H6: =Sheet1!$G$40 -> 70 | J6: =SUM(F6:I6) -> 1581.25
B7: 3 | C7: SS Revetment work 300mm | D7: "" | E7: =E6 -> 54 | F7: =INDEX(Sheet1!$B$3:$D$152,MATCH(E7,Sheet1!$B$3:$B$152,0),3) -> 766.25 | G7: =Sheet1!G11 -> 206 | H7: =Sheet1!$G$41 -> 70 | J7: =SUM(F7:I7) -> 1042.25
B8: 4 | C8: Quarry spall (Field picked metal) Av. Of rate 25mm & 40mm | D8: "" | E8: =E7 -> 54 | F8: =INDEX(Sheet1!$B$3:$D$152,MATCH(E8,Sheet1!$B$3:$B$152,0),3) -> 766.25 | G8: =Sheet1!G16 -> 47.15 | J8: =SUM(F8:I8) -> 813.4
B9: 5 | C9: 150 mm soling stone HBG metal | D9: "" | E9: =E8 -> 54 | F9: =INDEX(Sheet1!$B$3:$D$152,MATCH(E9,Sheet1!$B$3:$B$152,0),3) -> 766.25 | G9: =Sheet1!G17 -> 105 | H9: =Sheet1!$G$40 -> 70 | J9: =SUM(F9:I9) -> 941.25
B10: 6 | C10: Jeddy Stone 450 mm to 600 mm thick | D10: "" | E10: =E9 -> 54 | F10: =INDEX(Sheet1!$B$3:$D$152,MATCH(E10,Sheet1!$B$3:$B$152,0),3) -> 766.25 | G10: =Sheet1!G15 -> 223 | H10: 70 | J10: =SUM(F10:I10) -> 1059.25
B11: 3 | C11: 50 to 55 mm IRC and MoRTH HBG metal | D11: "" | E11: =E10 -> 54 | F11: =INDEX(Sheet1!$B$3:$D$152,MATCH(E11,Sheet1!$B$3:$B$152,0),3) -> 766.25 | G11: =Sheet1!G5 -> 555 | H11: =Sheet1!$G$40 -> 70 | I11: =ROUND(G11/4,2) -> 138.75 | J11: =SUM(F11:I11) -> 1530
B12: 4 | C12: 40 to 45 mm IRC and MoRTH HBG M/C metal | D12: "" | E12: =E11 -> 54 | F12: =INDEX(Sheet1!$B$3:$D$152,MATCH(E12,Sheet1!$B$3:$B$152,0),3) -> 766.25 | G12: =Sheet1!G18 -> 745 | H12: =Sheet1!$G$40 -> 70 | I12: =ROUND(G12/4,2) -> 186.25 | J12: =SUM(F12:I12) -> 1767.5
B13: 5 | C13: 25 to 27 mm IRC and MoRTH HBG M/C metal | D13: "" | E13: =E12 -> 54 | F13: =INDEX(Sheet1!$B$3:$D$152,MATCH(E13,Sheet1!$B$3:$B$152,0),3) -> 766.25 | G13: =Sheet1!G19 -> 1163 | H13: =Sheet1!$G$40 -> 70 | I13: =ROUND(G13/4,2) -> 290.75 | J13: =SUM(F13:I13) -> 2290
B14: 6 | C14: 19 to 22 mm IRC and MoRTH HBG M/C metal | D14: "" | E14: =E13 -> 54 | F14: =INDEX(Sheet1!$B$3:$D$152,MATCH(E14,Sheet1!$B$3:$B$152,0),3) -> 766.25 | G14: =Sheet1!G20 -> 1170 | H14: =Sheet1!$G$40 -> 70 | I14: =ROUND(G14/4,2) -> 292.5 | J14: =SUM(F14:I14) -> 2298.75
B15: 7 | C15: 12 to 14 mm IRC and MoRTH HBG M/C metal | D15: "" | E15: =E14 -> 54 | F15: =INDEX(Sheet1!$B$3:$D$152,MATCH(E15,Sheet1!$B$3:$B$152,0),3) -> 766.25 | G15: =Sheet1!G21 -> 951 | H15: =Sheet1!$G$40 -> 70 | I15: =ROUND(G15/4,2) -> 237.75 | J15: =SUM(F15:I15) -> 2025
B16: 8 | C16: 9.5 to 11.20 mm IRC and MoRTH HBG M/C metal | D16: "" | E16: =E15 -> 54 | F16: =INDEX(Sheet1!$B$3:$D$152,MATCH(E16,Sheet1!$B$3:$B$152,0),3) -> 766.25 | G16: =Sheet1!G22 -> 840 | H16: =Sheet1!$G$40 -> 70 | I16: =ROUND(G16/4,2) -> 210 | J16: =SUM(F16:I16) -> 1886.25
B17: 9 | C17: 5 to 7 mm IRC and MoRTH HBG M/C metal | D17: "" | E17: =E16 -> 54 | F17: =INDEX(Sheet1!$B$3:$D$152,MATCH(E17,Sheet1!$B$3:$B$152,0),3) -> 766.25 | G17: =Sheet1!G23 -> 716 | H17: =Sheet1!$G$40 -> 70 | I17: =ROUND(G17/4,2) -> 179 | J17: =SUM(F17:I17) -> 1731.25
B18: 10 | C18: 2.36 to 5 mm IRC and MoRTH HBG M/C metal | D18: "" | E18: =E17 -> 54 | F18: =INDEX(Sheet1!$B$3:$D$152,MATCH(E18,Sheet1!$B$3:$B$152,0),3) -> 766.25 | G18: =Sheet1!G24 -> 487 | H18: =Sheet1!$G$40 -> 70 | I18: =ROUND(G18/4,2) -> 121.75 | J18: =SUM(F18:I18) -> 1445
B19: 11 | C19: HBG Stone chips 2.36mm and below | D19: "" | E19: =E18 -> 54 | F19: =INDEX(Sheet1!$B$3:$D$152,MATCH(E19,Sheet1!$B$3:$B$152,0),3) -> 766.25 | G19: =Sheet1!G25 -> 466 | J19: =SUM(F19:I19) -> 1232.25
B20: 12 | C20: Filler material | D20: "" | E20: =E19 -> 54 | F20: =INDEX(Sheet1!$B$3:$D$152,MATCH(E20,Sheet1!$B$3:$B$152,0),3) -> 766.25 | G20: =Sheet1!G7 -> 99 | J20: =SUM(F20:I20) -> 865.25
B21: 13 | C21: Gravel | D21: Arugolanu | E21: =Lead!K44 -> 43 | F21: =INDEX(Sheet1!$B$3:$D$152,MATCH(E21,Sheet1!$B$3:$B$152,0),2) -> 656.56 | G21: =Sheet1!G26 -> 165 | J21: =SUM(F21:I21) -> 821.56
C22: B) FOR C.D. WORKS
B23: 14 | C23: 40 mm SS-5 HBG M/C metal | D23: I. Pangidi | E23: =Lead!K35 -> 54 | F23: =INDEX(Sheet1!$B$3:$D$152,MATCH(E23,Sheet1!$B$3:$B$152,0),3) -> 766.25 | G23: =Sheet1!G27 -> 770 | H23: =Sheet1!$G$40 -> 70 | I23: =ROUND(G23/4,2) -> 192.5 | J23: =SUM(F23:I23) -> 1798.75
B24: 15 | C24: 25 mm SS-5 HBG M/C metal | D24: "" | E24: =E23 -> 54 | F24: =INDEX(Sheet1!$B$3:$D$152,MATCH(E24,Sheet1!$B$3:$B$152,0),3) -> 766.25 | G24: =Sheet1!G28 -> 1230 | H24: =Sheet1!$G$40 -> 70 | I24: =ROUND(G24/4,2) -> 307.5 | J24: =SUM(F24:I24) -> 2373.75
B25: 16 | C25: 20 mm SS-5 HBG M/C metal | D25: "" | E25: =E24 -> 54 | F25: =INDEX(Sheet1!$B$3:$D$152,MATCH(E25,Sheet1!$B$3:$B$152,0),3) -> 766.25 | G25: =Sheet1!G29 -> 1285 | H25: =Sheet1!$G$40 -> 70 | I25: =ROUND(G25/4,2) -> 321.25 | J25: =SUM(F25:I25) -> 2442.5
B26: 17 | C26: 12 mm SS-5 HBG M/C metal | D26: "" | E26: =E25 -> 54 | F26: =INDEX(Sheet1!$B$3:$D$152,MATCH(E26,Sheet1!$B$3:$B$152,0),3) -> 766.25 | G26: =Sheet1!G30 -> 1024 | H26: =Sheet1!$G$40 -> 70 | I26: =ROUND(G26/4,2) -> 256 | J26: =SUM(F26:I26) -> 2116.25
B27: 18 | C27: 10 mm SS-5 HBG M/C metal | D27: "" | E27: =E26 -> 54 | F27: =INDEX(Sheet1!$B$3:$D$152,MATCH(E27,Sheet1!$B$3:$B$152,0),3) -> 766.25 | G27: =Sheet1!G31 -> 860 | H27: =Sheet1!$G$40 -> 70 | I27: =ROUND(G27/4,2) -> 215 | J27: =SUM(F27:I27) -> 1911.25
B28: 19 | C28: 6 mm SS-5 HBG M/C metal | D28: "" | E28: =E27 -> 54 | F28: =INDEX(Sheet1!$B$3:$D$152,MATCH(E28,Sheet1!$B$3:$B$152,0),3) -> 766.25 | G28: =Sheet1!G32 -> 684 | H28: =Sheet1!$G$40 -> 70 | I28: =ROUND(G28/4,2) -> 171 | J28: =SUM(F28:I28) -> 1691.25
B29: 20 | C29: Sand for Concrete | D29: AGRB Road | E29: =Lead!K51 -> 4 | F29: =INDEX(Sheet1!$B$3:$D$152,MATCH(E29,Sheet1!$B$3:$B$152,0),2) -> 87.55 | G29: =Sheet1!G33 -> 605 | J29: =SUM(F29:I29) -> 692.55
B30: 21 | C30: Sand for Filling | D30: "" | E30: =E29 -> 4 | F30: =INDEX(Sheet1!$B$3:$D$152,MATCH(E30,Sheet1!$B$3:$B$152,0),2) -> 87.55 | G30: =Sheet1!G34 -> 460 | J30: =SUM(F30:I30) -> 547.55
B31: 22 | C31: Sand for Mortar | D31: "" | E31: =E30 -> 4 | F31: =INDEX(Sheet1!$B$3:$D$152,MATCH(E31,Sheet1!$B$3:$B$152,0),2) -> 87.55 | G31: =Sheet1!G35 -> 728 | J31: =SUM(F31:I31) -> 815.55
B32: 23 | C32: HYSD Steel Fe-415 | G32: 53000 | J32: =G32 -> 53000
B33: 24 | C33: 6mm Mild Steel | G33: 55000 | J33: =G33 -> 55000
B34: 25 | C34: Mild Steel | G34: 54000 | J34: =G34 -> 54000
B35: 26 | C35: Cement | G35: 4220 | J35: =G35 -> 4220 | K35: =195*20 -> 3900
B36: 27 | C36: Hume Pipes 300 mm Dia., NP4 | E36: =Lead!K78 -> 15 | F36: =(E36-5)*1.69+64.77 -> 81.67 | G36: =941+((G35-4220)*19.234/1000)+((G33-57000)*3.815/1000) -> 933.37 | J36: =SUM(F36:I36) -> 1015.04
B37: 27 | C37: Hume Pipes 450 mm Dia., NP4 | E37: =E36 -> 15 | F37: =(E37-5)*2.94+89.68 -> 119.08 | G37: =1405+((G35-4220)*55.688/1000)+((G33-57000)*5.126/1000) -> 1394.748 | J37: =SUM(F37:I37) -> 1513.828
B38: 29 | C38: Hume pipes 600mm Dia., NP4 | E38: =E37 -> 15 | F38: =(E38-5)*6.54+147.79 -> 213.19 | G38: =2723+((G35-4220)*82.347/1000)+((G33-57000)*13.126/1000) -> 2696.748 | J38: =SUM(F38:I38) -> 2909.938
B39: 30 | C39: Hume pipes 800mm Dia., NP4 | E39: =E38 -> 15 | F39: =(E39-5)*7.58+197.62 -> 273.42 | G39: =4796+((G35-4220)*120.25/1000)+((G33-57000)*27.184/1000) -> 4741.632 | J39: =SUM(F39:I39) -> 5015.052
B40: 28 | C40: Hume pipes 900mm Dia., NP4 | E40: =E39 -> 15 | F40: =(E40-5)*14.32+259.06 -> 402.26 | G40: =5988+((G35-4220)*141.429/1000)+((G33-57000)*33.826/1000) -> 5920.348 | J40: =SUM(F40:I40) -> 6322.608
B41: 32 | C41: Hume pipes 1000mm Dia., NP4 | E41: =E40 -> 15 | F41: =(E41-5)*14.32+312.2 -> 455.4 | G41: =8208+((G35-4220)*181.347/1000)+((G33-57000)*45.778/1000) -> 8116.444 | J41: =SUM(F41:I41) -> 8571.844
B42: 33 | C42: Hume pipes 1200mm Dia., NP4 | E42: =E41 -> 15 | F42: =(E42-5)*15.58+378.63 -> 534.43 | G42: =11150+((G35-4220)*224.023/1000)+((G33-57000)*65.478/1000) -> 11019.044 | J42: =SUM(F42:I42) -> 11553.474
C46: Assistant Executive Engineer (R&B) | H46: Deputy Executive Engineer (R&B)
C47: (R&B) Section - Penugonda | H47: (R&B) Sub Division - Tanuku
C51: Executive Engineer (R&B)
C52: (R&B) Division - Bhimavaram
C55: Cement for NP3 & NP4 | E55: As per 1S 458 2003
E57: barrel thick | F57: Volume of concrete | H57: Wt. of cement
D58: 300 | E58: 40 | F58: =(0.38*0.38-0.3*0.3)*22/7/4 -> 0.042742857 | H58: =F58*450 -> 19.234286
D59: 450 | E59: 75 | F59: =(0.6*0.6-0.45*0.45)*22/7/4 -> 0.12375 | H59: =F59*450 -> 55.6875
D60: 600 | E60: 85 | F60: =(0.77*0.77-0.6*0.6)*22/7/4 -> 0.18299286 | H60: =F60*450 -> 82.346786
D61: 800 | E61: 95 | F61: =(0.99*0.99-0.8*0.8)*22/7/4 -> 0.26722143 | H61: =F61*450 -> 120.24964
D62: 900 | E62: 100 | F62: =(1.1*1.1-0.9*0.9)*22/7/4 -> 0.31428571 | H62: =F62*450 -> 141.42857
D63: 1000 | E63: 115 | F63: =(1.23*1.23-1)*22/7/4 -> 0.40299286 | H63: =F63*450 -> 181.34679
D64: 1200 | E64: 120 | F64: =(1.44*1.44-1.2*1.2)*22/7/4 -> 0.49782857 | H64: =F64*450 -> 224.02286
C65: Steel for NP 4
D66: 300 | F66: =0.78 + (2.71)*140/125 -> 3.8152
D67: 450 | F67: =0.78 + (3.88)*140/125 -> 5.1256
D68: 600 | F68: =2.34 + (9.63)*140/125 -> 13.1256
D69: 800 | F69: =3.44 + (21.2)*140/125 -> 27.184
D70: 900 | F70: =3.44 + (27.13)*140/125 -> 33.8256
D71: 1000 | F71: =6.04 + (35.48)*140/125 -> 45.7776
D72: 1200 | F72: =6.04 + (53.07)*140/125 -> 65.4784
C73: Steel for NP3
D74: 300 | F74: =0.78+(1.8*140/125) -> 2.796
D75: 450 | F75: =0.78+(3.79*140/125) -> 5.0248
D76: 600 | F76: =1.18+ (7.01)*140/125 -> 9.0312
D77: 800 | F77: =2.66 + (13.04)*140/125 -> 17.2648
D78: 900 | F78: =2.66 + (18.3)*140/125 -> 23.156
D79: 1000 | F79: =2.66 + (21.52)*140/125 -> 26.7624
D80: 1200 | F80: =3.55 + (33.57)*140/125 -> 41.1484

Sheet  Road data
A1: DATA WITH SSR 2025-26
B3: Name of Work :- | D3: =Cover!D20 -> Construction of Helipad with Cement concrete for the visit of Hon'ble Chief Minister of Andhra pradesh Sri Nara Chandrababu Naidu Garu on the occasion of "Pattadar Pass Book- distribution" Programme at Siddantham village of Penugonda mandal (Achanta constituency)in West Godavari District on 8.6.2026.
B5: Quantity | D5: Description of Item | H5: Rate | I5: per | J5: Amount
A6: 1 | B6: Forming embankment with Side earth by mechanical means upto SDR including pre-watering of soil, removal of top soil, excavation of soils, depositing the soils on the embankment, spreading soil, breaking clods, sectioning, grading and consolidation with 8 to 10 Tonnes Vibratory Road Roller @ OMC to meet requirement of table 300-2 of MoRT&H, including all hire and operational charges of T&P, complete for finished item of work as per MoRT&H specification 305 (5th revision) (Payment will be made based on level for finished item of work).
B7: Unit : Cum
B8: Taking out put = 100 Cum | F8: Page 70 of MoRT&H SDB
B9: (A) | C9: Labour
B10: 0.02 | C10: day | D10: Mate | H10: =Sheet1!$G$47 -> 645 | I10: day | J10: =ROUND(B10*H10,2) -> 12.9
B11: 0.5 | C11: day | D11: Mazdoor unskilled | H11: =Sheet1!$G$49 -> 595 | I11: day | J11: =ROUND(B11*H11,2) -> 297.5
J12: =SUM(J10:J11) -> 310.4
B13: (B) | C13: Machinery
B14: 1.67 | C14: hr | D14: Hydraulic Excavator 1 cum bucket capacity @ 60 cum per hour | H14: =Sheet1!G53 -> 3594.04 | I14: hr | J14: =ROUND(B14*H14,2) -> 6002.05
B15: 1 | C15: hr | D15: Motor Grador for Grading @ 100 cum per hour | H15: =Sheet1!G52 -> 3834 | I15: hr | J15: =ROUND(B15*H15,2) -> 3834
B16: 4 | C16: hr | D16: Water tanker 6 KL | H16: =Sheet1!G58 -> 822 | I16: hr | J16: =ROUND(B16*H16,2) -> 3288
B17: 1 | C17: hr | D17: Vibratory roller 8T | H17: =Sheet1!G56 -> 3488.54 | I17: hr | J17: =ROUND(B17*H17,2) -> 3488.54
J18: =SUM(J14:J17) -> 16612.59
B19: (C) | C19: OH charges @ 4.615% on (A) + (B) | J19: =(J18+J12)*4.615/100 -> 780.99599
B20: (D) | C20: Total of (A) + (B)+( C) | J20: =J12+J18+J19 -> 17703.986
B21: (E) | C21: Add Contractors Profit at 10% on (D) | J21: =J20*10/100 -> 1770.3986
C22: Cost per 100 cum (D)+(E ) | J22: =SUM(J20:J21) -> 19474.385
C23: Rate per Cum | J23: =J22/100 -> 194.74385
D24: Rate per 1 cum | J24: =ROUND(J23,0) -> 195
J25: 1 Cum
A28: 1 | B28: Forming Subgrade with borrowed useful selected soils having MDD of not less than 1.75 gm/cc and CBR not less than 10%, from outside road boundary by mechanical means up to SDR with all leads and lifts including pre-watering of soil at borrow area, removal of top soil, excavation of soils at borrowed area, conveyance of soil, depositing the soil on the embankment, spreading soil, breaking clods, sectioning, grading and consolidation with 8 to 10 Tonnes Vibratory Road Roller @ OMC to meet requirement of table 300-2 of MoRT&H, including all hire and operational charges of T&P, complete for finished item of work as per MoRT&H (5th Revision) Specification Clause No. 305 | M28: .
B29: Unit : Cum | L29: Culvert 1000mm dia 8Nos 2 Rows
B30: Taking out put = 100 Cum | F30: Page 68,69 of MoRT&H SDB | L30: EW found | M30: 521 | N30: 0 | O30: 0
B31: (A) | C31: Labour | L31: Sand fill | M31: 29 | N31: 0 | O31: 0
B32: 0.04 | C32: day | D32: Mate | H32: =Sheet1!G47 -> 645 | I32: day | J32: =ROUND(B32*H32,2) -> 25.8 | L32: VCC 1 3 6 fou | M32: 29 | N32: 0 | O32: 0
B33: 1 | C33: day | D33: Mazdoor unskilled | H33: =Sheet1!G49 -> 595 | I33: day | J33: =ROUND(B33*H33,2) -> 595 | L33: VCC 1 3 6 body | M33: 126 | N33: 0 | O33: 0
J34: =SUM(J32:J33) -> 620.8 | L34: NP 4 1000mm | M34: 75 | N34: 9343 | O34: 700725
B35: (B) | C35: Machinery | L35: Filling gravel | M35: 218 | N35: 0 | O35: 0
B36: 1.67 | C36: hr | D36: Hydraulic Excavator 1 cum bucket capacity @ 60 cum per hour | H36: =Sheet1!G53 -> 3594.04 | I36: hr | J36: =ROUND(B36*H36,2) -> 6002.05 | O36: 700725
B37: 960 | C37: t.km | D37: Tipper (for 1 Km ) | F37: 160 | G37: =Lead!K44 -> 43 | H37: 8.7 | I37: t.km | J37: =ROUND(B37*H37,2) -> 8352 | L37: 44720
D38: Add 10% of cost of carriage to cover cost of loading and unloading | J38: 835.2 | L38: Protective works
B39: 0.5 | C39: hr | D39: Dozer 80 HP for spreading @ 200 cum per hour | H39: =Sheet1!G51 -> 3051.04 | I39: hr | J39: =ROUND(B39*H39,2) -> 1525.52 | L39: EW found | M39: 1224 | N39: 0 | O39: 0
B40: 1 | C40: hr | D40: Motor Grador for Grading @ 100 cum per hour | H40: =Sheet1!G52 -> 3834 | I40: hr | J40: =ROUND(B40*H40,2) -> 3834 | L40: Back filling gravel | M40: 1989 | N40: 1340 | O40: 2665260
B41: 4 | C41: hr | D41: Water tanker 6 KL | H41: =Sheet1!G58 -> 822 | I41: hr | J41: =ROUND(B41*H41,2) -> 3288 | L41: Revetment toe | M41: 1224 | N41: 1668 | O41: 2041632
B42: 1 | C42: hr | D42: Vibratory roller 8T | H42: =Sheet1!G56 -> 3488.54 | I42: hr | J42: =ROUND(B42*H42,2) -> 3488.54
J43: =SUM(J36:J42) -> 27325.31
B44: (D) | C44: OH charges @ 4.615% on (A) + (B)+( C) | J44: =(J34+J43)*4.615% -> 1289.713
B45: (E) | C45: Total of (A) + (B)+( C)+(D) | J45: =J44+J43+J34 -> 29235.823
B46: (F) | C46: Add Contractors Profit at 10% on (E) | J46: =J45*10/100 -> 2923.5823
C47: Cost per 100 cum (E) + (F) | J47: =SUM(J45:J46) -> 32159.405
C48: Rate per Cum | J48: =J47/100 -> 321.59405
D49: Rate per 1 cum | J49: =ROUND(J48,0) -> 322
J50: 1 Cum
A51: 1 | B51: Forming Subgrade with borrowed useful selected soils having MDD of not less than 1.75 gm/cc and CBR not less than 10%, from outside road boundary by mechanical means up to SDR with all leads and lifts including pre-watering of soil at borrow area, removal of top soil, excavation of soils at borrowed area, conveyance of soil, depositing the soil on the embankment, spreading soil, breaking clods, sectioning, grading and consolidation with 8 to 10 Tonnes Vibratory Road Roller @ OMC to meet requirement of table 300-2 of MoRT&H, including all hire and operational charges of T&P, complete for finished item of work as per MoRT&H (5th Revision) Specification Clause No. 305
B52: Unit : Cum | L52: Culvert 1000mm dia 8Nos 2 Rows
B53: Taking out put = 100 Cum | F53: Page 68,69 of MoRT&H SDB | L53: EW found | M53: 521 | N53: =N21 -> 0 | O53: =N53*M53 -> 0
B54: (A) | C54: Labour | L54: Sand fill | M54: 29 | N54: =N22 -> 0 | O54: =N54*M54 -> 0
B55: 0.04 | C55: day | D55: Mate | H55: =Sheet1!G47 -> 645 | I55: day | J55: =ROUND(B55*H55,2) -> 25.8 | L55: VCC 1 3 6 fou | M55: 29 | N55: =N23 -> 0 | O55: =N55*M55 -> 0
B56: 1 | C56: day | D56: Mazdoor unskilled | H56: =Sheet1!G49 -> 595 | I56: day | J56: =ROUND(B56*H56,2) -> 595 | L56: VCC 1 3 6 body | M56: 126 | N56: =N24 -> 0 | O56: =N56*M56 -> 0
J57: =SUM(J55:J56) -> 620.8 | L57: NP 4 1000mm | M57: 75 | N57: =J1196 -> 2707.63 | O57: =N57*M57 -> 203072.25
B58: (B) | C58: Machinery | L58: Filling gravel | M58: 218 | N58: =N26 -> 0 | O58: =N58*M58 -> 0
B59: 1.67 | C59: hr | D59: Hydraulic Excavator 1 cum bucket capacity @ 60 cum per hour | H59: =Sheet1!G53 -> 3594.04 | I59: hr | J59: =ROUND(B59*H59,2) -> 6002.05 | O59: =SUM(O53:O58) -> 203072.25
B60: =F60*G60 -> 6880 | C60: t.km | D60: Tipper (for 1 Km ) | F60: 160 | G60: =Lead!K44 -> 43 | H60: 8.7 | I60: t.km | J60: =ROUND(B60*H60,2) -> 59856 | L60: =6880*6.5 -> 44720
D61: Add 10% of cost of carriage to cover cost of loading and unloading | J61: =J60/10 -> 5985.6 | L61: Protective works
B62: 0.5 | C62: hr | D62: Dozer 80 HP for spreading @ 200 cum per hour | H62: =Sheet1!G51 -> 3051.04 | I62: hr | J62: =ROUND(B62*H62,2) -> 1525.52 | L62: EW found | M62: 1224 | N62: =N53 -> 0 | O62: =N62*M62 -> 0
B63: 1 | C63: hr | D63: Motor Grador for Grading @ 100 cum per hour | H63: =Sheet1!G52 -> 3834 | I63: hr | J63: =ROUND(B63*H63,2) -> 3834 | L63: Back filling gravel | M63: 1989 | N63: =J1270 -> 72599 | O63: =N63*M63 -> 144399411
B64: 4 | C64: hr | D64: Water tanker 6 KL | H64: =Sheet1!G58 -> 822 | I64: hr | J64: =ROUND(B64*H64,2) -> 3288 | L64: Revetment toe | M64: 1224 | N64: =J1253 -> 0 | O64: =N64*M64 -> 0
B65: 1 | C65: hr | D65: Vibratory roller 8T | H65: =Sheet1!G56 -> 3488.54 | I65: hr | J65: =ROUND(B65*H65,2) -> 3488.54 | L65: Grouted revet | M65: 2984 | N65: =J1646 -> 68.32 | O65: =N65*M65 -> 203866.88
J66: =SUM(J59:J65) -> 83979.71 | L66: VCC 1 3 6 | M66: 68 | N66: =N55 -> 0 | O66: =N66*M66 -> 0
B67: (D) | C67: OH charges @ 4.615% (10%-VAT-insurance) on (A) + (B)+( C) | J67: =(J66+J57)*4.615/100 -> 3904.3135 | O67: =SUM(O62:O66) -> 1.4460328e+08
B68: (E) | C68: Total of (A) + (B)+( C)+(D) | J68: =J67+J66+J57 -> 88504.824
B69: (F) | C69: Add Contractors Profit at 10% on (E) | J69: =J68*10/100 -> 8850.4824
C70: Cost per 100 cum (E) + (F) | J70: =SUM(J68:J69) -> 97355.306
C71: Rate per Cum | J71: =J70/100 -> 973.55306 | L71: Slab culvert ( 2Nos)
D72: Rate per 1 cum | J72: =SUM(J70:J71) -> 98328.859
J73: 1 Cum | L73: Dismantling | M73: 38 | N73: =J1806 -> 469.18 | O73: =N73*M73 -> 17828.84
C74: Rate per Cum | J74: =J72/100 -> 983.28859
D75: Rate per 1 cum | J75: =ROUNDUP(J74,0) -> 984
J76: 1 Cum
C78: Rate per Cum | J78: =J77/180 -> 0
D79: Rate per 1 cum | J79: =ROUND(J78,1) -> 0
J80: 1 Cum
A82: 4 | B82: Removal of unserviceable soils upto SDR including excavation, loading and disposal upto 1000 mts etc., complete for finished item of work as per MoRT&H specification 301 (5th Revision) and as directed by the Engineer-in-Charge
B83: Unit : Cum
B84: Taking out put = 360 Cum | F84: Page 58 of MoRT&H SDB
B85: (A) | C85: Labour
B86: 0.08 | C86: day | E86: Mate | H86: =Sheet1!G47 -> 645 | I86: day | J86: =ROUND(B86*H86,2) -> 51.6
B87: 2 | C87: day | E87: Mazdoor unskilled | H87: =Sheet1!G49 -> 595 | I87: day | J87: =ROUND(B87*H87,2) -> 1190
J88: =SUM(J86:J87) -> 1241.6
B89: (B) | C89: Machinery
B90: 6 | C90: hr | D90: Hydraulic Excavator 1 cum bucket capacity @ 60 cum per hour | H90: =Sheet1!G53 -> 3594.04 | I90: hr | J90: =ROUND(B90*H90,2) -> 21564.24
B91: 16 | C91: Hrs | D91: Tippers 5.50 cum capacity | H91: =Sheet1!G55 -> 1266.61 | I91: Hr | J91: =ROUND(B91*H91,2) -> 20265.76
J92: =SUM(J90:J91) -> 41830
B93: (C) | C93: OH charges @ 4.615% on (A) + (B) | J93: =(J88+J92)*4.615/100 -> 1987.7543
B94: (D) | C94: Total of (A) + (B)+( C) | J94: =J88+J92+J93 -> 45059.354
B95: (E) | C95: Add Contractors Profit at 10% on (D) | J95: =J94*10/100 -> 4505.9354
C96: Cost per 360 cum(D+(E) | J96: =SUM(J94:J95) -> 49565.29
C97: Rate per Cum | J97: =J96/360 -> 137.68136
D98: Rate per 1 cum | J98: =ROUND(J97,1) -> 137.7
J99: 1 Cum
A101: 5 | B101: Construction of Granular sub-base by providing HBG material confirming to Grading - III of MoRT&H Table 400-1 including cost and conveyance of all materials to work site and spreading in uniform layers with motor grader or by approved means, on prepared surface mixing by mix in place method with Rotavator / approved means at OMC and compacting with vibratory roller to achieve the desired density etc., complete for finished item of work as per MoRT&H Specification 401 (5th revision) and as directed by the Engineer-in-charge. | L101: =384/300 -> 1.28
B102: Unit = cum
B103: Taking output = 300 cum | F103: Page 95 of MoRT&H SDB
B104: (A) | C104: Labour
B105: 0.4 | C105: day | D105: Mate | H105: =Sheet1!$G$47 -> 645 | I105: day | J105: =ROUND(B105*H105,2) -> 258
B106: 2 | C106: day | D106: Mazdoor skilled | H106: =Sheet1!$G$48 -> 661 | I106: day | J106: =ROUND(B106*H106,2) -> 1322
B107: 8 | C107: day | D107: Mazdoor unskilled | H107: =Sheet1!$G$49 -> 595 | I107: day | J107: =ROUND(B107*H107,2) -> 4760
...

Sheet Certificate
A2: CERTIFICATE
A4: Name of Work :- | B4: =Cover!D20 -> Construction of Helipad with Cement concrete for the visit of Hon'ble Chief Minister of Andhra pradesh Sri Nara Chandrababu Naidu Garu on the occasion of "Pattadar Pass Book- distribution" Programme at Siddantham village of Penugonda mandal (Achanta constituency)in West Godavari District on 8.6.2026.
A7: Certified that I have personally inspected the above Road on Dated ……………………. and the provisions made in the estimate are essential and adequate.
A16: C E R T I F I C A T E S
A19: 1 | B19: Certified that the leads provided in the estimate are the shortest.
A21: 2 | B21: Certified that the leads noted herein are correct.
A23: 3 | B23: Certified that the availability of materials mentioned in the Quarries are adequate.
A25: 4 | B25: Certified that the description of the variety of materials noted are correct
A27: 5 | B27: Certified that the stage-I approval is not required as detailed investigation completed and designs are finalized. No land acquisition is required for taking up the subject work without interruption.
A29: 6 | B29: Certified that the selected soils for shoulders are not available with in a lead of 43 kms hence with an average carting lead of 43 kms is proposed for carting earth.
C33: Assistant Engineer (R&B) | H33: Deputy Executive Engineer (R&B)
C34: (R&B) Section - Penugonda | H34: (R&B) Sub Division - Tanuku
C38: Executive Engineer (R&B)
C39: (R&B) Division - Bhimavaram

Sheet Sheet1
B1: LEAD CHARGES | F1: Cost of Materials, Labour
C2: Earth/Gravel/Sand | D2: Metal | J2: Earth / Sand / Gravel | L2: Metal
B3: 1 | C3: 38.62 | D3: 37.07 | F3: Material Rates
B4: 2 | C4: 54.08 | D4: 51.91 | E4: MAT-00442 | F4: 60 to 63 mm IRC & MoRTH HBG metal | G4: 509 | H4: 5 | J4: 103 | L4: 98.86
B5: 3 | C5: 72.1 | D5: 69.21 | E5: MAT-00441 | F5: 50 to 55 mm IRC & MoRTH HBG metal | G5: 555 | H5: 6 | I5: 15.45 | J5: =J4+I5 -> 118.45 | K5: 14.83 | L5: =L4+K5 -> 113.69
B6: 4 | C6: 87.55 | D6: 84.04 | E6: MAT-00440 | F6: 40 to 45 mm IRC & MoRTH HBG metal | G6: 745 | H6: 7 | I6: 15.45 | J6: =J5+I6 -> 133.9 | K6: 14.83 | L6: =L5+K6 -> 128.52
B7: 5 | C7: 103 | D7: 98.86 | E7: MAT-00473 | F7: Quarry Rubbish | G7: 99 | H7: 8 | I7: 15.45 | J7: =J6+I7 -> 149.35 | K7: 14.83 | L7: =L6+K7 -> 143.35
B8: 6 | C8: =J5 -> 118.45 | D8: =L5 -> 113.69 | E8: MAT-00411 | F8: Roughstone 300mm (HBG) for revetment | G8: 163.8 | H8: 9 | I8: 15.45 | J8: =J7+I8 -> 164.8 | K8: 14.83 | L8: =L7+K8 -> 158.18
B9: 7 | C9: =J6 -> 133.9 | D9: =L6 -> 128.52 | E9: MAT-00410 | F9: Roughstone 225mm (HBG) for revetment | G9: 168.55 | H9: 10 | I9: 15.45 | J9: =J8+I9 -> 180.25 | K9: 14.83 | L9: =L8+K9 -> 173.01
B10: 8 | C10: =J7 -> 149.35 | D10: =L7 -> 143.35 | E10: MAT-00341 | F10: SS Revetment work 225mm | G10: 191 | H10: 11 | I10: 15.45 | J10: =J9+I10 -> 195.7 | K10: 14.83 | L10: =L9+K10 -> 187.84
B11: 9 | C11: =J8 -> 164.8 | D11: =L8 -> 158.18 | E11: MAT-00176 | F11: SS Revetment work 300mm | G11: 206 | H11: 12 | I11: 15.45 | J11: =J10+I11 -> 211.15 | K11: 14.83 | L11: =L10+K11 -> 202.67
B12: 10 | C12: =J9 -> 180.25 | D12: =L9 -> 173.01 | E12: MAT-00406 | F12: SS Revetment work 450mm | G12: 148.55 | H12: 13 | I12: 15.45 | J12: =J11+I12 -> 226.6 | K12: 14.83 | L12: =L11+K12 -> 217.5
B13: 11 | C13: =J10 -> 195.7 | D13: =L10 -> 187.84 | E13: MAT-00408 | F13: Laterite for Revetment 225mm | G13: 129.5 | H13: 14 | I13: 15.45 | J13: =J12+I13 -> 242.05 | K13: 14.83 | L13: =L12+K13 -> 232.33
B14: 12 | C14: =J11 -> 211.15 | D14: =L11 -> 202.67 | E14: MAT-00409 | F14: Laterite for Revetment 300mm | G14: 151.43 | H14: 15 | I14: 15.45 | J14: =J13+I14 -> 257.5 | K14: 14.83 | L14: =L13+K14 -> 247.16
B15: 13 | C15: =J12 -> 226.6 | D15: =L12 -> 217.5 | E15: MAT-00407 | F15: Jeddy stone above 450mm to 600mm | G15: 223 | H15: 16 | I15: 15.45 | J15: =J14+I15 -> 272.95 | K15: 14.83 | L15: =L14+K15 -> 261.99
B16: 14 | C16: =J13 -> 242.05 | D16: =L13 -> 232.33 | E16: MAT-00468 MAT-00469 | F16: Quarry spall (Field picked metal) Av. Of rate 25mm & 40mm | G16: =(43.8+50.5)/2 -> 47.15 | H16: 17 | I16: 15.45 | J16: =J15+I16 -> 288.4 | K16: 14.83 | L16: =L15+K16 -> 276.82 | N16: =+(43.8+50.5)/2 -> 47.15
B17: 15 | C17: =J14 -> 257.5 | D17: =L14 -> 247.16 | E17: MAT-00464 | F17: 150 mm soling stone HBG metal | G17: 105 | H17: 18 | I17: 15.45 | J17: =J16+I17 -> 303.85 | K17: 14.83 | L17: =L16+K17 -> 291.65
B18: 16 | C18: =J15 -> 272.95 | D18: =L15 -> 261.99 | E18: MAT-00440 | F18: 40 to 45 mm IRC & MoRTH HBG M/C metal | G18: 745 | H18: 19 | I18: 15.45 | J18: =J17+I18 -> 319.3 | K18: 14.83 | L18: =L17+K18 -> 306.48
B19: 17 | C19: =J16 -> 288.4 | D19: =L16 -> 276.82 | E19: MAT-00439 | F19: 25 to 27 mm IRC & MoRTH HBG M/C metal | G19: 1163 | H19: 20 | I19: 15.45 | J19: =J18+I19 -> 334.75 | K19: 14.83 | L19: =L18+K19 -> 321.31
B20: 18 | C20: =J17 -> 303.85 | D20: =L17 -> 291.65 | E20: MAT-00438 | F20: 19 to 22 mm IRC & MoRTH HBG M/C metal | G20: 1170 | H20: 21 | I20: 15.45 | J20: =J19+I20 -> 350.2 | K20: 14.83 | L20: =L19+K20 -> 336.14
B21: 19 | C21: =J18 -> 319.3 | D21: =L18 -> 306.48 | E21: MAT-00437 | F21: 12 to 14 mm IRC & MoRTH HBG M/C metal | G21: 951 | H21: 22 | I21: 15.45 | J21: =J20+I21 -> 365.65 | K21: 14.83 | L21: =L20+K21 -> 350.97
B22: 20 | C22: =J19 -> 334.75 | D22: =L19 -> 321.31 | E22: MAT-00436 | F22: 9.5 to 11.20 mm IRC & MoRTH HBG M/C metal | G22: 840 | H22: 23 | I22: 15.45 | J22: =J21+I22 -> 381.1 | K22: 14.83 | L22: =L21+K22 -> 365.8
B23: 21 | C23: =J20 -> 350.2 | D23: =L20 -> 336.14 | E23: MAT-00435 | F23: 5 to 7 mm IRC & MoRTH HBG M/C metal | G23: 716 | H23: 24 | I23: 15.45 | J23: =J22+I23 -> 396.55 | K23: 14.83 | L23: =L22+K23 -> 380.63
B24: 22 | C24: =J21 -> 365.65 | D24: =L21 -> 350.97 | E24: MAT-00434 | F24: 2.36 to 5 mm IRC & MoRTH HBG M/C metal | G24: 487 | H24: 25 | I24: 15.45 | J24: =J23+I24 -> 412 | K24: 14.83 | L24: =L23+K24 -> 395.46
B25: 23 | C25: =J22 -> 381.1 | D25: =L22 -> 365.8 | E25: MAT-00068 | F25: HBG Stone chips 2.36mm and below | G25: 466 | H25: 26 | I25: 15.45 | J25: =J24+I25 -> 427.45 | K25: 14.83 | L25: =L24+K25 -> 410.29
B26: 24 | C26: =J23 -> 396.55 | D26: =L23 -> 380.63 | E26: MAT-00177 | F26: Gravel | G26: 165 | H26: 27 | I26: 15.45 | J26: =J25+I26 -> 442.9 | K26: 14.83 | L26: =L25+K26 -> 425.12
B27: 25 | C27: =J24 -> 412 | D27: =L24 -> 395.46 | E27: MAT-00220 | F27: 40 mm SS-5 m/c HBG metal | G27: 770 | H27: 28 | I27: 15.45 | J27: =J26+I27 -> 458.35 | K27: 14.83 | L27: =L26+K27 -> 439.95
B28: 26 | C28: =J25 -> 427.45 | D28: =L25 -> 410.29 | E28: MAT-00219 | F28: 25 mm SS-5 m/c HBG metal | G28: 1230 | H28: 29 | I28: 15.45 | J28: =J27+I28 -> 473.8 | K28: 14.83 | L28: =L27+K28 -> 454.78
... B35: 33 | C35: =J32 -> 527.86 | D35: =L32 -> 506.69 | E35: MAT-00029 | F35: Sand for Mortar | G35: 728 | H35: 36 | I35: 12.87 | J35: =J34+I35 -> 566.47 | K35: 12.36 | L35: =L34+K35 -> 543.77
B36: 34 | C36: =J33 -> 540.73 | D36: =L33 -> 519.05 | H36: 37 | I36: 12.87 | J36: =J35+I36 -> 579.34 | K36: 12.36 | L36: =L35+K36 -> 556.13
B37: 35 | C37: =J34 -> 553.6 | D37: =L34 -> 531.41 | H37: 38 | I37: 12.87 | J37: =J36+I37 -> 592.21 | K37: 12.36 | L37: =L36+K37 -> 568.49
B38: 36 | C38: =J35 -> 566.47 | D38: =L35 -> 543.77 | H38: 39 | I38: 12.87 | J38: =J37+I38 -> 605.08 | K38: 12.36 | L38: =L37+K38 -> 580.85
B39: 37 | C39: =J36 -> 579.34 | D39: =L36 -> 556.13 | F39: Blasting charges | H39: 40 | I39: 12.87 | J39: =J38+I39 -> 617.95 | K39: 12.36 | L39: =L38+K39 -> 593.21
B40: 38 | C40: =J37 -> 592.21 | D40: =L37 -> 568.49 | F40: Blasting charges | G40: 70 | H40: 41 | I40: 12.87 | J40: =J39+I40 -> 630.82 | K40: 12.36 | L40: =L39+K40 -> 605.57
B41: 39 | C41: =J38 -> 605.08 | D41: =L38 -> 580.85 | F41: Blasting charges for rough stone | G41: 70 | H41: 42 | I41: 12.87 | J41: =J40+I41 -> 643.69 | K41: 12.36 | L41: =L40+K41 -> 617.93
B42: 40 | C42: =J39 -> 617.95 | D42: =L39 -> 593.21 | F42: Seigniorage charges | H42: 43 | I42: 12.87 | J42: =J41+I42 -> 656.56 | K42: 12.36 | L42: =L41+K42 -> 630.29
B43: 41 | C43: =J40 -> 630.82 | D43: =L40 -> 605.57 | F43: Metal | G43: 90 | H43: 44 | I43: 12.87 | J43: =J42+I43 -> 669.43 | K43: 12.36 | L43: =L42+K43 -> 642.65
B44: 42 | C44: =J41 -> 643.69 | D44: =L41 -> 617.93 | F44: Gravel/earth | G44: 45 | H44: 45 | I44: 12.87 | J44: =J43+I44 -> 682.3 | K44: 12.36 | L44: =L43+K44 -> 655.01
B45: 43 | C45: =J42 -> 656.56 | D45: =L42 -> 630.29 | F45: Sand | G45: 100 | H45: 46 | I45: 12.87 | J45: =J44+I45 -> 695.17 | K45: 12.36 | L45: =L44+K45 -> 667.37
B46: 44 | C46: =J43 -> 669.43 | D46: =L43 -> 642.65 | F46: Labour Rates | H46: 47 | I46: 12.87 | J46: =J45+I46 -> 708.04 | K46: 12.36 | L46: =L45+K46 -> 679.73
B47: 45 | C47: =J44 -> 682.3 | D47: =L44 -> 655.01 | E47: LAB-00117 | F47: Mate | G47: 645 | H47: 48 | I47: 12.87 | J47: =J46+I47 -> 720.91 | K47: 12.36 | L47: =L46+K47 -> 692.09
B48: 46 | C48: =J45 -> 695.17 | D48: =L45 -> 667.37 | E48: LAB-00011 LAB-00091 | F48: Mazdoor skilled | G48: =0.3*710+0.7*640 -> 661 | H48: 49 | I48: 12.87 | J48: =J47+I48 -> 733.78 | K48: 12.36 | L48: =L47+K48 -> 704.45
B49: 47 | C49: =J46 -> 708.04 | D49: =L46 -> 679.73 | E49: LAB-00120 | F49: Mazdoor unskilled | G49: 595 | H49: 50 | I49: 12.87 | J49: =J48+I49 -> 746.65 | K49: 12.36 | L49: =L48+K49 -> 716.81
B50: 48 | C50: =J47 -> 720.91 | D50: =L47 -> 692.09 | F50: Machinery Rates | H50: 51 | I50: 12.87 | J50: =J49+I50 -> 759.52 | K50: 12.36 | L50: =L49+K50 -> 729.17
B51: 49 | C51: =J48 -> 733.78 | D51: =L48 -> 704.45 | E51: HIR-00008 | F51: Dozer 80 HP for spreading @ 200 cum per hour | G51: 3051.04 | H51: 52 | I51: 12.87 | J51: =J50+I51 -> 772.39 | K51: 12.36 | L51: =L50+K51 -> 741.53
B52: 50 | C52: =J49 -> 746.65 | D52: =L49 -> 716.81 | E52: HIR-00073 | F52: Motor grader 3.35M Blade @50 cum/Hr | G52: 3834 | H52: 53 | I52: 12.87 | J52: =J51+I52 -> 785.26 | K52: 12.36 | L52: =L51+K52 -> 753.89
B53: 51 | C53: =J50 -> 759.52 | D53: =L50 -> 729.17 | E53: HIR-00052 | F53: Hydralic excavator | G53: 3594.04 | H53: 54 | I53: 12.87 | J53: =J52+I53 -> 798.13 | K53: 12.36 | L53: =L52+K53 -> 766.25
B54: 52 | C54: =J51 -> 772.39 | D54: =L51 -> 741.53 | E54: HIR-00074 | F54: Front end loader 1 cum capacity | G54: 2043 | H54: 55 | I54: 12.87 | J54: =J53+I54 -> 811 | K54: 12.36 | L54: =L53+K54 -> 778.61
B55: 53 | C55: =J52 -> 785.26 | D55: =L52 -> 753.89 | E55: HIR-00054 | F55: Tipper 5.5 cum | G55: 1266.61 | H55: 56 | I55: 12.87 | J55: =J54+I55 -> 823.87 | K55: 12.36 | L55: =L54+K55 -> 790.97
B56: 54 | C56: =J53 -> 798.13 | D56: =L53 -> 766.25 | E56: HIR-00062 | F56: Vibratory roller 8T | G56: 3488.54 | H56: 57 | I56: 12.87 | J56: =J55+I56 -> 836.74 | K56: 12.36 | L56: =L55+K56 -> 803.33
B57: 55 | C57: =J54 -> 811 | D57: =L54 -> 778.61 | E57: HIR-00050 | F57: Smooth wheeled roller 8 Ton | G57: 1737.71 | H57: 58 | I57: 12.87 | J57: =J56+I57 -> 849.61 | K57: 12.36 | L57: =L56+K57 -> 815.69
B58: 56 | C58: =J55 -> 823.87 | D58: =L55 -> 790.97 | E58: HIR-00076 | F58: Water tanker 6 KL | G58: 822 | H58: 59 | I58: 12.87 | J58: =J57+I58 -> 862.48 | K58: 12.36 | L58: =L57+K58 -> 828.05
B59: 57 | C59: =J56 -> 836.74 | D59: =L56 -> 803.33 | E59: HIR-00077 | F59: Tractor | G59: 536 | H59: 60 | I59: 12.87 | J59: =J58+I59 -> 875.35 | K59: 12.36 | L59: =L58+K59 -> 840.41
B60: 58 | C60: =J57 -> 849.61 | D60: =L57 -> 815.69 | E60: HIR-00078 | F60: Tractor with Rotavator | G60: 548 | H60: 61 | I60: 12.87 | J60: =J59+I60 -> 888.22 | K60: 12.36 | L60: =L59+K60 -> 852.77
B61: 59 | C61: =J58 -> 862.48 | D61: =L58 -> 828.05 | E61: HIR-00079 | F61: Tractor with ripper attachment @ 60 cum per hour | G61: 548 | H61: 62 | I61: 12.87 | J61: =J60+I61 -> 901.09 | K61: 12.36 | L61: =L60+K61 -> 865.13
B62: 60 | C62: =J59 -> 875.35 | D62: =L59 -> 840.41 | E62: HIR-00002 | F62: Air compressor 250 cfm | G62: 651.58 | H62: 63 | I62: 12.87 | J62: =J61+I62 -> 913.96 | K62: 12.36 | L62: =L61+K62 -> 877.49
... B76: 74 | C76: =J73 -> 1055.53 | D76: =L73 -> 1013.45 | E76: HIR-00018 | F76: Concrete mixer 0.4/0.28 cum | G76: 708.08 | H76: 77 | I76: 12.87 | J76: =J75+I76 -> 1094.14 | K76: 12.36 | L76: =L75+K76 -> 1050.53
B77: 75 | C77: =J74 -> 1068.4 | D77: =L74 -> 1025.81 | E77: HIR-00054 | F77: Tipper 5.50 cum capacity per Tonne per km | G77: =[277]Sheet3!F17 -> 8.6 | H77: 78 | I77: 12.87 | J77: =J76+I77 -> 1107.01 | K77: 12.36 | L77: =L76+K77 -> 1062.89
B78: 76 | C78: =J75 -> 1081.27 | D78: =L75 -> 1038.17 | E78: HIR-00054 | F78: Tipper 5.50 cum per km | G78: =G77*10 -> 86 | H78: 79 | I78: 12.87 | J78: =J77+I78 -> 1119.88 | K78: 12.36 | L78: =L77+K78 -> 1075.25
B79: 77 | C79: =J76 -> 1094.14 | D79: =L76 -> 1050.53 | E79: HIR-00115 | F79: Plate compactor / Power rammer | G79: 70 | H79: 80 | I79: 12.87 | J79: =J78+I79 -> 1132.75 | K79: 12.36 | L79: =L78+K79 -> 1087.61
B80: 78 | C80: =J77 -> 1107.01 | D80: =L77 -> 1062.89 | E80: MAT-00029 | F80: Sand for Mortar | G80: 728 | H80: 81 | I80: 12.87 | J80: =J79+I80 -> 1145.62 | K80: 12.36 | L80: =L79+K80 -> 1099.97
B81: 79 | C81: =J78 -> 1119.88 | D81: =L78 -> 1075.25 | E81: LAB-00002 | F81: Blacksmith | G81: 670 | H81: 82 | I81: 12.87 | J81: =J80+I81 -> 1158.49 | K81: 12.36 | L81: =L80+K81 -> 1112.33
B82: 80 | C82: =J79 -> 1132.75 | D82: =L79 -> 1087.61 | E82: LAB-00034 | F82: Driller | G82: 780 | H82: 83 | I82: 12.87 | J82: =J81+I82 -> 1171.36 | K82: 12.36 | L82: =L81+K82 -> 1124.69
B83: 81 | C83: =J80 -> 1145.62 | D83: =L80 -> 1099.97 | E83: LAB-00003 | F83: Blaster | G83: 780 | H83: 84 | I83: 12.87 | J83: =J82+I83 -> 1184.23 | K83: 12.36 | L83: =L82+K83 -> 1137.05
B84: 82 | C84: =J81 -> 1158.49 | D84: =L81 -> 1112.33 | E84: HIR-00085 | F84: Hot mix Plant 100 to 120 TPH | G84: 31115 | H84: 85 | I84: 12.87 | J84: =J83+I84 -> 1197.1 | K84: 12.36 | L84: =L83+K84 -> 1149.41
B85: 83 | C85: =J82 -> 1171.36 | D85: =L82 -> 1124.69 | E85: HIR-00088 | F85: Paver finisher hydrostatic with sensor control | G85: 3891 | H85: 86 | I85: 12.87 | J85: =J84+I85 -> 1209.97 | K85: 12.36 | L85: =L84+K85 -> 1161.77
B86: 84 | C86: =J83 -> 1184.23 | D86: =L83 -> 1137.05 | E86: HIR-00011 | F86: C C Batch mix plant @ 50 cum per hour | G86: 1607.25 | H86: 87 | I86: 12.87 | J86: =J85+I86 -> 1222.84 | K86: 12.36 | L86: =L85+K86 -> 1174.13
B87: 85 | C87: =J84 -> 1197.1 | D87: =L84 -> 1149.41 | E87: HIR-00112 | F87: Generator 100 KVA | G87: 1567 | H87: 88 | I87: 12.87 | J87: =J86+I87 -> 1235.71 | K87: 12.36 | L87: =L86+K87 -> 1186.49
B88: 86 | C88: =J85 -> 1209.97 | D88: =L85 -> 1161.77 | E88: HIR-00106 | F88: Concrete paver finisher with 40 HP motor for paving of Concrete surface | G88: 3863 | H88: 89 | I88: 12.87 | J88: =J87+I88 -> 1248.58 | K88: 12.36 | L88: =L87+K88 -> 1198.85
B89: 87 | C89: =J86 -> 1222.84 | D89: =L86 -> 1174.13 | E89: MAT-00015 | F89: Curing Compound / liter (irrigation) | G89: 144 | H89: 90 | I89: 12.87 | J89: =J88+I89 -> 1261.45 | K89: 12.36 | L89: =L88+K89 -> 1211.21
B90: 88 | C90: =J87 -> 1235.71 | D90: =L87 -> 1186.49 | E90: MAT-00300 | F90: Sealant Primer / Kg | G90: 193 | H90: 91 | I90: 12.87 | J90: =J89+I90 -> 1274.32 | K90: 12.36 | L90: =L89+K90 -> 1223.57
... B94: 92 | C94: =J91 -> 1287.19 | D94: =L91 -> 1235.93 | E94: MAT-00295 | F94: Pre moulded Joint filler, 25 mm thick for expansion joint / sqm | G94: 296 | H94: 95 | I94: 12.87 | J94: =J93+I94 -> 1325.8 | K94: 12.36 | L94: =L93+K94 -> 1273.01
B95: 93 | C95: =J92 -> 1300.06 | D95: =L92 -> 1248.29 | F95: Concrete joint cutting macine / hr for CC Pvmt | G95: 220 | H95: 96 | I95: 12.87 | J95: =J94+I95 -> 1338.67 | K95: 12.36 | L95: =L94+K95 -> 1285.37
B96: 94 | C96: =J93 -> 1312.93 | D96: =L93 -> 1260.65 | F96: Texturing Machine / hour for CC Pavement | G96: 450 | H96: 97 | I96: 12.87 | J96: =J95+I96 -> 1351.54 | K96: 12.36 | L96: =L95+K96 -> 1297.73
B97: 95 | C97: =J94 -> 1325.8 | D97: =L94 -> 1273.01 | E97: MAT-00539 | F97: Separation Membrane of impermeable plastic sheeting 125 micron thick / sqm | G97: 15.25 | H97: 98 | I97: 12.87 | J97: =J96+I97 -> 1364.41 | K97: 12.36 | L97: =L96+K97 -> 1310.09
B98: 96 | C98: =J95 -> 1338.67 | D98: =L95 -> 1285.37 | E98: MAT-00264 | F98: Gelatin per kg | G98: 71 | H98: 99 | I98: 12.87 | J98: =J97+I98 -> 1377.28 | K98: 12.36 | L98: =L97+K98 -> 1322.45
B99: 97 | C99: =J96 -> 1351.54 | D99: =L96 -> 1297.73 | E99: MAT-00021 | F99: Electric Detonators / each | G99: 12 | H99: 100 | I99: 12.87 | J99: =J98+I99 -> 1390.15 | K99: 12.36 | L99: =L98+K99 -> 1334.81
B100: 98 | C100: =J97 -> 1364.41 | D100: =L97 -> 1310.09 | E100: MAT-00249 | F100: Credit for excavated rock found suitable for use per cum / Irrigatiion item/ | G100: 253 | H100: 101 | I100: 12.87 | J100: =J99+I100 -> 1403.02 | K100: 12.36 | L100: =L99+K100 -> 1347.17
B101: 99 | C101: =J98 -> 1377.28 | D101: =L98 -> 1322.45 | E101: MAT-00003 | F101: Binding Wire | G101: 64 | H101: 102 | I101: 12.87 | J101: =J100+I101 -> 1415.89 | K101: 12.36 | L101: =L100+K101 -> 1359.53
B102: 100 | C102: =J99 -> 1390.15 | D102: =L99 -> 1334.81 | E102: HIR-00103 | F102: Kerb casting machine / hr | G102: 617 | H102: 103 | I102: 12.87 | J102: =J101+I102 -> 1428.76 | K102: 12.36 | L102: =L101+K102 -> 1371.89
B103: 101 | C103: =J100 -> 1403.02 | D103: =L100 -> 1347.17 | E103: MAT-00072 | F103: Synthetic enamel paint Si. No. 71 of material / Irrigation SoR | G103: 265 | H103: 104 | I103: 12.87 | J103: =J102+I103 -> 1441.63 | K103: 12.36 | L103: =L102+K103 -> 1384.25
B104: 102 | C104: =J101 -> 1415.89 | D104: =L101 -> 1359.53 | E104: MAT-05916 | F104: 100 mm dia A C Pipe (PH - Table 8) | G104: 313 | H104: 105 | I104: 12.87 | J104: =J103+I104 -> 1454.5 | K104: 12.36 | L104: =L103+K104 -> 1396.61
B105: 103 | C105: =J102 -> 1428.76 | D105: =L102 -> 1371.89 | E105: MAT-00260 | F105: Galvanised MS Flat Camp (Irrigation M-101) | G105: 185 | H105: 106 | I105: 12.87 | J105: =J104+I105 -> 1467.37 | K105: 12.36 | L105: =L104+K105 -> 1408.97
B106: 104 | C106: =J103 -> 1441.63 | D106: =L103 -> 1384.25 | E106: MAT-01592 | F106: Mastic Pad 25.4 mm thickness | G106: 959 | H106: 107 | I106: 12.87 | J106: =J105+I106 -> 1480.24 | K106: 12.36 | L106: =L105+K106 -> 1421.33
B107: 105 | C107: =J104 -> 1454.5 | D107: =L104 -> 1396.61 | E107: MAT-01593 | F107: Mastic Pad 12.7 mm thickness | G107: 549 | H107: 108 | I107: 12.87 | J107: =J106+I107 -> 1493.11 | K107: 12.36 | L107: =L106+K107 -> 1433.69
B108: 106 | C108: =J105 -> 1467.37 | D108: =L105 -> 1408.97 | H108: 109 | I108: 12.87 | J108: =J107+I108 -> 1505.98 | K108: 12.36 | L108: =L107+K108 -> 1446.05
B109: 107 | C109: =J106 -> 1480.24 | D109: =L106 -> 1421.33 | H109: 110 | I109: 12.87 | J109: =J108+I109 -> 1518.85 | K109: 12.36 | L109: =L108+K109 -> 1458.41
B110: 108 | C110: =J107 -> 1493.11 | D110: =L107 -> 1433.69 | H110: 111 | I110: 12.87 | J110: =J109+I110 -> 1531.72 | K110: 12.36 | L110: =L109+K110 -> 1470.77
B111: 109 | C111: =J108 -> 1505.98 | D111: =L108 -> 1446.05 | H111: 112 | I111: 12.87 | J111: =J110+I111 -> 1544.59 | K111: 12.36 | L111: =L110+K111 -> 1483.13
B112: 110 | C112: =J109 -> 1518.85 | D112: =L109 -> 1458.41 | H112: 113 | I112: 12.87 | J112: =J111+I112 -> 1557.46 | K112: 12.36 | L112: =L111+K112 -> 1495.49
B113: 111 | C113: =J110 -> 1531.72 | D113: =L110 -> 1470.77 | H113: 114 | I113: 12.87 | J113: =J112+I113 -> 1570.33 | K113: 12.36 | L113: =L112+K113 -> 1507.85
B114: 112 | C114: =J111 -> 1544.59 | D114: =L111 -> 1483.13 | H114: 115 | I114: 12.87 | J114: =J113+I114 -> 1583.2 | K114: 12.36 | L114: =L113+K114 -> 1520.21
B115: 113 | C115: =J112 -> 1557.46 | D115: =L112 -> 1495.49 | F115: Tipper 10Tonne capacity for carriage of stone | H115: 116 | I115: 12.87 | J115: =J114+I115 -> 1596.07 | K115: 12.36 | L115: =L114+K115 -> 1532.57
B116: 114 | C116: =J113 -> 1570.33 | D116: =L113 -> 1507.85 | F116: chips from stock pile on road side to chip | H116: 117 | I116: 12.87 | J116: =J115+I116 -> 1608.94 | K116: 12.36 | L116: =L115+K116 -> 1544.93
B117: 115 | C117: =J114 -> 1583.2 | D117: =L114 -> 1520.21 | F117: spreader | H117: 118 | I117: 12.87 | J117: =J116+I117 -> 1621.81 | K117: 12.36 | L117: =L116+K117 -> 1557.29
B118: 116 | C118: =J115 -> 1596.07 | D118: =L115 -> 1532.57 | H118: 119 | I118: 12.87 | J118: =J117+I118 -> 1634.68 | K118: 12.36 | L118: =L117+K118 -> 1569.65
B119: 117 | C119: =J116 -> 1608.94 | D119: =L116 -> 1544.93 | E119: MAT-00521 | F119: Picking rate as per SSR 2024-25 | G119: 70 | H119: 120 | I119: 12.87 | J119: =J118+I119 -> 1647.55 | K119: 12.36 | L119: =L118+K119 -> 1582.01
B120: 118 | C120: =J117 -> 1621.81 | D120: =L117 -> 1557.29 | H120: 121 | I120: 12.87 | J120: =J119+I120 -> 1660.42 | K120: 12.36 | L120: =L119+K120 -> 1594.37
B121: 119 | C121: =J118 -> 1634.68 | D121: =L118 -> 1569.65 | E121: LAB-00093 | F121: Painter Class 2 | G121: 640 | H121: 122 | I121: 12.87 | J121: =J120+I121 -> 1673.29 | K121: 12.36 | L121: =L120+K121 -> 1606.73
B122: 120 | C122: =J119 -> 1647.55 | D122: =L119 -> 1582.01 | E122: LAB-00035 | F122: Painter Class 1 | G122: 795 | H122: 123 | I122: 12.87 | J122: =J121+I122 -> 1686.16 | K122: 12.36 | L122: =L121+K122 -> 1619.09
...

Sheet Sheet2
C12: Capacity of Tipper | D12: 5.5 | E12: Cum
C13: Taking 80% Out Put | D13: =+D12*80% -> 4.4 | E13: Cum
C14: Lead | D14: 1 | E14: Km
C16: Loading Time | D16: 2.15 | E16: min
C17: Loaded Haul @ 25 Km/hr | D17: 2.4 | E17: min
C18: Empty Haul @ 25 Km/hr | D18: 2.4 | E18: min
C19: Spotting, turning and Unloading time | D19: 1.4 | E19: min
C20: Total | D20: =SUM(D16:D19) -> 8.35 | E20: min
C21: Say | D21: 8 | E21: min
C23: Quantity to be carried per hour | D23: =(50/8)*D12 -> 34.375 | E23: Cum/Hr | G23: =941.6/D27 -> 25.554433
C26: 5.50 Cum/Hour | D26: =Sheet1!G55 -> 1266.61
D27: =+D26/D23 -> 36.846836
E28: =+D23/5.5 -> 6.25 | F28: =+D26*E28 -> 7916.3125
E30: 6.25

Sheet 1 Lead
D7: EGK Road | E7: Metal | F7: 0 | H7: Katheru | I7: 0
E8: Gravel | F8: 0
E9: Sand | F9: 0
E10: Hume Pipes | F10: 0
E12: Bitumen
E13: Vizag | F13: 0
E14: Chennai | F14: 0

Sheet Sheet3
B1: CHAPTER - I
B2: Description | C2: Unit | D2: Quantity | E2: Rate Rs | F2: Cost Rs
A3: 1.4 | B3: Cost of Haulage Excluding Loading and Unloading
B4: Haulage of materials by tipper excluding cost of loading, unloading and stacking.
B5: Unit = t.km
B6: Taking output 10 tonnes load and lead 10 km = 100 t.km
B7: Surfaced Road
B8: Speed with load : 25 km / hour.
B9: Speed while Returning empty :35 km / hour.
B10: a) Machinery.
B11: Tipper 10 tonne capacity
B12: Time taken for onward haulage with load | C12: hour | D12: 0.4 | E12: =Sheet1!G55 -> 1266.61 | F12: =D12*E12 -> 506.644
B13: Time taken for empty return trip. | C13: hour | D13: 0.29 | E13: =Sheet1!G55 -> 1266.61 | F13: =D13*E13 -> 367.3169
B14: ="b) Overhead charges @"&" "&[278]INPUT!$C$333&""&" on (a)" -> b) Overhead charges @ input on (a)
B15: ="c) Contractor's profit @"&" "&[278]INPUT!$C$334&""&" on (a+b) " -> c) Contractor's profit @ input on (a+b)
B16: cost for 100 t km = a+b+c | F16: =SUM(F12:F15) -> 873.9609
B17: Rate per t.km = (a+b+c)/100 | E17: Rs. | F17: =ROUND(F16/100,1) -> 8.7

Sheet Carting Earth Abstract
A2: Name of Work :- | C2: =Cover!D20 -> Construction of Helipad with Cement concrete for the visit of Hon'ble Chief Minister of Andhra pradesh Sri Nara Chandrababu Naidu Garu on the occasion of "Pattadar Pass Book- distribution" Programme at Siddantham village of Penugonda mandal (Achanta constituency)in West Godavari District on 8.6.2026.
A4: Forming Embankment with Borrowed usefull earth
A5: ABSTRACT
A7: S. No. | B7: Description of Item | D7: No | E7: L | F7: B | G7: D | H7: Quantity
A8: 1 | B8: Km 3.200 to 3.400 | C8: L/s | D8: 1 | E8: 200 | F8: 1/2*(1.5*2) | H8: =E8*(1/2*(1.5*2)) -> 300
C9: R/s | D9: 1 | E9: 200 | F9: 1/2*(1.8*2) | H9: =E9*(1/2*(1.8*2)) -> 360
A10: 2 | B10: Km 3.400 to 3.600 | C10: L/s | D10: 1 | E10: 200 | F10: 1/2*(1.7*1.9) | H10: =E10*(1/2*(1.7*1.9)) -> 323
C11: R/s | D11: 1 | E11: 200 | F11: 1/2*(1.9*1.9) | H11: =E11*(1/2*(1.9*1.9)) -> 361
A12: 3 | B12: Km 3.600 to 3.800 | C12: L/s | D12: 1 | E12: 200 | F12: 1/2*(1.65*1.95) | H12: =E12*(1/2*(1.65*1.95)) -> 321.75
C13: R/s | D13: 1 | E13: 200 | F13: 1/2*(1.9*1.95) | H13: =E13*(1/2*(1.9*1.95)) -> 370.5
A14: 4 | B14: Km 3.800 to 4.000 | C14: L/s | D14: 1 | E14: 200 | F14: 1/2*(1.75*1.8) | H14: =E14*(1/2*(1.75*1.8)) -> 315
C15: R/s | D15: 1 | E15: 200 | F15: 1/2*(1.6*1.8) | H15: =E15*(1/2*(1.6*1.8)) -> 288
A16: 5 | B16: Km 4.000 to 4.200 | C16: L/s | D16: 1 | E16: 200 | F16: 1/2*(2.0*1.7) | H16: =E16*(1/2*(2*1.7)) -> 340
C17: R/s | D17: 1 | E17: 200 | F17: 1/2*(1.6*1.7) | H17: =E17*(1/2*(1.6*1.7)) -> 272
A18: 6 | B18: Km 4.200 to 4.400 | C18: L/s | D18: 1 | E18: 200 | F18: 1/2*(1.8*1.65) | H18: =E18*(1/2*(1.8*1.65)) -> 297
C19: R/s | D19: 1 | E19: 200 | F19: 1/2*(1.4*1.65) | H19: =E19*(1/2*(1.4*1.65)) -> 231
A20: 7 | B20: Km 4.400 to 4.600 | C20: L/s | D20: 1 | E20: 200 | F20: 1/2*(1.9*1.7) | H20: =E20*(1/2*(1.9*1.7)) -> 323
C21: R/s | D21: 1 | E21: 200 | F21: 1/2*(1.8*1.7) | H21: =E21*(1/2*(1.8*1.7)) -> 306
A22: 8 | B22: Km 5.400 to 5.600 | C22: L/s | D22: 1 | E22: 200 | F22: 1/2*(1.3*1.8) | H22: =E22*(1/2*(1.3*1.8)) -> 234
C23: R/s | D23: 1 | E23: 200 | F23: 1/2*(1.6*1.8) | H23: =E23*(1/2*(1.6*1.8)) -> 288
A24: 9 | B24: Km 5.600 to 5.800 | C24: L/s | D24: 1 | E24: 200 | F24: 1/2*(1.6*1.6) | H24: =E24*(1/2*(1.6*1.6)) -> 256
C25: R/s | D25: 1 | E25: 200 | F25: 1/2*(1.5*1.6) | H25: =E25*(1/2*(1.5*1.6)) -> 240
A26: 10 | B26: Km 5.800 to 6.000 | C26: L/s | D26: 1 | E26: 200 | F26: 1/2*(1.75*1.9) | H26: =E26*(1/2*(1.75*1.9)) -> 332.5
C27: R/s | D27: 1 | E27: 200 | F27: 1/2*(1.6*1.9) | H27: =E27*(1/2*(1.6*1.9)) -> 304
A28: 11 | B28: Km 6.000 to 6.200 | C28: L/s | D28: 1 | E28: 200 | F28: 1/2*(1.3*1.5) | H28: =E28*(1/2*(1.3*1.5)) -> 195
C29: R/s | D29: 1 | E29: 200 | F29: 1/2*(1.7*1.5) | H29: =E29*(1/2*(1.7*1.5)) -> 255
A30: 12 | B30: Km 6.200 to 6.400 | C30: L/s | D30: 1 | E30: 200 | F30: 1/2*(1.45*1.7) | H30: =E30*(1/2*(1.45*1.7)) -> 246.5
C31: R/s | D31: 1 | E31: 200 | F31: 1/2*(1.2*1.7) | H31: =E31*(1/2*(1.2*1.7)) -> 204
A32: 13 | B32: Km 6.400 to 6.600 | C32: L/s | D32: 1 | E32: 200 | F32: 1/2*(1.5*1.4) | H32: =E32*(1/2*(1.5*1.4)) -> 210
C33: R/s | D33: 1 | E33: 200 | F33: 1/2*(1.3*1.4) | H33: =E33*(1/2*(1.3*1.4)) -> 182
A34: 14 | B34: Km 6.600 to 6.800 | C34: L/s | D34: 1 | E34: 200 | F34: 1/2*(1.6*1.3) | H34: =E34*(1/2*(1.6*1.3)) -> 208
C35: R/s | D35: 1 | E35: 200 | F35: 1/2*(1.8*1.3) | H35: =E35*(1/2*(1.8*1.3)) -> 234
A36: 15 | B36: Km 7.200 to 7.400 | C36: L/s | D36: 1 | E36: 50 | F36: 1/2*(1.8*4) | H36: =E36*(1/2*(1.8*4)) -> 180
C37: R/s | D37: 1 | E37: 50 | F37: 1/2*(1.7*4) | H37: =E37*(1/2*(1.7*4)) -> 170
A38: Total | H38: =SUM(H8:H37) -> 8147.25 | I38: Cum
B42: Assistant Executive Engineer (R&B) | H42: Deputy Executive Engineer (R&B)
B43: (R&B) Section - Tanuku | H43: (R&B) Sub Division - Tanuku
B47: Executive Engineer (R&B) | H47: Superintending Engineer (R&B)
B48: (R&B) Division - Bhimavaram | H48: (R&B) Circle - Eluru

Sheet Carting Earth Sheet
A2: Name of Work :- | E2: =Cover!D20 -> Construction of Helipad with Cement concrete for the visit of Hon'ble Chief Minister of Andhra pradesh Sri Nara Chandrababu Naidu Garu on the occasion of "Pattadar Pass Book- distribution" Programme at Siddantham village of Penugonda mandal (Achanta constituency)in West Godavari District on 8.6.2026.
E4: Forming Embankment with Borrowed usefull earth
F7: 1.50 m | M7: 1.80 m
H11: BC
H12: BM
B14: 2.00 m | Q14: 2.00 m
D20: Cross Section @ Km 3/4
F23: 1.70 m | M23: 1.90 m
H27: BC
H28: BM
B30: 1.90 m | Q30: 1.90 m
D36: Cross Section @ Km 3/6
F39: 1.65 m | M39: 1.90 m
H43: BC
H44: BM
B46: 1.95 m | Q46: 1.95 m
D52: Cross Section @ Km 3/8
F55: 1.75 m | M55: 1.60 m
H59: BC
H60: BM
B62: 1.80 m | Q62: 1.80 m
D68: Cross Section @ Km 3/10
F71: 2.00 m | M71: 1.60 m
H75: BC
H76: BM
B78: 1.70 m | Q78: 1.70 m
D84: Cross Section @ Km 4/2
F87: 1.80 m | M87: 1.40 m
H91: BC
H92: BM
B94: 1.65 m | Q94: 1.65 m
D100: Cross Section @ Km 4/4
F103: 1.90 m | M103: 1.80 m
H107: BC
H108: BM
B110: 1.70 m | Q110: 1.70 m
D116: Cross Section @ Km 4/6
F119: 1.30 m | M119: 1.60 m
H123: BC
H124: BM
B126: 1.80 m | Q126: 1.80 m
D132: Cross Section @ Km 5/6
F135: 1.60 m | M135: 1.50 m
H139: BC
H140: BM
B142: 1.60 m | Q142: 1.60 m
D148: Cross Section @ Km 5/8
F151: 1.75 m | M151: 1.60 m
H155: BC
H156: BM
B158: 1.90 m | Q158: 1.90 m
D164: Cross Section @ Km 5/10
F167: 1.30 m | M167: 1.70 m
H171: BC
H172: BM
B174: 1.50 m | Q174: 1.50 m
D180: Cross Section @ Km 6/2
F183: 1.45 m | M183: 1.20 m
H187: BC
H188: BM
B190: 1.70 m | Q190: 1.70 m
D196: Cross Section @ Km 6/4
F199: 1.50 m | M199: 1.30 m
H203: BC
H204: BM
B206: 1.40 m | Q206: 1.40 m
D211: Cross Section @ Km 6/6
F214: 1.60 m | M214: 1.80 m
H218: BC
H219: BM
B221: 1.30 m | Q221: 1.30 m
D226: Cross Section @ Km 6/8
F229: 1.80 m | M229: 1.70 m
H233: BC
H234: BM
B236: 4.00 m | Q236: 4.00 m
D241: Cross Section @ Km 7/4
E246: Assistant Executive Engineer (R&B) | M246: Deputy Executive Engineer (R&B)
E247: (R&B) Section - Tanuku | M247: (R&B) Sub Division - Tanuku
E251: Executive Engineer (R&B) | M251: Superintending Engineer (R&B)
E252: (R&B) Division - Bhimavaram | M252: (R&B) Circle - Eluru

Sheet Slab Culvert Drawing
B1: Name of Work :- | D1: =Cover!D20 -> Construction of Helipad with Cement concrete for the visit of Hon'ble Chief Minister of Andhra pradesh Sri Nara Chandrababu Naidu Garu on the occasion of "Pattadar Pass Book- distribution" Programme at Siddantham village of Penugonda mandal (Achanta constituency)in West Godavari District on 8.6.2026.
D2: Reconstruction of Salb Culvert with 1 V x 1.00m @ Km 0/8
E6: Parapet Wall
P7: 0.45 m
E10: VRCC M20 Slab 300mm thick
E12: VRCC M20 | M12: 0.30 m | O12: VRCC M20
E14: 0.50 m | O14: 0.50 m
I15: 1.00 m
T16: =2.78+0.15 -> 2.93
M21: 1.60 m
O22: Abutment
E23: Abutment | O23: VCC M15
D24: VCC M15
T26: =1.25+0.15 -> 1.4
D27: 0.20 m | E27: 0.80 m | O27: 0.80 m | P27: 0.20 m
G28: VRCC M 20 Raft 0.50 m thick
G30: VCC (1:3:6) 0.30 m
G31: Sand cushion 0.30 m
I32: 3.00 m
D40: Assistant Executive Engineer (R&B) | N40: Deputy Executive Engineer (R&B)
D41: (R&B) Section - Penumantra FAC | N41: (R&B) Sub Division - Tanuku
D46: Executive Engineer (R&B) | N46: Superintending Engineer (R&B)
D47: (R&B) Division - Bhimavaram | N47: (R&B) Circle - Eluru

Sheet 40mm BT PW
A1: =Cover!D20 -> Construction of Helipad with Cement concrete for the visit of Hon'ble Chief Minister of Andhra pradesh Sri Nara Chandrababu Naidu Garu on the occasion of "Pattadar Pass Book- distribution" Programme at Siddantham village of Penugonda mandal (Achanta constituency)in West Godavari District on 8.6.2026.
A3: 40mm BT Patchwork | J3: =H170 -> 50.26195
D5: No | E5: L | F5: B | G5: D | H5: Qty
A6: Km | B6: 0/6 | C6: R/s | D6: 1 | E6: 1.5 | F6: 1.2 | G6: 0.075 | H6: =D6*E6*F6*G6 -> 0.135
C7: L/s | D7: 1 | E7: 1 | F7: 1 | G7: 0.065 | H7: =D7*E7*F7*G7 -> 0.065
C8: R/s | D8: 1 | E8: 2.1 | F8: 1 | G8: 0.08 | H8: =D8*E8*F8*G8 -> 0.168
C9: L/s | D9: 1 | E9: 4.5 | F9: 2.5 | G9: 0.1 | H9: =D9*E9*F9*G9 -> 1.125
C10: R/s | D10: 1 | E10: 3.2 | F10: 1.4 | G10: 0.075 | H10: =D10*E10*F10*G10 -> 0.336
C11: L/s | D11: 1 | E11: 2.5 | F11: 0.9 | G11: 0.075 | H11: =D11*E11*F11*G11 -> 0.16875
C12: R/s | D12: 1 | E12: 1.5 | F12: 1.8 | G12: 0.1 | H12: =D12*E12*F12*G12 -> 0.27
C13: L/s | D13: 1 | E13: 2.1 | F13: 1.1 | G13: 0.075 | H13: =D13*E13*F13*G13 -> 0.17325
C14: L/s | D14: 1 | E14: 1.6 | F14: 1.2 | G14: 0.1 | H14: =D14*E14*F14*G14 -> 0.192
C15: R/s | D15: 1 | E15: 1.7 | F15: 1.1 | G15: 0.075 | H15: =D15*E15*F15*G15 -> 0.14025
C16: L/s | D16: 1 | E16: 1.2 | F16: 1 | G16: 0.075 | H16: =D16*E16*F16*G16 -> 0.09
A17: Km | B17: 0/8 | C17: L/s | D17: 1 | E17: 1 | F17: 1 | G17: 0.1 | H17: =D17*E17*F17*G17 -> 0.1
C18: R/s | D18: 1 | E18: 1.1 | F18: 1.2 | G18: 0.1 | H18: =D18*E18*F18*G18 -> 0.132
C19: R/s | D19: 1 | E19: 1.6 | F19: 1.2 | G19: 0.075 | H19: =D19*E19*F19*G19 -> 0.144
C20: L/s | D20: 1 | E20: 1.2 | F20: 1 | G20: 0.075 | H20: =D20*E20*F20*G20 -> 0.09
C21: R/s | D21: 1 | E21: 1 | F21: 1 | G21: 0.065 | H21: =D21*E21*F21*G21 -> 0.065
C22: R/s | D22: 1 | E22: 1 | F22: 1.1 | G22: 0.065 | H22: =D22*E22*F22*G22 -> 0.0715
C23: R/s | D23: 1 | E23: 1 | F23: 1.2 | G23: 0.075 | H23: =D23*E23*F23*G23 -> 0.09
C24: L/s | D24: 1 | E24: 3 | F24: 2 | G24: 0.075 | H24: =D24*E24*F24*G24 -> 0.45
C25: L/s | D25: 1 | E25: 2 | F25: 1.1 | G25: 0.1 | H25: =D25*E25*F25*G25 -> 0.22
C26: R/s | D26: 1 | E26: 1 | F26: 1 | G26: 0.1 | H26: =D26*E26*F26*G26 -> 0.1
C27: L/s | D27: 1 | E27: 1.2 | F27: 1.1 | G27: 0.075 | H27: =D27*E27*F27*G27 -> 0.099
C28: R/s | D28: 1 | E28: 6.7 | F28: 1.5 | G28: 0.075 | H28: =D28*E28*F28*G28 -> 0.75375
A29: Km | B29: 0/10 | C29: R/s | D29: 1 | E29: 3 | F29: 1.2 | G29: 0.075 | H29: =D29*E29*F29*G29 -> 0.27
C30: L/s | D30: 1 | E30: 1.5 | F30: 1 | G30: 0.075 | H30: =D30*E30*F30*G30 -> 0.1125
C31: R/s | D31: 1 | E31: 5 | F31: 2 | G31: 0.075 | H31: =D31*E31*F31*G31 -> 0.75
C32: L/s | D32: 1 | E32: 1.2 | F32: 2.2 | G32: 0.1 | H32: =D32*E32*F32*G32 -> 0.264
C33: L/s | D33: 1 | E33: 1 | F33: 2 | G33: 0.075 | H33: =D33*E33*F33*G33 -> 0.15
C34: R/s | D34: 1 | E34: 0.9 | F34: 2.6 | G34: 0.075 | H34: =D34*E34*F34*G34 -> 0.1755
C35: L/s | D35: 1 | E35: 1.5 | F35: 2 | G35: 0.1 | H35: =D35*E35*F35*G35 -> 0.3
C36: L/s | D36: 1 | E36: 2.5 | F36: 0.9 | G36: 0.1 | H36: =D36*E36*F36*G36 -> 0.225
C37: R/s | D37: 1 | E37: 3 | F37: 2.2 | G37: 0.1 | H37: =D37*E37*F37*G37 -> 0.66
C38: R/s | D38: 1 | E38: 2.5 | F38: 2 | G38: 0.075 | H38: =D38*E38*F38*G38 -> 0.375
C39: R/s | D39: 1 | E39: 1.9 | F39: 0.9 | G39: 0.075 | H39: =D39*E39*F39*G39 -> 0.12825
C40: L/s | D40: 1 | E40: 9.5 | F40: 1 | G40: 0.065 | H40: =D40*E40*F40*G40 -> 0.6175
C41: L/s | D41: 1 | E41: 1 | F41: 1.1 | G41: 0.075 | H41: =D41*E41*F41*G41 -> 0.0825
... C46: R/s | D46: 1 | E46: 1.5 | F46: 1 | G46: 0.075 | H46: =D46*E46*F46*G46 -> 0.1125
A47: Km | B47: 1/2 | C47: R/s | D47: 1 | E47: 1.5 | F47: 1.3 | G47: 0.075 | H47: =D47*E47*F47*G47 -> 0.14625
C48: R/s | D48: 1 | E48: 1.6 | F48: 1.2 | G48: 0.065 | H48: =D48*E48*F48*G48 -> 0.1248
C49: L/s | D49: 1 | E49: 1.6 | F49: 1 | G49: 0.075 | H49: =D49*E49*F49*G49 -> 0.12
C50: L/s | D50: 1 | E50: 2 | F50: 1 | G50: 0.075 | H50: =D50*E50*F50*G50 -> 0.15
C51: L/s | D51: 1 | E51: 2.1 | F51: 1.1 | G51: 0.055 | H51: =D51*E51*F51*G51 -> 0.12705
C52: R/s | D52: 1 | E52: 2 | F52: 1.2 | G52: 0.075 | H52: =D52*E52*F52*G52 -> 0.18
C53: L/s | D53: 1 | E53: 3 | F53: 1.5 | G53: 0.055 | H53: =D53*E53*F53*G53 -> 0.2475
A54: Km | B54: 1/4 | C54: R/s | D54: 1 | E54: 3.1 | F54: 1.6 | G54: 0.075 | H54: =D54*E54*F54*G54 -> 0.372
C55: R/s | D55: 1 | E55: 2.1 | F55: 1.6 | G55: 0.1 | H55: =D55*E55*F55*G55 -> 0.336
C56: L/s | D56: 1 | E56: 2.2 | F56: 1.6 | G56: 0.075 | H56: =D56*E56*F56*G56 -> 0.264
C57: L/s | D57: 1 | E57: 2.1 | F57: 1.7 | G57: 0.1 | H57: =D57*E57*F57*G57 -> 0.357
C58: R/s | D58: 1 | E58: 1.2 | F58: 1.3 | G58: 0.1 | H58: =D58*E58*F58*G58 -> 0.156
C59: R/s | D59: 1 | E59: 5 | F59: 1.2 | G59: 0.1 | H59: =D59*E59*F59*G59 -> 0.6
C60: L/s | D60: 1 | E60: 1 | F60: 1 | G60: 0.075 | H60: =D60*E60*F60*G60 -> 0.075
C61: L/s | D61: 1 | E61: 10.2 | F61: 1.1 | G61: 0.075 | H61: =D61*E61*F61*G61 -> 0.8415
C62: R/s | D62: 1 | E62: 1 | F62: 1.2 | G62: 0.065 | H62: =D62*E62*F62*G62 -> 0.078
C63: R/s | D63: 1 | E63: 1.1 | F63: 1.2 | G63: 0.075 | H63: =D63*E63*F63*G63 -> 0.099
C64: L/s | D64: 1 | E64: 1.3 | F64: 2 | G64: 0.1 | H64: =D64*E64*F64*G64 -> 0.26
C65: R/s | D65: 1 | E65: 9.5 | F65: 1.5 | G65: 0.075 | H65: =D65*E65*F65*G65 -> 1.06875
C66: R/s | D66: 1 | E66: 2.2 | F66: 1 | G66: 0.075 | H66: =D66*E66*F66*G66 -> 0.165
... C69: R/s | D69: 1 | E69: 5.5 | F69: 1.8 | G69: 0.075 | H69: =D69*E69*F69*G69 -> 0.7425
A70: Km | B70: 1/6 | C70: R/s | D70: 1 | E70: 2 | F70: 1.2 | G70: 0.075 | H70: =D70*E70*F70*G70 -> 0.18
C71: L/s | D71: 1 | E71: 2 | F71: 1 | G71: 0.075 | H71: =D71*E71*F71*G71 -> 0.15
C72: L/s | D72: 1 | E72: 2.1 | F72: 1.2 | G72: 0.055 | H72: =D72*E72*F72*G72 -> 0.1386
C73: R/s | D73: 1 | E73: 10.2 | F73: 1.2 | G73: 0.055 | H73: =D73*E73*F73*G73 -> 0.6732
C74: R/s | D74: 1 | E74: 1.6 | F74: 1.3 | G74: 0.075 | H74: =D74*E74*F74*G74 -> 0.156
C75: R/s | D75: 1 | E75: 1.4 | F75: 1.2 | G75: 0.065 | H75: =D75*E75*F75*G75 -> 0.1092
C76: R/s | D76: 1 | E76: 9.5 | F76: 1.2 | G76: 0.1 | H76: =D76*E76*F76*G76 -> 1.14
C77: R/s | D77: 1 | E77: 1.6 | F77: 1.2 | G77: 0.075 | H77: =D77*E77*F77*G77 -> 0.144
C78: R/s | D78: 1 | E78: 1.4 | F78: 1.1 | G78: 0.075 | H78: =D78*E78*F78*G78 -> 0.1155
C79: R/s | D79: 1 | E79: 8.2 | F79: 1.6 | G79: 0.065 | H79: =D79*E79*F79*G79 -> 0.8528
C80: L/s | D80: 1 | E80: 1.3 | F80: 1.2 | G80: 0.065 | H80: =D80*E80*F80*G80 -> 0.1014
C81: R/s | D81: 1 | E81: 1 | F81: 2.2 | G81: 0.075 | H81: =D81*E81*F81*G81 -> 0.165
A82: Km | B82: 1/8 | C82: L/s | D82: 1 | E82: 4.6 | F82: 1.5 | G82: 0.075 | H82: =D82*E82*F82*G82 -> 0.5175
C83: R/s | D83: 1 | E83: 7.1 | F83: 1 | G83: 0.075 | H83: =D83*E83*F83*G83 -> 0.5325
C84: L/s | D84: 1 | E84: 2 | F84: 1.9 | G84: 0.075 | H84: =D84*E84*F84*G84 -> 0.285
C85: R/s | D85: 1 | E85: 1.5 | F85: 1.2 | G85: 0.075 | H85: =D85*E85*F85*G85 -> 0.135
C86: R/s | D86: 1 | E86: 1.1 | F86: 1.9 | G86: 0.1 | H86: =D86*E86*F86*G86 -> 0.209
C87: R/s | D87: 1 | E87: 1 | F87: 0.9 | G87: 0.1 | H87: =D87*E87*F87*G87 -> 0.09
C88: L/s | D88: 1 | E88: 1 | F88: 1.9 | G88: 0.075 | H88: =D88*E88*F88*G88 -> 0.1425
C89: R/s | D89: 1 | E89: 2 | F89: 1.5 | G89: 0.075 | H89: =D89*E89*F89*G89 -> 0.225
C90: L/s | D90: 1 | E90: 6.8 | F90: 2 | G90: 0.075 | H90: =D90*E90*F90*G90 -> 1.02
C91: R/s | D91: 1 | E91: 3.1 | F91: 2.1 | G91: 0.055 | H91: =D91*E91*F91*G91 -> 0.35805
C92: R/s | D92: 1 | E92: 2 | F92: 2 | G92: 0.055 | H92: =D92*E92*F92*G92 -> 0.22
C93: L/s | D93: 1 | E93: 2.5 | F93: 2.1 | G93: 0.055 | H93: =D93*E93*F93*G93 -> 0.28875
C94: L/s | D94: 1 | E94: 6.5 | F94: 2.1 | G94: 0.055 | H94: =D94*E94*F94*G94 -> 0.75075
... C99: L/s | D99: 1 | E99: 1.5 | F99: 2 | G99: 0.075 | H99: =D99*E99*F99*G99 -> 0.225
A100: Km | B100: 1/10 | C100: L/s | D100: 1 | E100: 2.5 | F100: 2.6 | G100: 0.08 | H100: =D100*E100*F100*G100 -> 0.52
C101: R/s | D101: 1 | E101: 1.5 | F101: 1.3 | G101: 0.075 | H101: =D101*E101*F101*G101 -> 0.14625
C102: R/s | D102: 1 | E102: 1.6 | F102: 2 | G102: 0.055 | H102: =D102*E102*F102*G102 -> 0.176
C103: R/s | D103: 1 | E103: 2 | F103: 2 | G103: 0.055 | H103: =D103*E103*F103*G103 -> 0.22
C104: R/s | D104: 1 | E104: 2.1 | F104: 1.5 | G104: 0.075 | H104: =D104*E104*F104*G104 -> 0.23625
C105: L/s | D105: 1 | E105: 1.1 | F105: 2 | G105: 0.1 | H105: =D105*E105*F105*G105 -> 0.22
C106: R/s | D106: 1 | E106: 1.9 | F106: 1.3 | G106: 0.1 | H106: =D106*E106*F106*G106 -> 0.247
C107: L/s | D107: 1 | E107: 1.2 | F107: 2.2 | G107: 0.075 | H107: =D107*E107*F107*G107 -> 0.198
C108: L/s | D108: 1 | E108: 0.9 | F108: 0.8 | G108: 0.075 | H108: =D108*E108*F108*G108 -> 0.054
C109: R/s | D109: 1 | E109: 5.5 | F109: 1.8 | G109: 0.1 | H109: =D109*E109*F109*G109 -> 0.99
C110: R/s | D110: 1 | E110: 3.2 | F110: 1 | G110: 0.055 | H110: =D110*E110*F110*G110 -> 0.176
A111: Km | B111: 2/2 | C111: L/s | D111: 1 | E111: 6.5 | F111: 1.9 | G111: 0.075 | H111: =D111*E111*F111*G111 -> 0.92625
C112: L/s | D112: 1 | E112: 3.2 | F112: 2.6 | G112: 0.075 | H112: =D112*E112*F112*G112 -> 0.624
...

Sheet Pipe Culverts
A1: DETAILED CUM ABSTRACT ESTIMATE
A3: Name of Work:- | C3: =Cover!D20 -> Construction of Helipad with Cement concrete for the visit of Hon'ble Chief Minister of Andhra pradesh Sri Nara Chandrababu Naidu Garu on the occasion of "Pattadar Pass Book- distribution" Programme at Siddantham village of Penugonda mandal (Achanta constituency)in West Godavari District on 8.6.2026.
A5: Re Construction of 1 Row of 600mm Dia Pipe Culverts in Km 1/2, 4/4
A7: S. No | B7: Description of item | D7: No | G7: Length | H7: Breadth | I7: Depth | J7: Quantity | K7: Rate / Unit | L7: Amunt
A9: 1 | B9: 2 | D9: 3 | G9: 4 | H9: 5 | I9: 6 | J9: 7 | K9: 8 | L9: 9
A11: 1 | B11: Earthwork excavation in soils upto SDR by mechanical means for foundations of structures as per drawing and technical specification including setting out, construction of shoring and bracing, removal of stumps and other deleterious matter, dressing sides of bottom, back filling the excavation earth to the extent required etc., complete for finished item of work, excluding seigniorage charges, as per MoRT&H specification 304 (5th Revision) and as directed by the Engineer-in-Charge
B13: 1 Row 450m Dia Pipes | D13: 8 | E13: x | G13: 10 | H13: 1 | I13: 1.2 | J13: =D13*F13*G13*H13*I13 -> 0
B14: 1 Row 600m Dia Pipes
B15: Foundation of Bodywalls | D15: 2 | E15: x | F15: 2 | G15: 4.4 | H15: 1.7 | I15: 2.65 | J15: =D15*F15*G15*H15*I15 -> 79.288
B16: For Pipe Portion | D16: 2 | E16: x | F16: 1 | G16: 7.7 | H16: 1.6 | I16: 2.05 | J16: =D16*F16*G16*H16*I16 -> 50.512
J17: =SUM(J12:J16) -> 129.8
I19: Say | J19: =ROUNDUP(J17,0) -> 130 | K19: =' Road data'!J610 -> 127.2 | L19: =ROUND(J19*K19,0) -> 16536 | M19: =20170+40270 -> 60440 | N19: =J19-M19 -> -60310
J20: Cum | K20: / 1 Cum
A22: 2 | B22: Sand filling in foundation including cost and conveyence of all materials to site and watering, tamping etc., complete for finshed item of work as per MoRT&H specification 304 (5th Revision) and as directed by the Engineer-in-Charge.
B24: 1 Row 600m Dia Pipes
B25: Foundation of Bodywalls | D25: 2 | E25: x | F25: 2 | G25: 4.4 | H25: 1.7 | I25: 0.3 | J25: =D25*F25*G25*H25*I25 -> 8.976
B26: For Pipe Portion | D26: 2 | E26: x | F26: 1 | G26: 7.7 | H26: 1.6 | I26: 0.3 | J26: =D26*F26*G26*H26*I26 -> 7.392
J27: =SUM(J25:J26) -> 16.368
I29: Say | J29: =ROUND(J27,0) -> 16 | K29: =' Road data'!J1347 -> 969 | L29: =ROUND(J29*K29,0) -> 15504 | M29: =20170+40270 -> 60440 | N29: =J29-M29 -> -60424
J30: Cum | K30: / 1 Cum
A32: 3 | B32: Providing first class bedding with Granular material below the pipes of Hume pipe culverts suitably compacted / rammed including cost and conveyance of materials to site etc., complete as per drawing and MoRT&H Specification 2900 ( 5th Revision) and as directed by the Engineer-in-Charge.
B34: 1 Row 450m Dia Pipes
B35: Below and Around the pipes | E35: x | F35: 1 | G35: 9.5 | H35: 1 | I35: 1.2 | J35: =D35*F35*G35*H35*I35 -> 0
B36: Deduct Pipe portion | E36: x | F36: -1 | G36: 9.5 | H36: II/4*(0.65*0.65) | J36: =D36*F36*G36*((3.14/4)*0.65*0.65) -> 0
B37: 1 Row 900mm Dia Pipes
B38: For Pipe Portion | E38: x | F38: 1 | G38: (11.6+9.86)/2 | H38: 1.4 | I38: 1.65 | J38: =D38*F38*((11.6+9.86)/2)*H38*I38 -> 0
B39: Deduct Pipe portion | E39: x | F39: -1 | G39: (10.96+9.86)/2 | H39: II/4*(1.1*1.1) | J39: =D39*F39*((10.96+9.86)/2)*((3.14/4)*1.1*1.1) -> 0
J40: =SUM(J35:J39) -> 0
I42: Say | J42: =ROUND(J40,0) -> 0 | K42: =' Road data'!J634 -> 1659 | L42: =ROUND(J42*K42,0) -> 0 | M42: =20170+40270 -> 60440 | N42: =J42-M42 -> -60440
J43: Cum | K43: / 1 Cum
A45: 3 | B45: Vibrated cement concrete M 15 Grade Concrete using 40mm, 20mm and 10mm size HBG crushed stone aggregate (Coarse aggregate conforming to table 1000-1 and fine aggregate conforming to table 1000-2) including cost and conveyance of all materials to site and all labour charges for machine mixing, laying in position, Compacting, Vibrating and curing including all other incidental and all other operational charges of T&P required etc., complete as per MoRT&H Specification 1500, 1700, 2100 (5th Revision) for Foundations
B47: 1 Row 600m Dia Pipes
B48: Foundation of Bodywalls | D48: 2 | E48: x | F48: 2 | G48: 4.4 | H48: 1.7 | I48: 0.3 | J48: =D48*F48*G48*H48*I48 -> 8.976
B49: Pipe Bedding | D49: 2 | E49: x | F49: 1 | G49: 7.7 | H49: 1.6 | I49: 0.3 | J49: =D49*F49*G49*H49*I49 -> 7.392
J50: =SUM(J48:J49) -> 16.368
I52: Say | J52: =ROUND(J50,0) -> 16 | K52: =' Road data'!J902 -> 5978 | L52: =ROUND(J52*K52,0) -> 95648 | M52: =20170+40270 -> 60440 | N52: =J52-M52 -> -60424
J53: Cum | K53: / 1 Cum
A55: 4 | B55: Vibrated cement concrete M 15 Grade Concrete using 40mm, 20mm and 10mm size HBG crushed stone aggregate (Coarse aggregate conforming to table 1000-1 and fine aggregate conforming to table 1000-2) including cost and conveyance of all materials to site and all labour charges for machine mixing, laying in position, Compacting, Vibrating and curing including all other incidental and all other operational charges of T&P required etc., complete as per MoRT&H Specification 1500, 1700, 2200 (5th Revision) for Body Walls
B57: 1 Row 600m Dia Pipes
B58: Foundation of Bodywalls | D58: 2 | E58: x | F58: 2 | G58: 4.4 | H58: (0.45+1.5)/2 | I58: 2 | J58: =D58*F58*G58*((1.2+0.45)/2)*I58 -> 29.04
B59: Deduct Pipe portion | D59: 2 | E59: x | F59: -2 | G59: II/4*(1.1*1.1) | H59: (1.16+0.6)/2 | J59: =D59*F59*((0.82+1.08)/2)*((3.14/4)*1*1) -> -2.983
B60: Parapet | D60: 2 | E60: x | F60: 2 | G60: 4.4 | H60: 0.45 | I60: 0.45 | J60: =D60*F60*((0.77+1.07)/2)*((3.14/4)*0.8*0.8) -> 1.848832
J61: =SUM(J58:J60) -> 27.905832
I63: Say | J63: =ROUND(J61,0) -> 28 | K63: =' Road data'!J932 -> 6323 | L63: =ROUND(J63*K63,0) -> 177044 | M63: =20170+40270 -> 60440 | N63: =J63-M63 -> -60412
J64: Cum | K64: / 1 Cum
A66: 5 | B66: Filling in between body walls with gravel including cost and conveyance of all materials to site etc., complete as per Clause 710.1.4 of IRC : 78 and as per MoRT&H Specification No. 2200 & 2907 (5th Revision) and as per Drawing and technical specifications for finished item of work.
B68: 1 Row 450m Dia Pipes
B69: Below and Around the pipes | E69: x | F69: 1 | G69: 10 | H69: 1 | I69: 1.2 | J69: =D69*F69*G69*H69*I69 -> 0
B70: Deduct Pipe portion | E70: x | F70: -1 | G70: 10 | H70: II/4*(0.65*0.65) | J70: =D70*F70*G70*((3.14/4)*0.65*0.65) -> 0
B71: 1 Row 600m Dia Pipes
B72: Pipe Portion | D72: 2 | E72: x | F72: 1 | G72: 7.7 | H72: 1.6 | I72: 2.05 | J72: =D72*F72*G72*H72*I72 -> 50.512
B73: Deduct Pipe portion | D73: 2 | E73: x | F73: -1 | G73: (7.7+8.84)/2 | I73: II/4*(1.1*1.1) | J73: =D73*F73*((3.14/4)*1.1*1.1)*((8.84+7.7)/2) -> -15.710519
B74: Body Wall portion | D74: 2 | E74: x | F74: 2 | G74: 4.4 | I74: 1/2*0.25*1.05 | J74: =D74*F74*G74*((0.25*1.05)/2) -> 2.31
J75: =SUM(J69:J74) -> 37.111481
I77: Say | J77: =ROUND(J75,0) -> 37 | K77: =' Road data'!J836 -> 1659 | L77: =ROUND(J77*K77,0) -> 61383 | M77: =20170+40270 -> 60440 | N77: =J77-M77 -> -60403
J78: Cum | K78: / 1 Cum
A80: 6 | B80: Providing, laying Reinforced cement concrete Hume pipes of 450 mm Dia., NP-4 class for pipe culverts including cost and conveyance of Pipes etc., complete and Labour charges for laying, jointing of 450 mm dia. R.C.C Hume pipes in position including lifting, aligning, lowering and hoisting etc., as per drawing and as per MoRT&H Specification 2900, 2905 and 2906 (5th Revision) and IRC Special Publication No: 13 and as directed by the Engineer-in-Charge for finished item of work.
B82: 1 Row 450m Dia Pipes | E82: x | F82: 4 | G82: 2.5 | J82: =D82*F82*G82 -> 0
J84: =SUM(J81:J82) -> 0
I86: Say | J86: =ROUND(J84,0) -> 0 | K86: =' Road data'!J728 -> 1945 | L86: =ROUND(J86*K86,0) -> 0 | M86: =20170+40270 -> 60440 | N86: =J86-M86 -> -60440
J87: Rm | K87: / 1 Rm
A89: 7 | B89: Providing, laying Reinforced cement concrete Hume pipes of 600 mm Dia., NP-4 class for pipe culverts including cost and conveyance of Pipes etc., complete and Labour charges for laying, jointing of 600 mm dia. R.C.C Hume pipes in position including lifting, aligning, lowering and hoisting etc., as per drawing and as per MoRT&H Specification 2900, 2905 and 2906 (5th Revision) and IRC Special Publication No: 13 and as directed by the Engineer-in-Charge for finished item of work.
B91: 1 Row 600m Dia Pipes | D91: 2 | E91: x | F91: 4 | G91: 2.5 | J91: =D91*F91*G91 -> 20
J92: =SUM(J90:J91) -> 20
I94: Say | J94: =ROUND(J92,0) -> 20 | K94: =' Road data'!J745 -> 3552 | L94: =ROUND(J94*K94,0) -> 71040 | M94: =20170+40270 -> 60440 | N94: =J94-M94 -> -60420
J95: Rm | K95: / 1 Rm
O97: =#REF!*0.2 -> #REF! | P97: =O97*10000000 -> #REF!
A98: Total | L98: =SUM(L10:L97) -> 437155
C102: Assistant Executive Engineer (R&B) | J102: Deputy Executive Engineer (R&B)
C103: (R&B) Section - Penumantra | J103: (R&B) Sub Division - Tanuku
C108: Executive Engineer (R&B) | J108: Superintending Engineer (R&B)
C109: (R&B) Division - Bhimavaram | J109: (R&B) Circle - Eluru

Sheet Slab Culvert
A1: DETAILED CUM ABSTRACT ESTIMATE
A3: Name of Work:- | C3: =Cover!D20 -> Construction of Helipad with Cement concrete for the visit of Hon'ble Chief Minister of Andhra pradesh Sri Nara Chandrababu Naidu Garu on the occasion of "Pattadar Pass Book- distribution" Programme at Siddantham village of Penugonda mandal (Achanta constituency)in West Godavari District on 8.6.2026.
A5: Reconstruction of Salb Culvert with 1 V x 1.00m @ Km 0/8
A7: S. No | B7: Description of item | D7: No | G7: Length | H7: Breadth | I7: Depth | J7: Quantity | K7: Rate / Unit | L7: Amunt
A9: 1 | B9: 2 | D9: 3 | G9: 4 | H9: 5 | I9: 6 | J9: 7 | K9: 8 | L9: 9
A11: 1 | B11: Dismantling of existing structures like culverts, bridges, retaining walls and other structures comprising of masonry, cement, concrete, wood work, steel work, including T&P and scaffolding wherever necessary sorting the dismantled material, disposal of unserviceable materials and stacking the materials with all lifts and lead of 1000 m ( By Mechanical means in Cement concrete grade M-15 & M-20) as per MoRTH specification 202, 2.4 II (A) (5th revision)
B13: Slab | D13: 1 | E13: x | F13: 1 | G13: 7 | H13: 2.8 | I13: 0.3 | J13: =D13*F13*G13*H13*I13 -> 5.88
B14: Abutments | D14: 1 | E14: x | F14: 2 | G14: 7 | H14: (1.5+0.5)/2 | I14: 0.3 | J14: =D14*F14*G14*((1.5+0.5)/2)*I14 -> 4.2
J15: =SUM(J12:J14) -> 10.08
I17: Say | J17: =ROUNDUP(J15,0) -> 11 | K17: =' Road data'!J1537 -> 836 | L17: =ROUND(J17*K17,0) -> 9196 | M17: =20170+40270 -> 60440 | N17: =J17-M17 -> -60429
J18: Cum | K18: / 1 Cum
A20: 2 | B20: Earthwork excavation in soils upto SDR by mechanical means for foundations of structures as per drawing and technical specification including setting out, construction of shoring and bracing, removal of stumps and other deleterious matter, dressing sides of bottom, back filling the excavation earth to the extent required etc., complete for finished item of work, excluding seigniorage charges, as per MoRT&H specification 304 (5th Revision) and as directed by the Engineer-in-Charge
B22: Raft | D22: 1 | E22: x | F22: 1 | G22: 3 | H22: 10.4 | I22: 1.3 | J22: =D22*F22*G22*H22*I22 -> 40.56
J23: =SUM(J21:J22) -> 40.56
I25: Say | J25: =ROUNDUP(J23,0) -> 41 | K25: =' Road data'!J610 -> 127.2 | L25: =ROUND(J25*K25,0) -> 5215 | M25: =20170+40270 -> 60440 | N25: =J25-M25 -> -60399
J26: Cum | K26: / 1 Cum
A28: 3 | B28: Sand filling in foundation including cost and conveyence of all materials to site and watering, tamping etc., complete for finshed item of work as per MoRT&H specification 304 (5th Revision) and as directed by the Engineer-in-Charge.
B30: Under Raft | D30: 1 | E30: x | F30: 1 | G30: 3 | H30: 10.4 | I30: 0.3 | J30: =D30*F30*G30*H30*I30 -> 9.36
J31: =SUM(J29:J30) -> 9.36
I33: Say | J33: =ROUNDUP(J31,0) -> 10 | K33: =' Road data'!J1347 -> 969 | L33: =ROUND(J33*K33,0) -> 9690 | M33: =20170+40270 -> 60440 | N33: =J33-M33 -> -60430
J34: Cum | K34: / 1 Cum
A36: 4 | B36: Providing Vibrated Cement Concrete (1:3:6) mix using 40mm size HBG crushed stone aggregate and fine aggregate conforming to table 1000-2 of MoRT&H including cost, conveyance of all materials to site and labour charges, centering, machine mixing, laying, Vibrating, curing etc., including all other incidental and operational charges of all T&P etc., complete for finished item of work as per MoRT&H specification 1500, 1700, 2100 (5th Revision) and as directed by the Engineer-in-Charge for Base Course
B38: Under Raft | D38: 1 | E38: x | F38: 1 | G38: 3 | H38: 10.4 | I38: 0.3 | J38: =D38*F38*G38*H38*I38 -> 9.36
J39: =SUM(J37:J38) -> 9.36
I41: Say | J41: =ROUNDUP(J39,0) -> 10 | K41: =' Road data'!J661 -> 5178 | L41: =ROUND(J41*K41,0) -> 51780 | M41: =20170+40270 -> 60440 | N41: =J41-M41 -> -60430
J42: Cum | K42: / 1 Cum
A44: 5 | B44: Vibrated reinforced cement concrete M 20 grade using 20mm & 10mm HBG crushed stone aggregate (Coarse aggregate conforming to table 1000-1 and fine aggregate conforming to table 1000-2) including cost, conveyance of all materials to site and labour charges, centering, machine mixing, laying, vibrating, curing etc., including other incidental hire and operational charges of all T&P as per approved drawings and as directed during execution but excluding cost of steel and its fabrication charges for finished item as per MoRT&H specification 1500, 1600, 1700 & 2100 (5th revision ) and as directed by the Engineer-in-Charge for for Raft Foundations
B46: Raft | D46: 1 | E46: x | F46: 1 | G46: 3 | H46: 10.4 | I46: 0.5 | J46: =D46*F46*G46*H46*I46 -> 15.6
J47: =SUM(J45:J46) -> 15.6
I49: Say | J49: =ROUNDUP(J47,0) -> 16 | K49: =' Road data'!J961 -> 6556 | L49: =ROUND(J49*K49,0) -> 104896 | M49: =20170+40270 -> 60440 | N49: =J49-M49 -> -60424
J50: Cum | K50: / 1 Cum
A52: 6 | B52: Vibrated cement concrete M 15 Grade Concrete using 40mm, 20mm and 10mm size HBG crushed stone aggregate (Coarse aggregate conforming to table 1000-1 and fine aggregate conforming to table 1000-2) including cost and conveyance of all materials to site and all labour charges for machine mixing, laying in position, Compacting, Vibrating and curing including all other incidental and all other operational charges of T&P required etc., complete as per MoRT&H Specification 1500, 1700, 2100 (5th Revision) for footings and Raft foundation.
B54: Abutments | D54: 1 | E54: x | G54: 10 | H54: (0.8+0.45)/2 | I54: 1.6 | J54: =D54*F54*G54*((0.8+0.45)/2)*I54 -> 0
J55: =SUM(J53:J54) -> 0
I57: Say | J57: =ROUNDUP(J55,0) -> 0 | K57: ='[279] Road data'!J887 -> 5686 | L57: =ROUND(J57*K57,0) -> 0 | M57: =20170+40270 -> 60440 | N57: =J57-M57 -> -60440
J58: Cum | K58: / 1 Cum
A60: 7 | B60: Vibrated cement concrete M 15 Grade Concrete using 40mm, 20mm and 10mm size HBG crushed stone aggregate (Coarse aggregate conforming to table 1000-1 and fine aggregate conforming to table 1000-2) including cost and conveyance of all materials to site and all labour charges for machine mixing, laying in position, Compacting, Vibrating and curing including all other incidental and all other operational charges of T&P required etc., complete as per MoRT&H Specification 1500, 1700, 2200 (5th Revision) for Sub structure.
B62: Abutments | D62: 1 | E62: x | F62: 2 | G62: 10 | H62: (0.8+0.5)/2 | I62: 1.6 | J62: =D62*F62*G62*((0.8+0.5)/2)*I62 -> 20.8
J63: =SUM(J62:J62) -> 20.8
I65: Say | J65: =ROUND(J63,0) -> 21 | K65: =' Road data'!J932 -> 6323 | L65: =ROUND(J65*K65,0) -> 132783 | M65: =20170+40270 -> 60440 | N65: =J65-M65 -> -60419
J66: Cum | K66: / 1 Cum
A68: 8 | B68: Vibrated reinforced cement concrete M 20 grade using 20mm & 10mm HBG crushed stone aggregate (Coarse aggregate conforming to table 1000-1 and fine aggregate conforming to table 1000-2) including cost, conveyance of all materials to site and labour charges, centering, machine mixing, laying, vibrating, curing etc., including other incidental hire and operational charges of all T&P as per approved drawings and as directed during execution but excluding cost of steel and its fabrication charges for finished item as per MoRT&H specification 1500, 1600, 1700 & 2200 (5th revision) and as directed by the Engineer-in-Charge for Bed blocks & Backing walls
B70: Bed blocks over abutments | D70: 1 | E70: x | F70: 2 | G70: 10 | H70: 0.5 | I70: 0.3 | J70: =D70*F70*G70*H70*I70 -> 3
J71: =SUM(J69:J70) -> 3
I73: Say | J73: =ROUNDUP(J71,0) -> 3 | K73: =' Road data'!J990 -> 6934 | L73: =ROUND(J73*K73,0) -> 20802 | M73: =20170+40270 -> 60440 | N73: =J73-M73 -> -60437
J74: Cum | K74: / 1 Cum
A76: 9 | B76: Vibrated reinforced cement concrete M 20 grade using 20mm & 10mm HBG crushed stone aggregate (Coarse aggregate conforming to table 1000-1 and fine aggregate conforming to table 1000-2) including cost, conveyance of all materials to site and labour charges, centering, machine mixing, laying, vibrating, curing etc., including other incidental hire and operational charges of all T&P etc., complete as per approved drawings and as directed during execution but excluding cost of steel and its fabrication charges for finished item as per MoRT&H specification 1500, 1600, 1700 & 2300 (5th revision ) and as directed by the Engineer-in-Charge for Deck slab
B78: Deck Slab | D78: 1 | E78: x | F78: 1 | G78: 10 | H78: 2 | I78: 0.3 | J78: =D78*F78*G78*H78*I78 -> 6
B79: Parapet Wall | D79: 1 | E79: x | F79: 2 | G79: 2 | H79: 0.2 | I79: 0.45 | J79: =D79*F79*G79*H79*I79 -> 0.36
J80: =SUM(J77:J79) -> 6.36
I82: Say | J82: =ROUNDUP(J80,0) -> 7 | K82: =' Road data'!J1019 -> 7564 | L82: =ROUND(J82*K82,0) -> 52948 | M82: =20170+40270 -> 60440 | N82: =J82-M82 -> -60433
J83: Cum | K83: / 1 Cum
A85: 10 | B85: Vibrated reinforced cement concrete M 30 grade using 20mm & 10mm HBG crushed stone aggregate (Coarse aggregate conforming to table 1000-1 and fine aggregate conforming to table 1000-2) including cost, conveyance of all materials to site and labour charges, centering, machine mixing, laying, vibrating, curing etc., including all other incidental and operational charges of all T&P etc., complete for finished item of work as per drawing BD/1-69( A) but excluding cost of steel and its fabrication charges as per MoRT&H specification 1500, 1600, 1700 & 2702 (5th Revision) and as directed by the Engineer-in-Charge for wearing coat over Deck slab.
B87: Deck Slab | D87: 1 | E87: x | F87: 1 | G87: 9.6 | H87: 2 | I87: (0.1+0.05)/2 | J87: =D87*F87*G87*H87*((0.1+0.05)/2) -> 1.44
J88: =SUM(J86:J87) -> 1.44
I90: Say | J90: =ROUNDUP(J88,0) -> 2 | K90: =' Road data'!J1048 -> 6771 | L90: =ROUND(J90*K90,0) -> 13542 | M90: =20170+40270 -> 60440 | N90: =J90-M90 -> -60438
J91: Cum | K91: / 1 Cum
A93: 11 | B93: Providing HYSD bars ( Fe-415) of different diameters, wrought and put up bars of all diameters including cost and conveyance of steel to site and all labour charges for fabrication of reinforcement including cutting, bending, binding rods, tying grills, placing them in position etc., complete including cost and conveyance of binding wire and all handling charges and operational charges etc., and including over lapping welding if required etc., complete for all R.C.C items for finished item of work as per standard drawings, as per the directions of the Engineer-in-Charge and as per MoRT&H specification 1600 & 2300 (5th revision) and as per I.S.1786 of 1985 for Super structure of R.C.C items.
B95: Deck slab, Kerb, Parapet | E95: =J82 -> 7 | G95: x 100 Kg/cum | J95: =E95*100/1000 -> 0.7
B96: Wearing Coat | E96: =J90 -> 2 | G96: x 60 Kg/cum | J96: =E96*60/1000 -> 0.12
J97: =SUM(J94:J96) -> 0.82
I99: Say | J99: 0.9 | K99: =' Road data'!J1270 -> 72599 | L99: =ROUND(J99*K99,0) -> 65339 | M99: =20170+40270 -> 60440 | N99: =J99-M99 -> -60439.1
J100: MT | K100: / 1 MT
A102: 12 | B102: Providing HYSD bars ( Fe-415) of different diameters, wrought and put up bars of all diameters including cost and conveyance of steel to site and all labour charges for fabrication of reinforcement including cutting, bending, binding rods, tying grills, placing them in position etc., complete including cost and conveyance of binding wire and all handling charges and operational charges etc., and including over lapping welding if required etc., complete for all R.C.C items for finished item of work as per standard drawings, as per the directions of the Engineer-in-Charge and as per MoRT&H specification 1600 & 2200 (5th revision) and as per I.S.1786 of 1985 for Sub structure of R.C.C items.
B104: Bed Blocks & Backing Walls | E104: =J73 -> 3 | G104: x 100 Kg/cum | J104: =E104*100/1000 -> 0.3
B105: Abutments | E105: =J65 -> 21 | G105: x 40 Kg/cum | J105: =E105*40/1000 -> 0.84
J106: =SUM(J104:J105) -> 1.14
I108: Say | J108: 1.2 | K108: =' Road data'!J1290 -> 70727 | L108: =ROUND(J108*K108,0) -> 84872 | M108: =20170+40270 -> 60440 | N108: =J108-M108 -> -60438.8
J109: MT | K109: / 1 MT
A111: 13 | B111: Providing HYSD bars ( Fe-415) of different diameters, wrought and put up bars of all diameters including cost and conveyance of steel to site and all labour charges for fabrication of reinforcement including cutting, bending, binding rods, tying grills, placing them in position etc., complete including cost and conveyance of binding wire and all handling charges and operational charges etc., and including over lapping welding if required etc., complete for all R.C.C items for finished item of work as per standard drawings, as per the directions of the Engineer-in-Charge and as per MoRT&H specification 1600 & 2100 (5th revision) and as per I.S.1786 of 1985 for foundations of R.C.C items.
B113: Raft | E113: =J46 -> 15.6 | G113: x 100 Kg/cum | J113: =E113*100/1000 -> 1.56
J114: =SUM(J113:J113) -> 1.56
I116: Say | J116: 1.6 | K116: =' Road data'!J1310 -> 69987 | L116: =ROUND(J116*K116,0) -> 111979 | M116: =20170+40270 -> 60440 | N116: =J116-M116 -> -60438.4
J117: MT | K117: / 1 MT
A119: 14 | B119: Back filling behind Abutments with gravel including cost, conveyance of all materials to site etc., complete as per Clause 710.1.4 of IRC : 78 and as per MoRT&H Specification No. 2200 (5th Revision) and as per Drawing and technical specifications for finished item of work
B121: Behind the Abutments | D121: 1 | E121: x | F121: 2 | G121: 10 | H121: 2 | I121: 1.6 | J121: =D121*F121*G121*H121*I121 -> 64
J122: =SUM(J120:J121) -> 64
I124: Say | J124: =ROUNDUP(J122,0) -> 64 | K124: =' Road data'!J1223 -> 1659 | L124: =ROUND(J124*K124,0) -> 106176 | M124: =20170+40270 -> 60440 | N124: =J124-M124 -> -60376
J125: Cum | K125: / 1 Cum
A127: 15 | B127: Providing and laying of filter media using 50% of 150 mm IRC soling stone and 50 % of 40 mm HBG metal satisfying the requirements laid down in clause 2504.2.2 of MoRT&H specifications to athickness of not less than 600mm with smaller size towards the soil and bigger size towards the wall and provided over the entire surface behind the abutment, wing wall and return wall to the full height compacted to a firm condition including cost and conveyance and all labour charges as directed by the departmental officers as per drawing and Technical specifications as per clause 710.1.1 of IRC:78 and Clause 2200 of MoRT&H (5th Revision) for finished item of work.
B129: Behind the Abutments | D129: 1 | E129: x | F129: 2 | G129: 10 | H129: 0.6 | I129: 1.2 | J129: =D129*F129*G129*H129*I129 -> 14.4
J130: =SUM(J128:J129) -> 14.4
I132: Say | J132: =ROUNDUP(J130,0) -> 15 | K132: =' Road data'!J1250 -> 2326 | L132: =ROUND(J132*K132,0) -> 34890 | M132: =20170+40270 -> 60440 | N132: =J132-M132 -> -60425
J133: Cum | K133: / 1 Cum
A135: 16 | B135: Providing weep holes in VCC Abutments, Return walls and wing walls with 100mm Diameter AC pipe extending through the full width of the structure at 1.00m C/C in both horizontal and vertical direction so that the weep holes in each horizontal direction is staggered from the weep holes laying above and below lines as shown in drawing including cost and conveyance of the A.C pipes and labour charges for cutting to required length, placing the pipe with a slope of about 1V : 20H towards stream side face etc., complete for finished item of work for weep holes as per MoRT&H specification 2706 & 2200 (5th Revision)
B137: Abutments | D137: 1 | E137: x | F137: 1 | G137: 2*5*0.7 | J137: =D137*F137*2*5*0.7 -> 7
D138: 1 | E138: x | F138: 1 | G138: 2*5*0.5 | J138: =D138*F138*2*5*0.5 -> 5
J139: =SUM(J137:J138) -> 12
I141: Say | J141: =ROUND(J139,0) -> 12 | K141: =' Road data'!J1683 -> 431 | L141: =ROUND(J141*K141,0) -> 5172 | M141: =20170+40270 -> 60440 | N141: =J141-M141 -> -60428
J142: Rm | K142: / 1 Rm
A144: 17 | B144: Providing 25.4 mm thick Mastic pads for Expansion joints etc., complete for finished item of work.
B146: Backing wall & Deck Slab | D146: 1 | E146: x | F146: 2 | G146: 10 | H146: 0.4 | J146: =D146*F146*G146*H146 -> 8
J147: =SUM(J146:J146) -> 8
I149: Say | J149: =ROUNDUP(J147,0) -> 8 | K149: =' Road data'!J1461 -> 959 | L149: =ROUND(J149*K149,0) -> 7672 | M149: =20170+40270 -> 60440 | N149: =J149-M149 -> -60432
J150: Sqm | K150: / 1 Sqm
A152: 18 | B152: Supplying and fixing of CI Drainage spouts complete as per MoRT&H specification No. 2705 (5th Revision) and as per drawing Sd/205
D154: 1 | E154: x | F154: 2 | J154: =F154*D154 -> 2
J155: =SUM(J153:J154) -> 2
I157: Say | J157: =ROUNDUP(J155,0) -> 2 | K157: =' Road data'!J1772 -> 1837 | L157: =ROUND(J157*K157,0) -> 3674 | M157: =20170+40270 -> 60440 | N157: =J157-M157 -> -60438
J158: No | K158: / 1 No
...

Sheet 20mm BT PW
A1: =Cover!D20 -> Construction of Helipad with Cement concrete for the visit of Hon'ble Chief Minister of Andhra pradesh Sri Nara Chandrababu Naidu Garu on the occasion of "Pattadar Pass Book- distribution" Programme at Siddantham village of Penugonda mandal (Achanta constituency)in West Godavari District on 8.6.2026.
A3: 20mm BT Patchwork | J3: =H140 -> 30.158913
D5: No | E5: L | F5: B | G5: D | H5: Qty
A6: Km | B6: 0/4 | C6: R/s | D6: 1 | E6: 1.95 | F6: 1.55 | G6: 0.035 | H6: =D6*E6*F6*G6 -> 0.1057875
C7: L/s | D7: 1 | E7: 3.25 | F7: 3.05 | G7: 0.02 | H7: =D7*E7*F7*G7 -> 0.19825
C8: L/s | D8: 1 | E8: 2.25 | F8: 2.05 | G8: 0.03 | H8: =D8*E8*F8*G8 -> 0.138375
C9: R/s | D9: 1 | E9: 4.65 | F9: 2.15 | G9: 0.025 | H9: =D9*E9*F9*G9 -> 0.2499375
C10: L/s | D10: 1 | E10: 2.25 | F10: 1.55 | G10: 0.03 | H10: =D10*E10*F10*G10 -> 0.104625
C11: R/s | D11: 1 | E11: 2.45 | F11: 2.95 | G11: 0.035 | H11: =D11*E11*F11*G11 -> 0.2529625
C12: L/s | D12: 1 | E12: 3.75 | F12: 1.95 | G12: 0.025 | H12: =D12*E12*F12*G12 -> 0.1828125
C13: R/s | D13: 1 | E13: 3.25 | F13: 3.05 | G13: 0.03 | H13: =D13*E13*F13*G13 -> 0.297375
C14: L/s | D14: 1 | E14: 4.95 | F14: 2.55 | G14: 0.025 | H14: =D14*E14*F14*G14 -> 0.3155625
C15: R/s | D15: 1 | E15: 3.25 | F15: 3.05 | G15: 0.035 | H15: =D15*E15*F15*G15 -> 0.3469375
C16: R/s | D16: 1 | E16: 2.45 | F16: 2.05 | G16: 0.03 | H16: =D16*E16*F16*G16 -> 0.150675
A17: Km | B17: 0/6 | C17: L/s | D17: 1 | E17: 2.65 | F17: 2.25 | G17: 0.025 | H17: =D17*E17*F17*G17 -> 0.1490625
C18: L/s | D18: 1 | E18: 5.65 | F18: 2.55 | G18: 0.035 | H18: =D18*E18*F18*G18 -> 0.5042625
C19: R/s | D19: 1 | E19: 3.65 | F19: 2.05 | G19: 0.025 | H19: =D19*E19*F19*G19 -> 0.1870625
C20: R/s | D20: 1 | E20: 4.25 | F20: 2.25 | G20: 0.035 | H20: =D20*E20*F20*G20 -> 0.3346875
C21: L/s | D21: 1 | E21: 6.15 | F21: 2.05 | G21: 0.02 | H21: =D21*E21*F21*G21 -> 0.25215
C22: R/s | D22: 1 | E22: 3.55 | F22: 3.05 | G22: 0.025 | H22: =D22*E22*F22*G22 -> 0.2706875
C23: L/s | D23: 1 | E23: 4.65 | F23: 2.55 | G23: 0.035 | H23: =D23*E23*F23*G23 -> 0.4150125
C24: R/s | D24: 1 | E24: 5.25 | F24: 2.05 | G24: 0.025 | H24: =D24*E24*F24*G24 -> 0.2690625
C25: L/s | D25: 1 | E25: 3.65 | F25: 3.05 | G25: 0.03 | H25: =D25*E25*F25*G25 -> 0.333975
C26: L/s | D26: 1 | E26: 2.25 | F26: 2.55 | G26: 0.035 | H26: =D26*E26*F26*G26 -> 0.2008125
C27: L/s | D27: 1 | E27: 3.05 | F27: 2.25 | G27: 0.025 | H27: =D27*E27*F27*G27 -> 0.1715625
C28: R/s | D28: 1 | E28: 6.15 | F28: 2.05 | G28: 0.02 | H28: =D28*E28*F28*G28 -> 0.25215
C29: R/s | D29: 1 | E29: 5.25 | F29: 2.65 | G29: 0.035 | H29: =D29*E29*F29*G29 -> 0.4869375
... C32: R/s | D32: 1 | E32: 3.45 | F32: 2.05 | G32: 0.035 | H32: =D32*E32*F32*G32 -> 0.2475375
A33: Km | B33: 0/8 | C33: L/s | D33: 1 | E33: 4.55 | F33: 2.55 | G33: 0.025 | H33: =D33*E33*F33*G33 -> 0.2900625
C34: R/s | D34: 1 | E34: 3.25 | F34: 3.05 | G34: 0.03 | H34: =D34*E34*F34*G34 -> 0.297375
C35: R/s | D35: 1 | E35: 4.55 | F35: 2.55 | G35: 0.035 | H35: =D35*E35*F35*G35 -> 0.4060875
C36: L/s | D36: 1 | E36: 2.45 | F36: 2.05 | G36: 0.025 | H36: =D36*E36*F36*G36 -> 0.1255625
C37: L/s | D37: 1 | E37: 4.55 | F37: 2.95 | G37: 0.02 | H37: =D37*E37*F37*G37 -> 0.26845
C38: L/s | D38: 1 | E38: 3.25 | F38: 3.05 | G38: 0.035 | H38: =D38*E38*F38*G38 -> 0.3469375
C39: R/s | D39: 1 | E39: 6.55 | F39: 2.55 | G39: 0.025 | H39: =D39*E39*F39*G39 -> 0.4175625
C40: L/s | D40: 1 | E40: 4.55 | F40: 2.05 | G40: 0.035 | H40: =D40*E40*F40*G40 -> 0.3264625
C41: R/s | D41: 1 | E41: 6.55 | F41: 3.05 | G41: 0.03 | H41: =D41*E41*F41*G41 -> 0.599325
C42: L/s | D42: 1 | E42: 3.75 | F42: 2.55 | G42: 0.02 | H42: =D42*E42*F42*G42 -> 0.19125
C43: R/s | D43: 1 | E43: 3.45 | F43: 2.95 | G43: 0.025 | H43: =D43*E43*F43*G43 -> 0.2544375
C44: L/s | D44: 1 | E44: 3.25 | F44: 3.05 | G44: 0.035 | H44: =D44*E44*F44*G44 -> 0.3469375
C45: R/s | D45: 1 | E45: 2.25 | F45: 1.55 | G45: 0.03 | H45: =D45*E45*F45*G45 -> 0.104625
C46: L/s | D46: 1 | E46: 3.55 | F46: 1.95 | G46: 0.02 | H46: =D46*E46*F46*G46 -> 0.13845
A47: Km | B47: 0/10 | C47: R/s | D47: 1 | E47: 3.25 | F47: 3.05 | G47: 0.03 | H47: =D47*E47*F47*G47 -> 0.297375
C48: L/s | D48: 1 | E48: 1.95 | F48: 1.05 | G48: 0.03 | H48: =D48*E48*F48*G48 -> 0.061425
C49: R/s | D49: 1 | E49: 3.75 | F49: 1.95 | G49: 0.025 | H49: =D49*E49*F49*G49 -> 0.1828125
C50: L/s | D50: 1 | E50: 4.25 | F50: 2.25 | G50: 0.035 | H50: =D50*E50*F50*G50 -> 0.3346875
C51: R/s | D51: 1 | E51: 1.25 | F51: 1.05 | G51: 0.03 | H51: =D51*E51*F51*G51 -> 0.039375
C52: L/s | D52: 1 | E52: 3.25 | F52: 1.95 | G52: 0.035 | H52: =D52*E52*F52*G52 -> 0.2218125
C53: R/s | D53: 1 | E53: 1.95 | F53: 2.25 | G53: 0.02 | H53: =D53*E53*F53*G53 -> 0.08775
C54: L/s | D54: 1 | E54: 3.05 | F54: 2.05 | G54: 0.025 | H54: =D54*E54*F54*G54 -> 0.1563125
C55: R/s | D55: 1 | E55: 4.05 | F55: 2.95 | G55: 0.035 | H55: =D55*E55*F55*G55 -> 0.4181625
C56: L/s | D56: 1 | E56: 2.55 | F56: 2.05 | G56: 0.03 | H56: =D56*E56*F56*G56 -> 0.156825
C57: L/s | D57: 1 | E57: 1.05 | F57: 1.95 | G57: 0.03 | H57: =D57*E57*F57*G57 -> 0.061425
A58: Km | B58: 1/2 | C58: R/s | D58: 1 | E58: 4.25 | F58: 2.25 | G58: 0.02 | H58: =D58*E58*F58*G58 -> 0.19125
C59: L/s | D59: 1 | E59: 2.25 | F59: 1.55 | G59: 0.025 | H59: =D59*E59*F59*G59 -> 0.0871875
C60: R/s | D60: 1 | E60: 3.65 | F60: 1.75 | G60: 0.035 | H60: =D60*E60*F60*G60 -> 0.2235625
C61: R/s | D61: 1 | E61: 1.85 | F61: 1.95 | G61: 0.03 | H61: =D61*E61*F61*G61 -> 0.108225
C62: L/s | D62: 1 | E62: 3.25 | F62: 3.05 | G62: 0.02 | H62: =D62*E62*F62*G62 -> 0.19825
C63: L/s | D63: 1 | E63: 5.25 | F63: 2.85 | G63: 0.035 | H63: =D63*E63*F63*G63 -> 0.5236875
C64: R/s | D64: 1 | E64: 3.25 | F64: 2.15 | G64: 0.03 | H64: =D64*E64*F64*G64 -> 0.209625
C65: L/s | D65: 1 | E65: 4.95 | F65: 1.45 | G65: 0.025 | H65: =D65*E65*F65*G65 -> 0.1794375
C66: L/s | D66: 1 | E66: 1.25 | F66: 1.05 | G66: 0.035 | H66: =D66*E66*F66*G66 -> 0.0459375
A67: Km | B67: 1/6 | C67: R/s | D67: 1 | E67: 2.95 | F67: 2.25 | G67: 0.02 | H67: =D67*E67*F67*G67 -> 0.13275
C68: L/s | D68: 1 | E68: 3.45 | F68: 2.05 | G68: 0.03 | H68: =D68*E68*F68*G68 -> 0.212175
C69: R/s | D69: 1 | E69: 2.25 | F69: 0.95 | G69: 0.035 | H69: =D69*E69*F69*G69 -> 0.0748125
C70: L/s | D70: 1 | E70: 4.35 | F70: 1.95 | G70: 0.025 | H70: =D70*E70*F70*G70 -> 0.2120625
C71: R/s | D71: 1 | E71: 2.95 | F71: 1.75 | G71: 0.035 | H71: =D71*E71*F71*G71 -> 0.1806875
C72: L/s | D72: 1 | E72: 3.95 | F72: 2.45 | G72: 0.02 | H72: =D72*E72*F72*G72 -> 0.19355
C73: L/s | D73: 1 | E73: 6.25 | F73: 1.85 | G73: 0.025 | H73: =D73*E73*F73*G73 -> 0.2890625
A74: Km | B74: 1/8 | C74: L/s | D74: 1 | E74: 7.95 | F74: 1.25 | G74: 0.035 | H74: =D74*E74*F74*G74 -> 0.3478125
C75: R/s | D75: 1 | E75: 2.25 | F75: 1.05 | G75: 0.03 | H75: =D75*E75*F75*G75 -> 0.070875
C76: R/s | D76: 1 | E76: 1.05 | F76: 1.95 | G76: 0.035 | H76: =D76*E76*F76*G76 -> 0.0716625
C77: L/s | D77: 1 | E77: 4.15 | F77: 2.25 | G77: 0.02 | H77: =D77*E77*F77*G77 -> 0.18675
C78: R/s | D78: 1 | E78: 3.75 | F78: 2.05 | G78: 0.02 | H78: =D78*E78*F78*G78 -> 0.15375
C79: R/s | D79: 1 | E79: 1.95 | F79: 2.55 | G79: 0.035 | H79: =D79*E79*F79*G79 -> 0.1740375
C80: L/s | D80: 1 | E80: 3.75 | F80: 1.95 | G80: 0.03 | H80: =D80*E80*F80*G80 -> 0.219375
C81: R/s | D81: 1 | E81: 2.95 | F81: 1.25 | G81: 0.025 | H81: =D81*E81*F81*G81 -> 0.0921875
C82: L/s | D82: 1 | E82: 6.25 | F82: 1.95 | G82: 0.035 | H82: =D82*E82*F82*G82 -> 0.4265625
A83: Km | B83: 3/6 | C83: L/s | D83: 1 | E83: 3.55 | F83: 2.05 | G83: 0.02 | H83: =D83*E83*F83*G83 -> 0.14555
C84: R/s | D84: 1 | E84: 1.95 | F84: 1.75 | G84: 0.03 | H84: =D84*E84*F84*G84 -> 0.102375
C85: R/s | D85: 1 | E85: 2.25 | F85: 2.05 | G85: 0.035 | H85: =D85*E85*F85*G85 -> 0.1614375
C86: R/s | D86: 1 | E86: 3.45 | F86: 1.95 | G86: 0.02 | H86: =D86*E86*F86*G86 -> 0.13455
C87: L/s | D87: 1 | E87: 1.95 | F87: 2.05 | G87: 0.025 | H87: =D87*E87*F87*G87 -> 0.0999375
C88: R/s | D88: 1 | E88: 1.05 | F88: 1.05 | G88: 0.035 | H88: =D88*E88*F88*G88 -> 0.0385875
C89: R/s | D89: 1 | E89: 1.55 | F89: 1.25 | G89: 0.03 | H89: =D89*E89*F89*G89 -> 0.058125
C90: L/s | D90: 1 | E90: 2.75 | F90: 1.95 | G90: 0.035 | H90: =D90*E90*F90*G90 -> 0.1876875
C91: R/s | D91: 1 | E91: 5.45 | F91: 2.25 | G91: 0.03 | H91: =D91*E91*F91*G91 -> 0.367875
A92: Km | B92: 3/8 | C92: R/s | D92: 1 | E92: 2.25 | F92: 1.95 | G92: 0.03 | H92: =D92*E92*F92*G92 -> 0.131625
C93: R/s | D93: 1 | E93: 2.75 | F93: 1.75 | G93: 0.035 | H93: =D93*E93*F93*G93 -> 0.1684375
C94: L/s | D94: 1 | E94: 3.25 | F94: 1.95 | G94: 0.025 | H94: =D94*E94*F94*G94 -> 0.1584375
C95: R/s | D95: 1 | E95: 5.25 | F95: 2.75 | G95: 0.02 | H95: =D95*E95*F95*G95 -> 0.28875
C96: R/s | D96: 1 | E96: 3.65 | F96: 3.05 | G96: 0.035 | H96: =D96*E96*F96*G96 -> 0.3896375
C97: L/s | D97: 1 | E97: 2.25 | F97: 1.95 | G97: 0.025 | H97: =D97*E97*F97*G97 -> 0.1096875
C98: R/s | D98: 1 | E98: 1.75 | F98: 1.25 | G98: 0.03 | H98: =D98*E98*F98*G98 -> 0.065625
C99: R/s | D99: 1 | E99: 5.55 | F99: 2.05 | G99: 0.035 | H99: =D99*E99*F99*G99 -> 0.3982125
C100: R/s | D100: 1 | E100: 3.75 | F100: 1.95 | G100: 0.03 | H100: =D100*E100*F100*G100 -> 0.219375
C101: L/s | D101: 1 | E101: 4.95 | F101: 2.25 | G101: 0.02 | H101: =D101*E101*F101*G101 -> 0.22275
C102: L/s | D102: 1 | E102: 5.25 | F102: 2.95 | G102: 0.035 | H102: =D102*E102*F102*G102 -> 0.5420625
A103: Km | B103: 3/10 | C103: R/s | D103: 1 | E103: 3.15 | F103: 2.05 | G103: 0.03 | H103: =D103*E103*F103*G103 -> 0.193725
C104: L/s | D104: 1 | E104: 2.15 | F104: 1.95 | G104: 0.035 | H104: =D104*E104*F104*G104 -> 0.1467375
...

Sheet Pipe plan-1RX900 MM
B2: Name of Work :- | D2: =Cover!D20 -> Construction of Helipad with Cement concrete for the visit of Hon'ble Chief Minister of Andhra pradesh Sri Nara Chandrababu Naidu Garu on the occasion of "Pattadar Pass Book- distribution" Programme at Siddantham village of Penugonda mandal (Achanta constituency)in West Godavari District on 8.6.2026.
C4: Re Construction of 1 Row of 900mm Dia Pipe Culverts in Km 2/4, 3/4
E7: 10.00 m
C9: 0.45 m
H10: Parapet wall
B11: 0.45 m
B14: 2.00 m | E14: 900 Dia NP-4 class RCC Pipe
G15: VCC M15
C16: 1.50 m
B17: 0.30 m
B18: 0.30 m
C19: 1.70m
E21: CROSS SECTION
E32: 900 Dia NP4 class RCC Pipe
B33: 4.40 m
C42: 1.70m
C44: HALF PLAN AT BOTTOM HALF PLAN AT TOP
C49: Assistant Executive Engineer (R&B) | G49: Deputy Executive Engineer (R&B)
C50: (R&B) Section - Tanuku | G50: (R&B) Sub Division - Tanuku
C54: Executive Engineer (R&B) | G54: Superintending Engineer (R&B)
C55: (R&B) Division - Bhimavaram | G55: (R&B) Circle - Eluru

Sheet Retaining Wall
A1: DETAILED CUM ABSTRACT ESTIMATE
A3: Name of Work:- | C3: =Cover!D20 -> Construction of Helipad with Cement concrete for the visit of Hon'ble Chief Minister of Andhra pradesh Sri Nara Chandrababu Naidu Garu on the occasion of "Pattadar Pass Book- distribution" Programme at Siddantham village of Penugonda mandal (Achanta constituency)in West Godavari District on 8.6.2026.
A5: Retaining Wall from Km 3.200 to 4.000
A7: S. No | B7: Description of item | D7: No | G7: Length | H7: Breadth | I7: Depth | J7: Quantity | K7: Rate / Unit | L7: Amunt
A9: 1 | B9: 2 | D9: 3 | G9: 4 | H9: 5 | I9: 6 | J9: 7 | K9: 8 | L9: 9
A11: 1 | B11: Earthwork excavation in soils upto SDR by mechanical means for foundations of structures as per drawing and technical specification including setting out, construction of shoring and bracing, removal of stumps and other deleterious matter, dressing sides of bottom, back filling the excavation earth to the extent required etc., complete for finished item of work, excluding seigniorage charges, as per MoRT&H specification 304 (5th Revision) and as directed by the Engineer-in-Charge
B13: Km 3.200 to 4.000 | D13: 1 | E13: x | F13: 1 | G13: 160 | H13: 1.4 | I13: 0.95 | J13: =D13*F13*G13*H13*I13 -> 212.8
J14: =SUM(J12:J13) -> 212.8
I16: Say | J16: =ROUND(J14,0) -> 213 | K16: =' Road data'!J610 -> 127.2 | L16: =ROUND(J16*K16,0) -> 27094 | M16: =20170+40270 -> 60440 | N16: =J16-M16 -> -60227
J17: Cum | K17: / 1 Cum
A19: 2 | B19: Sand filling in foundation including cost and conveyence of all materials to site and watering, tamping etc., complete for finshed item of work as per MoRT&H specification 304 (5th Revision) and as directed by the Engineer-in-Charge.
B21: Km 3.200 to 4.000 | D21: 1 | E21: x | F21: 1 | G21: =G13 -> 160 | H21: 1.4 | I21: 0.2 | J21: =D21*F21*G21*H21*I21 -> 44.8
J22: =SUM(J20:J21) -> 44.8
I24: Say | J24: =ROUND(J22,0) -> 45 | K24: =' Road data'!J1347 -> 969 | L24: =ROUND(J24*K24,0) -> 43605 | M24: =20170+40270 -> 60440 | N24: =J24-M24 -> -60395
J25: Cum | K25: / 1 Cum
A27: 3 | B27: Providing Vibrated Cement Concrete (1:4:8) mix using 40mm size HBG crushed stone aggregate and fine aggregate conforming to table 1000-2 of MoRT&H including cost, conveyance of all materials to site and labour charges, centering, machine mixing, laying, Vibrating, curing etc., including all other incidental and operational charges of all T&P etc., complete for finished item of work as per MoRT&H specification 1500, 1700, 2100 (5th Revision) and as directed by the Engineer-in-Charge for Foundations
B29: Km 3.200 to 4.000 | D29: 1 | E29: x | F29: 1 | G29: =G21 -> 160 | H29: 1.4 | I29: 0.1 | J29: =D29*F29*G29*H29*I29 -> 22.4
J30: =SUM(J28:J29) -> 22.4
I32: Say | J32: =ROUND(J30,0) -> 22 | K32: =' Road data'!J461 -> 4848 | L32: =ROUND(J32*K32,0) -> 106656 | M32: =20170+40270 -> 60440 | N32: =J32-M32 -> -60418
J33: Cum | K33: / 1 Cum
A35: 4 | B35: Vibrated cement concrete M 15 Grade Concrete using 40mm, 20mm and 10mm size HBG crushed stone aggregate (Coarse aggregate conforming to table 1000-1 and fine aggregate conforming to table 1000-2) including cost and conveyance of all materials to site and all labour charges for machine mixing, laying in position, Compacting, Vibrating and curing including all other incidental and all other operational charges of T&P required etc., complete as per MoRT&H Specification 1500, 1700, 2100 (5th Revision) for footings and Raft foundation.
B37: Km 3.200 to 4.000 | D37: 1 | E37: x | F37: 1 | G37: =G29 -> 160 | H37: 1.2 | I37: 0.3 | J37: =D37*F37*G37*H37*I37 -> 57.6
B38: 1st Footing | D38: 1 | E38: x | F38: 1 | G38: =G37 -> 160 | H38: (1.2+1)/2 | I38: 0.35 | J38: =D38*F38*G38*((1.2+1)/2)*I38 -> 61.6
J39: =SUM(J36:J38) -> 119.2
I41: Say | J41: =ROUND(J39,0) -> 119 | K41: =' Road data'!J902 -> 5978 | L41: =ROUND(J41*K41,0) -> 711382 | M41: =20170+40270 -> 60440 | N41: =J41-M41 -> -60321
J42: Cum | K42: / 1 Cum
A44: 5 | B44: Vibrated cement concrete M 15 Grade Concrete using 40mm, 20mm and 10mm size HBG crushed stone aggregate (Coarse aggregate conforming to table 1000-1 and fine aggregate conforming to table 1000-2) including cost and conveyance of all materials to site and all labour charges for machine mixing, laying in position, Compacting, Vibrating and curing including all other incidental and all other operational charges of T&P required etc., complete as per MoRT&H Specification 1500, 1700, 2200 (5th Revision) for Sub structure.
B46: Km 3.200 to 4.000 | D46: 1 | E46: x | F46: 1 | G46: =G38 -> 160 | H46: (1+.4)/2 | I46: 1.5 | J46: =D46*F46*G46*((1+0.4)/2)*I46 -> 168
B47: For Guide Pillars @ top | D47: 1 | E47: x | F47: 140 | G47: 0.35 | H47: 0.4 | I47: 0.4 | J47: =D47*F47*G47*H47*I47 -> 7.84
J48: =SUM(J45:J47) -> 175.84
I50: Say | J50: =ROUND(J48,0) -> 176 | K50: =' Road data'!J932 -> 6323 | L50: =ROUND(J50*K50,0) -> 1112848 | M50: =20170+40270 -> 60440 | N50: =J50-M50 -> -60264
J51: Cum | K51: / 1 Cum
A53: 6 | B53: Back filling behind Abutments with gravel including cost, conveyance of all materials to site etc., complete as per Clause 710.1.4 of IRC : 78 and as per MoRT&H Specification No. 2200 (5th Revision) and as per Drawing and technical specifications for finished item of work
B55: Km 3.200 to 4.000 | D55: 1 | E55: x | F55: 1 | G55: =G46 -> 160 | H55: 1.5 | I55: 1.5 | J55: =D55*F55*G55*H55*I55 -> 360
J56: =SUM(J54:J55) -> 360
I58: Say | J58: =ROUND(J56,0) -> 360 | K58: =' Road data'!J1223 -> 1659 | L58: =ROUND(J58*K58,0) -> 597240 | M58: =20170+40270 -> 60440 | N58: =J58-M58 -> -60080
J59: Cum | K59: / 1 Cum
A61: 7 | B61: Providing and laying of filter media using 50% of 150 mm IRC soling stone and 50 % of 40 mm HBG metal satisfying the requirements laid down in clause 2504.2.2 of MoRT&H specifications to athickness of not less than 600mm with smaller size towards the soil and bigger size towards the wall and provided over the entire surface behind the abutment, wing wall and return wall to the full height compacted to a firm condition including cost and conveyance and all labour charges as directed by the departmental officers as per drawing and Technical specifications as per clause 710.1.1 of IRC:78 and Clause 2200 of MoRT&H (5th Revision) for finished item of work.
B63: Km 3.200 to 4.000 | D63: 1 | E63: x | F63: 1 | G63: =G55 -> 160 | H63: 0.6 | I63: 1.5 | J63: =D63*F63*G63*H63*I63 -> 144
J64: =SUM(J62:J63) -> 144
I66: Say | J66: =ROUND(J64,0) -> 144 | K66: =' Road data'!J1250 -> 2326 | L66: =ROUND(J66*K66,0) -> 334944 | M66: =20170+40270 -> 60440 | N66: =J66-M66 -> -60296
J67: Cum | K67: / 1 Cum
A69: 8 | B69: Providing weep holes in VCC Abutments, Return walls and wing walls with 100mm Diameter AC pipe extending through the full width of the structure at 1.00m C/C in both horizontal and vertical direction so that the weep holes in each horizontal direction is staggered from the weep holes laying above and below lines as shown in drawing including cost and conveyance of the A.C pipes and labour charges for cutting to required length, placing the pipe with a slope of about 1V : 20H towards stream side face etc., complete for finished item of work for weep holes as per MoRT&H specification 2706 & 2200 (5th Revision)
B71: Km 3.200 to 4.000 | D71: 2 | E71: x | F71: =G63 -> 160 | G71: 0.8 | J71: =D71*F71*G71 -> 256
J72: =SUM(J70:J71) -> 256
I74: Say | J74: =ROUND(J72,0) -> 256 | K74: =' Road data'!J1683 -> 431 | L74: =ROUND(J74*K74,0) -> 110336 | M74: =20170+40270 -> 60440 | N74: =J74-M74 -> -60184
J75: Rm | K75: / 1 Rm
A77: 9 | B77: Providing 25.4 mm thick Mastic pads for Expansion joints etc., complete for finished item of work.
B79: Km 3.200 to 4.000 | D79: 1 | E79: x | F79: 32 | G79: 1.5 | H79: (1+0.4)/2 | J79: =D79*F79*G79*((1+0.4)/2) -> 33.6
J80: =SUM(J78:J79) -> 33.6
I82: Say | J82: =ROUND(J80,0) -> 34 | K82: =' Road data'!J1461 -> 959 | L82: =ROUND(J82*K82,0) -> 32606 | M82: =20170+40270 -> 60440 | N82: =J82-M82 -> -60406
J83: Sqm | K83: / 1 Sqm
O85: =#REF!*0.2 -> #REF! | P85: =O85*10000000 -> #REF!
A86: Total | L86: =SUM(L10:L85) -> 3076711
C90: Assistant Executive Engineer (R&B) | J90: Deputy Executive Engineer (R&B)
C91: (R&B) Section - Tanuku | J91: (R&B) Sub Division - Tanuku
C95: Executive Engineer (R&B) | J95: Superintending Engineer (R&B)
C96: (R&B) Division - Bhimavaram | J96: (R&B) Circle - Eluru

Sheet RW SKETCH
A2: TYPICAL CROSS SECTION OF RETAINING WALL
B4: Name of the Work :- | C4: =Cover!D20 -> Construction of Helipad with Cement concrete for the visit of Hon'ble Chief Minister of Andhra pradesh Sri Nara Chandrababu Naidu Garu on the occasion of "Pattadar Pass Book- distribution" Programme at Siddantham village of Penugonda mandal (Achanta constituency)in West Godavari District on 8.6.2026.
B6: Retaining Wall from Km 3.200 to 4.000
D9: Filter media
B10: Retaining wall
G11: 3.66m | K11: Shoulder
C12: 400mm
B15: 1500mm
B17: Paddy fileds | C17: VCC M15 | H17: EXISTING CRUST
C22: 1000mm
B23: 350mm
D25: 1200mm
F26: 300mm
B27: PCC (1:4:8) | F27: 100mm
B28: Sand filling | F28: 200mm
D29: 1400mm
C39: Assistant Executive Engineer (R&B) | I39: Deputy Executive Engineer (R&B)
C40: (R&B) Section - Tanuku | I40: (R&B) Sub Division - Tanuku
C46: Executive Engineer (R&B) | I46: Superintending Engineer (R&B)
C47: (R&B) Division - Bhimavaram | I47: (R&B) Circle - Eluru

Sheet Sheet4
C9: CC Road from SL 3.66m to 5.50m
H10: Qty | I10: Rate | J10: Amount
C11: Scarifying | D11: 1 | E11: 1000 | F11: 3.66 | H11: =D11*E11*F11 -> 3660 | I11: ='Road Work Detailed'!$K$87 -> 10.3 | J11: =ROUND(H11*I11,0) -> 37698
C12: Side Earth | D12: 2 | E12: 1000 | F12: 0.92 | G12: 0.1 | H12: =D12*E12*F12*G12 -> 184 | I12: ='Road Work Detailed'!$K$95 -> 0 | J12: =ROUND(H12*I12,0) -> 0
C13: GSB | D13: 2 | E13: 1000 | F13: 0.92 | G13: 0.1 | H13: =D13*E13*F13*G13 -> 184 | I13: ='Road Work Detailed'!$K$101 -> 2818 | J13: =ROUND(H13*I13,0) -> 518512 | K13: =5.5-3.66 -> 1.84
C14: DLCC | D14: 1 | E14: 1000 | F14: 5.5 | G14: 0.1 | H14: =D14*E14*F14*G14 -> 550 | I14: ='Road Work Detailed'!$K$109 -> 6737 | J14: =ROUND(H14*I14,0) -> 3705350 | K14: =+K13/2 -> 0.92
C15: VCC M35 | D15: 1 | E15: 1000 | F15: 5.5 | G15: 0.2 | H15: =D15*E15*F15*G15 -> 1100 | I15: ='Road Work Detailed'!$K$122 -> 7263 | J15: =ROUND(H15*I15,0) -> 7989300
C16: Fe-250 | D16: 22 | E16: 22 | F16: 0.5 | G16: 3.858 | H16: 0.94 | I16: ='Road Work Detailed'!#REF! -> #REF! | J16: =ROUND(H16*I16,0) -> #REF! | L16: =1000/45 -> 22.222222 | M16: =1000/0.9 -> 1111.1111
G17: =(D16*E16*F16*G16)/1000 -> 0.933636 | L17: =5.5/0.25 -> 22
C18: Fe-415 | D18: 1111 | E18: 0.64 | G18: 0.889 | H18: 0.64 | I18: ='Road Work Detailed'!#REF! -> #REF! | J18: =ROUND(H18*I18,0) -> #REF!
G19: =(D18*E18*G18)/1000 -> 0.63211456 | M19: =4000/45 -> 88.888889
C20: Mastic Pad | D20: 88 | E20: 5.5 | G20: 0.2 | H20: =D20*E20*G20 -> 96.8 | I20: ='Road Work Detailed'!#REF! -> #REF! | J20: =ROUND(H20*I20,0) -> #REF!
C21: Separation Membrane | D21: 1 | E21: 1000 | F21: 5.5 | H21: =D21*E21*F21 -> 5500 | I21: ='Road Work Detailed'!#REF! -> #REF! | J21: =ROUND(H21*I21,0) -> #REF! | M21: =1000/4.5 -> 222.22222 | P21: 7658989938
C22: Sawing | D22: 1 | E22: 222 | F22: 5.5 | H22: =D22*E22*F22 -> 1221 | I22: ='Road Work Detailed'!#REF! -> #REF! | J22: =ROUND(H22*I22,0) -> #REF!
C23: Shoulders | D23: 1 | E23: 1000 | F23: 1 | G23: 0.3 | H23: =D23*E23*F23*G23 -> 300 | I23: ='Road Work Detailed'!$K$134 -> 921 | J23: =ROUND(H23*I23,0) -> 276300
J24: =SUM(J11:J23) -> #REF!
N25: Seigniorage
F26: LS provision for Seignorage Charges | J26: =Q32 -> 238039.2 | N26: Side Earth | O26: =H12 -> 184 | P26: 45 | Q26: =O26*P26 -> 8280
F27: LS provision for Price Adjustment | J27: 100000 | N27: GSB | O27: =H13 -> 184 | P27: 90 | Q27: =O27*P27*1.32 -> 21859.2
F28: LS Provision for Corpus fund of NAC @ 0.1% | J28: =ROUND((J24+J26+J27)*0.1%,0) -> #REF! | N28: DLCC | O28: =H14 -> 550 | P28: 90 | Q28: =O28*P28*0.9 -> 44550
F29: LS provision for Provision for GST @ 12% | J29: =ROUND((J24+J26+J27+J28)*12%,0) -> #REF! | O29: =O28 -> 550 | P29: 100 | Q29: =O29*P29*0.45 -> 24750
F30: LS provision for Qulaity Control Charges | J30: =ROUND(J24*0.5%,0) -> #REF! | N30: VCC M35 | O30: =H15 -> 1100 | P30: 90 | Q30: =O30*P30*0.9 -> 89100
F31: LS provision for Shifting of Electrical Poles | J31: 950000 | O31: =O30 -> 1100 | P31: 100 | Q31: =O31*P31*0.45 -> 49500
F32: Ls Provision for CD Works | Q32: =SUM(Q26:Q31) -> 238039.2
F33: LS provision for Avagahana Sadassu
F34: Unforceen items & Rounding off | J34: 29229.8
J35: =SUM(J24:J34) -> #REF!
J36: =12500000-J35:J35 -> #REF!
C40: CC Road from SL 3.66m to 7.00m
H41: Qty | I41: Rate | J41: Amount
C42: Scarifying | D42: 1 | E42: 1000 | F42: 3.66 | H42: =D42*E42*F42 -> 3660 | I42: ='Road Work Detailed'!$K$87 -> 10.3 | J42: =ROUND(H42*I42,0) -> 37698
C43: Side Earth | D43: 2 | E43: 1000 | F43: 1.67 | G43: 0.1 | H43: =D43*E43*F43*G43 -> 334 | I43: ='Road Work Detailed'!$K$95 -> 0 | J43: =ROUND(H43*I43,0) -> 0
C44: GSB | D44: 2 | E44: 1000 | F44: 1.67 | G44: 0.1 | H44: =D44*E44*F44*G44 -> 334 | I44: ='Road Work Detailed'!$K$101 -> 2818 | J44: =ROUND(H44*I44,0) -> 941212 | K44: =5.5-3.66 -> 1.84
C45: DLCC | D45: 1 | E45: 1000 | F45: 7 | G45: 0.1 | H45: =D45*E45*F45*G45 -> 700 | I45: ='Road Work Detailed'!$K$109 -> 6737 | J45: =ROUND(H45*I45,0) -> 4715900 | K45: =+K44/2 -> 0.92
C46: VCC M35 | D46: 1 | E46: 1000 | F46: 7 | G46: 0.2 | H46: =D46*E46*F46*G46 -> 1400 | I46: ='Road Work Detailed'!$K$122 -> 7263 | J46: =ROUND(H46*I46,0) -> 10168200
C47: Fe-250 | D47: 22 | E47: 28 | F47: 0.5 | G47: 3.858 | H47: 1.2 | I47: ='Road Work Detailed'!#REF! -> #REF! | J47: =ROUND(H47*I47,0) -> #REF! | L47: =1000/45 -> 22.222222 | M47: =1000/0.9 -> 1111.1111 | N47: =7-3.66 -> 3.34
G48: =(D47*E47*F47*G47)/1000 -> 1.188264 | L48: =7/0.25 -> 28 | N48: =+N47/2 -> 1.67
C49: Fe-415 | D49: 1111 | E49: 0.64 | G49: 0.889 | H49: 0.64 | I49: ='Road Work Detailed'!#REF! -> #REF! | J49: =ROUND(H49*I49,0) -> #REF!
G50: =(D49*E49*G49)/1000 -> 0.63211456 | M50: =4000/45 -> 88.888889
C51: Mastic Pad | D51: 88 | E51: 7 | G51: 0.2 | H51: =D51*E51*G51 -> 123.2 | I51: ='Road Work Detailed'!#REF! -> #REF! | J51: =ROUND(H51*I51,0) -> #REF!
C52: Separation Membrane | D52: 1 | E52: 1000 | F52: 7 | H52: =D52*E52*F52 -> 7000 | I52: ='Road Work Detailed'!#REF! -> #REF! | J52: =ROUND(H52*I52,0) -> #REF! | M52: =1000/4.5 -> 222.22222 | P52: 7658989938
C53: Sawing | D53: 1 | E53: 222 | F53: 7 | H53: =D53*E53*F53 -> 1554 | I53: ='Road Work Detailed'!#REF! -> #REF! | J53: =ROUND(H53*I53,0) -> #REF!
C54: Shoulders | D54: 1 | E54: 1000 | F54: 1 | G54: 0.3 | H54: =D54*E54*F54*G54 -> 300 | I54: ='Road Work Detailed'!$K$134 -> 921 | J54: =ROUND(H54*I54,0) -> 276300
J55: =SUM(J42:J54) -> #REF!
N56: Seigniorage
F57: LS provision for Seignorage Charges | J57: =Q63 -> 319309.2 | N57: Side Earth | O57: =H43 -> 334 | P57: 45 | Q57: =O57*P57 -> 15030
